Workbook

Sheet 2019 Detailed True-up
A5: Commercial Efficiency Charge b | B5: Commercial Efficiency Charge | C5: 75209 | D5: 0.01091 | E5: 820.51
A6: Commercial Efficiency Charge c | B6: Commercial Efficiency Charge | C6: 203174 | D6: 0.00707 | E6: 1436.42 | I6: 2019 Actual Revenue | K6: 2019 Approved Budgets
A7: Commercial Efficiency Charge d | B7: Commercial Efficiency Charge | C7: 566 | D7: 1.13827 | E7: 644.26 | H7: Sector | I7: With Tax | J7: No Tax | K7: Rates | L7: Consumption | M7: Revenue | N7: Variance
A8: Street and Area Light Efficienc | B8: Street and Area Light Efficiency Charge | C8: 10441 | D8: 0.00966 | E8: 100.83 | G8: Residential Efficiency Charge | H8: Residential | I8: =SUMIF(A$5:A$1086,G8,E$5:E$1086) -> 27007336 | J8: =I8*0.99 -> 26737262 | K8: 0.01371 | L8: 1931666733 | M8: =L8*K8 -> 26483151 | N8: =I8-M8 -> 524184.92 | P8: =J8/J$16 -> 0.52180992 | Q8: =J21/J$29 -> 0.51643048
A9: Residential Efficiency Charge | B9: Residential Efficiency Charge | C9: 998607 | D9: 0.01413 | E9: 14110.32 | G9: Commercial Efficiency Charge b | H9: Commercial Non-Demand | I9: =SUMIF(A$5:A$1086,G9,E$5:E$1086) -> 3408238.7 | J9: =I9*0.99 -> 3374156.3 | K9: 0.01091 | L9: 3.1943173e+08 | M9: =L9*K9 -> 3485000.2 | N9: =I9-M9 -> -76761.495 | P9: =J9/J$16 -> 0.065850729 | Q9: =J22/J$29 -> 0.065406663
A10: Residential Efficiency Charge | B10: Residential Efficiency Charge | C10: 994345 | D10: 0.0130206 | E10: 12946.97 | G10: Commercial Efficiency Charge c | H10: Commecrial Demand kWh | I10: =SUMIF(A$5:A$1086,G10,E$5:E$1086) -> 10441994 | J10: =I10*0.99 -> 10337574 | K10: 0.00707 | L10: 1.5205517e+09 | M10: =L10*K10 -> 10750300 | N10: =I10-M10 -> -308306.22 | P10: =J10/J$16 -> 0.20175023 | Q10: =J23/J$29 -> 0.20176219
A11: Commercial Efficiency Charge b | B11: Commercial Efficiency Charge | C11: 79216 | D11: 0.01091 | E11: 864.25 | G11: Commercial Efficiency Charge d | H11: Commercial Demand kW | I11: =SUMIF(A$5:A$1086,G11,E$5:E$1086) -> 4919859.1 | J11: =I11*0.99 -> 4870660.5 | K11: 1.1383 | L11: 4836803.5 | M11: =L11*K11 -> 5505733.4 | N11: =I11-M11 -> -585874.32 | P11: =J11/J$16 -> 0.095056814 | Q11: =J24/J$29 -> 0.10333189
A12: Commercial Efficiency Charge c | B12: Commercial Efficiency Charge | C12: 190447 | D12: 0.00707 | E12: 1346.46 | G12: Industrial Efficiency Charge e | H12: Industrial Non-Demand | I12: =SUMIF(A$5:A$1086,G12,E$5:E$1086) -> 45196.46 | J12: =I12*0.99 -> 44744.495 | K12: 0.0077 | L12: 9972776 | M12: =L12*K12 -> 76790.375 | N12: =I12-M12 -> -31593.915 | P12: =J12/J$16 -> 0.00087324279 | Q12: =J25/J$29 -> 0.0015877346
A13: Street and Area Light Efficienc | B13: Street and Area Light Efficiency Charge | C13: 10441 | D13: 0.00966 | E13: 100.83 | G13: Industrial Efficiency Charge f | H13: Industrial Demand kWh | I13: =SUMIF(A$5:A$1086,G13,E$5:E$1086) -> 3814580.8 | J13: =I13*0.99 -> 3776435 | K13: 0.00522 | L13: 703687893 | M13: =L13*K13 -> 3673250.8 | N13: =I13-M13 -> 141330 | P13: =J13/J$16 -> 0.073701683 | Q13: =J26/J$29 -> 0.075948936
A14: Commercial Efficiency Charge d | B14: Commercial Efficiency Charge | C14: 600 | D14: 1.13827 | E14: 682.96 | G14: Industrial Efficiency Charge g | H14: Industrial Demand kW | I14: =SUMIF(A$5:A$1086,G14,E$5:E$1086) -> 1975622.3 | J14: =I14*0.99 -> 1955866.1 | K14: 1.2132 | L14: 1416502.9 | M14: =L14*K14 -> 1718501.3 | N14: =I14-M14 -> 257121.04 | P14: =J14/J$16 -> 0.038171086 | Q14: =J27/J$29 -> 0.035532108
A15: Residential Efficiency Charge | B15: Residential Efficiency Charge | C15: 855969 | D15: 0.01371 | E15: 11735.33 | G15: Street and Area Light Efficienc | H15: Street Lights | I15: =SUMIF(A$5:A$1086,G15,E$5:E$1086) -> 144210.33 | J15: =I15*0.99 -> 142768.23 | K15: =K9 -> 0.01091 | N15: =I15-M15 -> 144210.33
A16: Commercial Efficiency Charge b | B16: Commercial Efficiency Charge | C16: 86482 | D16: 0.01091 | E16: 943.52 | H16: Total Collections | I16: =SUM(I8:I15) -> 51757038 | J16: =SUM(J8:J15) -> 51239467 | M16: =SUM(M8:M15) -> 51692727 | N16: =SUM(N8:N15) -> 64310.337
A17: Commercial Efficiency Charge c | B17: Commercial Efficiency Charge | C17: 173739 | D17: 0.00707 | E17: 1228.34
A18: Commercial Efficiency Charge d | B18: Commercial Efficiency Charge | C18: 578 | D18: 1.1383 | E18: 657.94
A19: Street and Area Light Efficienc | B19: Street and Area Light Efficiency Charge | C19: 10703 | D19: 0.0096506 | E19: 103.29 | I19: 2020 Actual Revenue | K19: 2020 Approved Budgets | P19: 2021
A20: Residential Efficiency Charge | B20: Residential Efficiency Charge | C20: 757868 | D20: 0.01371 | E20: 10390.37 | H20: Sector | I20: With Tax | J20: No Tax | K20: Rates | L20: Consumption | M20: Revenue | N20: Variance | P20: Budgets
A21: Commercial Efficiency Charge b | B21: Commercial Efficiency Charge | C21: 69236 | D21: 0.01091 | E21: 755.36 | H21: Residential | I21: =J21/0.99 -> 23639021 | J21: 23402630 | K21: 0.01188 | L21: 2017249821 | M21: =L21*K21 -> 23964928 | N21: =I21-M21 -> -325907.27
A22: Commercial Efficiency Charge c | B22: Commercial Efficiency Charge | C22: 181164 | D22: 0.00707 | E22: 1280.83 | H22: Commercial Non-Demand | I22: =J22/0.99 -> 2993916 | J22: =M34*J$34 -> 2963976.8 | K22: 0.01024 | L22: 3.2159515e+08 | M22: =L22*K22 -> 3293134.3 | N22: =I22-M22 -> -299218.39
A23: Commercial Efficiency Charge d | B23: Commercial Efficiency Charge | C23: 574 | D23: 1.1383 | E23: 653.38 | H23: Commecrial Demand kWh | I23: =J23/0.99 -> 9235436 | J23: =M35*J$34 -> 9143081.6 | K23: 0.00662 | L23: 1.5331313e+09 | M23: =L23*K23 -> 10149329 | N23: =I23-M23 -> -913893.38
A24: Street and Area Light Efficienc | B24: Street and Area Light Efficiency Charge | C24: 9206 | D24: 0.01091 | E24: 100.44 | H24: Commercial Demand kW | I24: =J24/0.99 -> 4729900.2 | J24: =M36*J$34 -> 4682601.2 | K24: 1.13825 | L24: 4871856.8 | M24: =L24*K24 -> 5545391 | N24: =I24-M24 -> -815490.73
A25: Street and Area Light Efficienc | B25: Street and Area Light Efficiency Charge | C25: 9206 | D25: 0.01091 | E25: 100.44 | H25: Industrial Non-Demand | I25: =J25/0.99 -> 72676.753 | J25: =J$35*M37 -> 71949.985 | K25: 0.00757 | L25: 8702978 | M25: =L25*K25 -> 65881.543 | N25: =I25-M25 -> 6795.2093
A26: Commercial Efficiency Charge d | B26: Commercial Efficiency Charge | C26: 626 | D26: 1.1383 | E26: 712.58 | H26: Industrial Demand kWh | I26: =J26/0.99 -> 3476476.6 | J26: =J$35*M38 -> 3441711.8 | K26: 0.00521 | L26: 714469990 | M26: =L26*K26 -> 3722388.6 | N26: =I26-M26 -> -245912.08
A27: Commercial Efficiency Charge c | B27: Commercial Efficiency Charge | C27: 218053 | D27: 0.00707 | E27: 1541.64 | H27: Industrial Demand kW | I27: =J27/0.99 -> 1626442 | J27: =J$35*M39 -> 1610177.6 | K27: 1.21316 | L27: 1390845.4 | M27: =L27*K27 -> 1687318 | N27: =I27-M27 -> -60876.008
A28: Commercial Efficiency Charge b | B28: Commercial Efficiency Charge | C28: 127295 | D28: 0.01091 | E28: 1388.79 | H28: Street Lights | I28: 0 | J28: =I28*0.99 -> 0 | K28: =K22 -> 0.01024 | N28: =I28-M28 -> 0
A29: Residential Efficiency Charge | B29: Residential Efficiency Charge | C29: 839500 | D29: 0.01371 | E29: 11509.54 | H29: Total Collections | I29: =SUM(I21:I28) -> 45773868 | J29: =SUM(J21:J28) -> 45316129 | M29: =SUM(M21:M28) -> 48428371 | N29: =SUM(N21:N28) -> -2654502.6
A30: Commercial Efficiency Charge d | B30: Commercial Efficiency Charge | C30: 564 | D30: 1.1383156 | E30: 642.01
A31: Street and Area Light Efficienc | B31: Street and Area Light Efficiency Charge | C31: 9503 | D31: 0.01091 | E31: 103.68
A32: Commercial Efficiency Charge c | B32: Commercial Efficiency Charge | C32: 163173 | D32: 0.00707 | E32: 1153.63
A33: Commercial Efficiency Charge b | B33: Commercial Efficiency Charge | C33: 101117 | D33: 0.01091 | E33: 1103.19
A34: Residential Efficiency Charge | B34: Residential Efficiency Charge | C34: 804055 | D34: 0.01371 | E34: 11023.6 | J34: 16789660 | L34: CND | M34: =M9/SUM(M$9:M$11) -> 0.17653585
A35: Residential Efficiency Charge | B35: Residential Efficiency Charge | C35: 674248 | D35: 0.01371 | E35: 9243.94 | J35: 5123839.4 | L35: CD kWh | M35: =M10/SUM(M$9:M$11) -> 0.54456623
A36: Commercial Efficiency Charge b | B36: Commercial Efficiency Charge | C36: 99176 | D36: 0.01091 | E36: 1082.01 | L36: CD kW | M36: =M11/SUM(M$9:M$11) -> 0.27889792
A37: Commercial Efficiency Charge c | B37: Commercial Efficiency Charge | C37: 165212 | D37: 0.00707 | E37: 1168.05 | L37: I ND | M37: =M12/SUM(M$12:M$14) -> 0.014042201
A38: Commercial Efficiency Charge d | B38: Commercial Efficiency Charge | C38: 626 | D38: 1.1383156 | E38: 712.59 | L38: I D kWh | M38: =M13/SUM(M$12:M$14) -> 0.67170564
A39: Street and Area Light Efficienc | B39: Street and Area Light Efficiency Charge | C39: 9206 | D39: 0.01091 | E39: 100.44 | L39: I D kW | M39: =M14/SUM(M$12:M$14) -> 0.31425216
A40: Commercial Efficiency Charge d | B40: Commercial Efficiency Charge | C40: 727 | D40: 1.1383156 | E40: 827.56
A41: Street and Area Light Efficienc | B41: Street and Area Light Efficiency Charge | C41: 9269 | D41: 0.0109106 | E41: 101.13
A42: Commercial Efficiency Charge c | B42: Commercial Efficiency Charge | C42: 268808 | D42: 0.00707 | E42: 1900.47
A43: Commercial Efficiency Charge b | B43: Commercial Efficiency Charge | C43: 79597 | D43: 0.01091 | E43: 868.4
A44: Residential Efficiency Charge | B44: Residential Efficiency Charge | C44: 774225 | D44: 0.01371 | E44: 10614.62
A45: Commercial Efficiency Charge b | B45: Commercial Efficiency Charge | C45: 126447 | D45: 0.0109099 | E45: 1379.53
A46: Commercial Efficiency Charge c | B46: Commercial Efficiency Charge | C46: 218410 | D46: 0.00707 | E46: 1544.16
A47: Commercial Efficiency Charge d | B47: Commercial Efficiency Charge | C47: 713 | D47: 1.1382749 | E47: 811.59
A48: Street and Area Light Efficienc | B48: Street and Area Light Efficiency Charge | C48: 9566 | D48: 0.0109106 | E48: 104.37
A49: Residential Efficiency Charge | B49: Residential Efficiency Charge | C49: 1051264 | D49: 0.01371 | E49: 14412.83
A50: Street and Area Light Efficienc | B50: Street and Area Light Efficiency Charge | C50: 9341 | D50: 0.01091 | E50: 101.91
A51: Commercial Efficiency Charge d | B51: Commercial Efficiency Charge | C51: 658 | D51: 1.1382979 | E51: 749
... A1086: Residential Efficiency Charge | B1086: Residential Efficiency Charge | C1086: 5550276 | D1086: 0.01371 | E1086: 76094.28
E1087: =SUM(E5:E1086) -> 51757038

Sheet Sheet1
C5: 2019 Electric Sales | I5: 2021 EEC Rate Calculation
A6: Sector | B6: Units | C6: Revenue | D6: % Revenue by Sector | E6: Consumption | F6: % Consumption by Sector | I6: Budget | J6: Collections by Sector | K6: Consumption | L6: Rates | P6: 2020 Rates | Q6: % Change
A7: Residential | B7: kWh | C7: ='Util Rev and Load Data'!C40 -> 3.4412037e+08 | D7: =C7/C$16 -> 0.49641665 | E7: ='Util Rev and Load Data'!C86 -> 2163164825 | F7: =E7/E16 -> #DIV/0! | I7: ='EEC Calculation'!B50 -> 45965402 | J7: =I$7*D7 -> 22817991 | K7: ='EEC Calculation'!C78 -> 2163164825 | L7: =J7/K7 -> 0.010548429 | P7: ='EEC Rates Report'!C8 -> 0.010874646 | Q7: =L7/P7-1 -> -0.029997968
A8: Commercial
A9: Non Demand | B9: kWh | C9: ='Util Rev and Load Data'!G40+'Util Rev and Load Data'!H40 -> 75045922 | D9: =C9/C$16 -> 0.10825876 | E9: ='Util Rev and Load Data'!I86 -> 436959017 | F9: =E9/E$16 -> #DIV/0! | J9: =I$7*D9 -> 4976157.5 | K9: ='EEC Calculation'!C108 -> 436959017 | L9: =J9/K9 -> 0.011388156 | P9: ='EEC Rates Report'!C9 -> 0.0097371259 | Q9: =L9/P9-1 -> 0.16956032
A10: Demand | B10: kWh | C10: ='Util Rev and Load Data'!K40 -> 1.2696262e+08 | D10: =C10/C$16 -> 0.18315207 | E10: ='Util Rev and Load Data'!K86 -> 1.3287612e+09 | F10: =E10/E$16 -> #DIV/0! | J10: =I$7*D10 -> 8418658.6 | K10: ='EEC Calculation'!B113 -> 1.3287612e+09 | L10: =J10/K10 -> 0.0063357197 | P10: ='EEC Rates Report'!C13 -> 0.0062050954 | Q10: =L10/P10-1 -> 0.02105113
A11: Demand | B11: kW | C11: ='Util Rev and Load Data'!L40 -> 64119021 | D11: =C11/C$16 -> 0.092495976 | E11: ='Util Rev and Load Data'!L86 -> 4003586.9 | F11: =E11/E$16 -> #DIV/0! | J11: =I$7*D11 -> 4251614.7 | K11: ='EEC Calculation'!B116 -> 4003586.9 | L11: =J11/K11 -> 1.0619514 | P11: ='EEC Rates Report'!C14 -> 1.1722551 | Q11: =L11/P11-1 -> -0.094095298
A12: Industrial
A13: Non Demand | B13: kWh | C13: ='Util Rev and Load Data'!S40 -> 784030 | D13: =C13/C$16 -> 0.0011310157 | E13: ='Util Rev and Load Data'!S86 -> 5557123 | F13: =E13/E$16 -> #DIV/0! | J13: =I$7*D13 -> 51987.592 | K13: ='EEC Calculation'!C125 -> 5557123 | L13: =J13/K13 -> 0.0093551271 | P13: ='EEC Rates Report'!C10 -> 0.0072798137 | Q13: =L13/P13-1 -> 0.28507781
A14: Demand | B14: kWh | C14: ='Util Rev and Load Data'!V40 -> 58191599 | D14: =C14/C$16 -> 0.083945274 | E14: ='Util Rev and Load Data'!V86 -> 699115184 | F14: =E14/E$16 -> #DIV/0! | J14: =I$7*D14 -> 3858578.3 | K14: ='EEC Calculation'!B130 -> 699115184 | L14: =J14/K14 -> 0.0055192311 | P14: ='EEC Rates Report'!C16 -> 0.0048941202 | Q14: =L14/P14-1 -> 0.12772691
A15: Demand | B15: kW | C15: ='Util Rev and Load Data'!W40 -> 23985198 | D15: =C15/C$16 -> 0.034600253 | E15: ='Util Rev and Load Data'!W86 -> 1527046.5 | F15: =E15/E$16 -> #DIV/0! | J15: =I$7*D15 -> 1590414.5 | K15: ='EEC Calculation'!B133 -> 1527046.5 | L15: =J15/K15 -> 1.0414971 | P15: ='EEC Rates Report'!C17 -> 1.0922225 | Q15: =L15/P15-1 -> -0.04644236
A16: Totals | C16: =SUM(C7:C15) -> 6.9320876e+08 | D16: =SUM(D7:D15) -> 1 | F16: =SUM(F7:F15) -> #DIV/0! | J16: =SUM(J7:J15) -> 45965402
C19: 2019 EEC Sales | I19: 2021 EEC Rate Calculation
A20: Sector | B20: Units | C20: Revenue | D20: % Revenue by Sector | E20: Consumption | I20: Budget | J20: Collections by Sector | K20: Consumption | L20: Rates | M20: Consumption Change % | P20: 2020 Rates | Q20: % Change | T20: Sector Shifts | U20: Intra-Sector Shifts
A21: Residential | B21: kWh | C21: ='2019 Detailed True-up'!J8 -> 26737262 | D21: =C21/C$30 -> 0.52180992 | E21: =E7 -> 2163164825 | F21: =C21*M21 -> 25400399 | G21: =F21/F$30 -> 0.51992471 | I21: =I7 -> 45965402 | J21: =I$21*G21 -> 23898548 | K21: =K7 -> 2163164825 | L21: =J21/K21 -> 0.011047955 | M21: =1-2.5*2% -> 0.95 | P21: =P7 -> 0.010874646 | Q21: =L21/P21-1 -> 0.015936965 | S21: =L21-P21 -> 0.00017330886 | T21: =-S21*K21 -> -374895.63 | V21: =(J21+T21)/K21 -> 0.010874646 | W21: =V21/P21-1 -> 0
A22: Commercial
A23: Non Demand | B23: kWh | C23: ='2019 Detailed True-up'!J9+'2019 Detailed True-up'!J15 -> 3516924.5 | D23: =C23/C$30 -> 0.068637024 | E23: =E9 -> 436959017 | F23: =C23*M23 -> 3319976.8 | G23: =F23/F$30 -> 0.067957119 | J23: =I$21*G23 -> 3123676.3 | K23: =K9 -> 436959017 | L23: =J23/K23 -> 0.0071486711 | M23: =1-0.028*2 -> 0.944 | P23: =P9 -> 0.0097371259 | Q23: =L23/P23-1 -> -0.26583356 | S23: =J23/SUM(J$23:J$29) -> 0.14155513 | T23: =-T$21*S23 -> 53068.399 | V23: =(T23+J23)/K23 -> 0.0072701204 | W23: =V23/P23-1 -> -0.25336074
A24: Demand | B24: kWh | C24: ='2019 Detailed True-up'!J10 -> 10337574 | D24: =C24/C$30 -> 0.20175023 | E24: =E10 -> 1.3287612e+09 | F24: =C24*M24 -> 9758670.1 | G24: =F24/F$30 -> 0.19975173 | J24: =I$21*G24 -> 9181668.6 | K24: =K10 -> 1.3287612e+09 | L24: =J24/K24 -> 0.0069099463 | M24: =1-0.028*2 -> 0.944 | P24: =P10 -> 0.0062050954 | Q24: =L24/P24-1 -> 0.11359227 | S24: =J24/SUM(J$23:J$29) -> 0.41608417 | T24: =-T$21*S24 -> 155988.14 | V24: =(T24+J24)/K24 -> 0.00702734 | W24: =V24/P24-1 -> 0.13251119
A25: Demand | B25: kW | C25: ='2019 Detailed True-up'!J11 -> 4870660.5 | D25: =C25/C$30 -> 0.095056814 | E25: =E11 -> 4003586.9 | F25: =C25*M25 -> 4597903.5 | G25: =F25/F$30 -> 0.0941152 | J25: =I$21*G25 -> 4326043 | K25: =K11 -> 4003586.9 | L25: =J25/K25 -> 1.0805418 | M25: =1-0.028*2 -> 0.944 | P25: =P11 -> 1.1722551 | Q25: =L25/P25-1 -> -0.078236634 | S25: =J25/SUM(J$23:J$29) -> 0.19604258 | T25: =-T$21*S25 -> 73495.508 | V25: =(T25+J25)/K25 -> 1.0988992 | W25: =V25/P25-1 -> -0.062576718
A26: Industrial
A27: Non Demand | B27: kWh | C27: ='2019 Detailed True-up'!J12 -> 44744.495 | D27: =C27/C$30 -> 0.00087324279 | E27: =E13 -> 5557123 | F27: =C27*M27 -> 44744.495 | G27: =F27/F$30 -> 0.00091588201 | J27: =I$21*G27 -> 42098.885 | K27: =K13 -> 5557123 | L27: =J27/K27 -> 0.0075756619 | M27: 1 | P27: =P13 -> 0.0072798137 | Q27: =L27/P27-1 -> 0.04063952 | S27: =J27/SUM(J$23:J$29) -> 0.0019077883 | T27: =-T$21*S27 -> 715.22149 | V27: =(T27+J27)/K27 -> 0.0077043654 | W27: =V27/P27-1 -> 0.058319032
A28: Demand | B28: kWh | C28: ='2019 Detailed True-up'!J13 -> 3776435 | D28: =C28/C$30 -> 0.073701683 | E28: =E14 -> 699115184 | F28: =C28*M28 -> 3776435 | G28: =F28/F$30 -> 0.077300433 | J28: =I$21*G28 -> 3553145.5 | K28: =K14 -> 699115184 | L28: =J28/K28 -> 0.0050823463 | M28: 1 | P28: =P14 -> 0.0048941202 | Q28: =L28/P28-1 -> 0.038459638 | S28: =J28/SUM(J$23:J$29) -> 0.16101731 | T28: =-T$21*S28 -> 60364.687 | V28: =(T28+J28)/K28 -> 0.0051686907 | W28: =V28/P28-1 -> 0.056102116
A29: Demand | B29: kW | C29: ='2019 Detailed True-up'!J14 -> 1955866.1 | D29: =C29/C$30 -> 0.038171086 | E29: =E15 -> 1527046.5 | F29: =C29*M29 -> 1955866.1 | G29: =F29/F$30 -> 0.040034926 | J29: =I$21*G29 -> 1840221.5 | K29: =K15 -> 1527046.5 | L29: =J29/K29 -> 1.2050855 | M29: 1 | P29: =P15 -> 1.0922225 | Q29: =L29/P29-1 -> 0.10333327 | S29: =J29/SUM(J$23:J$29) -> 0.083393016 | T29: =-T$21*S29 -> 31263.677 | V29: =(T29+J29)/K29 -> 1.2255587 | W29: =V29/P29-1 -> 0.12207789
A30: Totals | C30: =SUM(C21:C29) -> 51239467 | D30: =SUM(D21:D29) -> 1 | F30: =SUM(F21:F29) -> 48853995 | J30: =SUM(J21:J29) -> 45965402
K31: =K21+K23+K24+K27+K28 -> 4.6335574e+09
K32: =K25+K29 -> 5530633.4

Sheet 2018-2019 Comp
B5: Residential | F5: Commercial (less than 1,000 kw) | R5: Industrial (1,000 or greater kW)
A6: 2019 | G6: Non Demand Customers | K6: Demand Customers | R6: Non Demand | U6: Demand Customers | AA6: Total | AB6: Other
C7: Energy and | G7: Energy & | L7: Capacity (Billed) | P7: Total | S7: Energy & | W7: Capacity (Billed) | AA7: Industrial | AB7: Revenue | AC7: Total Company
A8: Company | C8: Capacity | G8: Capacity | H8: Lights | I8: Total | K8: Energy | L8: On-Peak | M8: Off Peak | N8: Total | P8: Commercial | S8: Capacity | V8: Energy | W8: On-Peak | X8: Off Peak | Y8: Total
A9: Unit of Measure | C9: kWh | G9: kWh | H9: kWh | I9: kWh | K9: kWh | L9: kW | M9: kW | N9: kW | P9: kWh | S9: kWh | V9: kWh | W9: kW | X9: kW | Y9: kW | AA9: kWh | AB9: kWh | AC9: kWh | AD9: kW
A10: Cell Formula | I10: G+H | N10: L+M | P10: I+K | Y10: W+X | AA10: S+V | AC10: C+P+AA+AB | AD10: N+Y
A11: Authorized EEC Exclusions
A13: GMP | C13: 0 | G13: 0 | H13: 0 | I13: =+G13+H13 -> 0 | K13: 0 | L13: 0 | M13: 0 | N13: =+L13+M13 -> 0 | O13: 0 | P13: =+I13+K13 -> 0 | S13: 0 | V13: 404984526 | W13: 639781 | X13: 604649 | Y13: =+W13+X13 -> 1244430 | AA13: =+S13+V13 -> 404984526 | AB13: 0 | AC13: =+C13+P13+AA13+AB13 -> 404984526 | AD13: =+N13+Y13 -> 1244430
V14: 186523954 | W14: 318851 | X14: 312790 | Y14: =+W14+X14 -> 631641 | AA14: =+S14+V14 -> 186523954 | AB14: 0 | AC14: =+C14+P14+AA14+AB14 -> 186523954 | AD14: =+N14+Y14 -> 631641
A16: Total Exclusions (see Note 2) | C16: =+C13 -> 0 | I16: =+G16+H16 -> 0 | N16: =+L16+M16 -> 0 | P16: =+I16+K16 -> 0 | S16: =+S13 -> 0 | V16: =SUM(V13:V15) -> 591508480 | W16: =SUM(W13:W15) -> 958632 | X16: =SUM(X13:X15) -> 917439 | Y16: =SUM(Y13:Y15) -> 1876071 | Z16: =SUM(Z13:Z15) -> 0 | AA16: =SUM(AA13:AA15) -> 591508480 | AC16: =SUM(AC13:AC15) -> 591508480 | AD16: =SUM(AD13:AD15) -> 1876071
A18: kWh and kW Subject To EEC Charge:
A19: Barton | C19: 10176904 | G19: 1020967.9 | H19: 115951 | I19: =+G19+H19 -> 1136918.9 | K19: 2332694 | L19: 7531 | M19: 0 | N19: =+L19+M19 -> 7531 | P19: =+I19+K19 -> 3469612.9 | S19: 0 | V19: =VLOOKUP($A19,#REF!,8) -> #REF! | W19: =VLOOKUP($A19,#REF!,9) -> #REF! | X19: 0 | Y19: =+W19+X19 -> #REF! | AA19: =+S19+V19 -> #REF! | AB19: 0 | AC19: =+C19+P19+AA19+AB19 -> #REF! | AD19: =+N19+Y19 -> #REF!
A20: Enosburg Falls | C20: 13735692 | G20: 2330953.8 | H20: 126686 | I20: =+G20+H20 -> 2457639.8 | K20: 10154065 | L20: 23474.8 | M20: 0 | N20: =+L20+M20 -> 23474.8 | P20: =+I20+K20 -> 12611705 | S20: 0 | V20: =VLOOKUP($A20,#REF!,8) -> #REF! | W20: =VLOOKUP($A20,#REF!,9) -> #REF! | X20: 0 | Y20: =+W20+X20 -> #REF! | AA20: =+S20+V20 -> #REF! | AB20: 0 | AC20: =+C20+P20+AA20+AB20 -> #REF! | AD20: =+N20+Y20 -> #REF!
A21: Green Mountain Power | C21: 1.5281645e+09 | G21: 1.9209057e+08 | H21: 9592000 | I21: =+G21+H21 -> 2.0168257e+08 | K21: 1277876137 | L21: 4092514 | M21: 2353651 | N21: =+L21+M21 -> 6446165 | P21: =+I21+K21 -> 1.4795587e+09 | S21: 0 | V21: 587276733 | W21: 1433190 | X21: 1563793 | Y21: =+W21+X21 -> 2996983 | AA21: =+S21+V21 -> 587276733 | AB21: 0 | AC21: =+C21+P21+AA21+AB21 -> 3.595e+09 | AD21: =+N21+Y21 -> 9443148
A22: Hardwick | C22: 23596599 | G22: 10343.985 | H22: 104191.48 | I22: =+G22+H22 -> 114535.46 | K22: =VLOOKUP($A22,#REF!,5) -> #REF! | L22: =VLOOKUP($A22,#REF!,6) -> #REF! | M22: 0 | N22: =+L22+M22 -> #REF! | P22: =+I22+K22 -> #REF! | S22: =VLOOKUP($A22,#REF!,7) -> #REF! | V22: =VLOOKUP($A22,#REF!,8) -> #REF! | W22: =VLOOKUP($A22,#REF!,9) -> #REF! | X22: 0 | Y22: =+W22+X22 -> #REF! | AA22: =+S22+V22 -> #REF! | AB22: 0 | AC22: =+C22+P22+AA22+AB22 -> #REF! | AD22: =+N22+Y22 -> #REF!
A23: Hyde Park | C23: 7586337 | G23: 2256753 | H23: 43984 | I23: =+G23+H23 -> 2300737 | K23: =3754074-G23 -> 1497321 | L23: 47639 | M23: 0 | N23: =+L23+M23 -> 47639 | P23: =+I23+K23 -> 3798058 | S23: =VLOOKUP($A23,#REF!,7) -> #REF! | V23: =VLOOKUP($A23,#REF!,8) -> #REF! | W23: =VLOOKUP($A23,#REF!,9) -> #REF! | X23: 0 | Y23: =+W23+X23 -> #REF! | AA23: =+S23+V23 -> #REF! | AB23: 0 | AC23: =+C23+P23+AA23+AB23 -> #REF! | AD23: =+N23+Y23 -> #REF!
A24: Jacksonville | C24: 3494439 | G24: 556319.02 | H24: 52164 | I24: =+G24+H24 -> 608483.02 | K24: 865613 | L24: 4748 | M24: 0 | N24: =+L24+M24 -> 4748 | P24: =+I24+K24 -> 1474096 | S24: =VLOOKUP($A24,#REF!,7) -> #REF! | V24: =VLOOKUP($A24,#REF!,8) -> #REF! | W24: =VLOOKUP($A24,#REF!,9) -> #REF! | X24: 0 | Y24: =+W24+X24 -> #REF! | AA24: =+S24+V24 -> #REF! | AB24: 0 | AC24: =+C24+P24+AA24+AB24 -> #REF! | AD24: =+N24+Y24 -> #REF!
A25: Johnson | C25: 5088001.6 | G25: 1462518.4 | H25: 62979 | I25: =+G25+H25 -> 1525497.4 | K25: 1632596 | L25: 3996 | M25: 0 | N25: =+L25+M25 -> 3996 | P25: =+I25+K25 -> 3158093.4 | S25: =VLOOKUP($A25,#REF!,7) -> #REF! | V25: =VLOOKUP($A25,#REF!,8) -> #REF! | W25: =VLOOKUP($A25,#REF!,9) -> #REF! | X25: 0 | Y25: =+W25+X25 -> #REF! | AA25: =+S25+V25 -> #REF! | AB25: 0 | AC25: =+C25+P25+AA25+AB25 -> #REF! | AD25: =+N25+Y25 -> #REF!
A26: Ludlow | C26: 16841095 | G26: 5492248.2 | H26: 347690 | I26: =+G26+H26 -> 5839938.2 | K26: 11814012 | L26: 42958 | M26: 0 | N26: =+L26+M26 -> 42958 | P26: =+I26+K26 -> 17653950 | S26: =VLOOKUP($A26,#REF!,7) -> #REF! | V26: 20863595 | W26: 76731 | X26: 0 | Y26: =+W26+X26 -> 76731 | AA26: =+S26+V26 -> #REF! | AB26: 0 | AC26: =+C26+P26+AA26+AB26 -> #REF! | AD26: =+N26+Y26 -> 119689
A27: Lyndonville | C27: 28570156 | G27: 7953.2702 | H27: 477435 | I27: =+G27+H27 -> 485388.27 | K27: =VLOOKUP($A27,#REF!,5) -> #REF! | L27: =VLOOKUP($A27,#REF!,6) -> #REF! | M27: 0 | N27: =+L27+M27 -> #REF! | P27: =+I27+K27 -> #REF! | S27: =VLOOKUP($A27,#REF!,7) -> #REF! | V27: =VLOOKUP($A27,#REF!,8) -> #REF! | W27: =VLOOKUP($A27,#REF!,9) -> #REF! | X27: 0 | Y27: =+W27+X27 -> #REF! | AA27: =+S27+V27 -> #REF! | AB27: 0 | AC27: =+C27+P27+AA27+AB27 -> #REF! | AD27: =+N27+Y27 -> #REF!
A28: Morrisville | C28: 21688732 | G28: 5449607.3 | H28: 38145 | I28: =+G28+H28 -> 5487752.3 | K28: 18243106 | L28: 52354 | M28: 0 | N28: =+L28+M28 -> 52354 | P28: =+I28+K28 -> 23730858 | S28: =VLOOKUP($A28,#REF!,7) -> #REF! | V28: =VLOOKUP($A28,#REF!,8) -> #REF! | W28: =VLOOKUP($A28,#REF!,9) -> #REF! | X28: 0 | Y28: =+W28+X28 -> #REF! | AA28: =+S28+V28 -> #REF! | AB28: 0 | AC28: =+C28+P28+AA28+AB28 -> #REF! | AD28: =+N28+Y28 -> #REF!
A29: Northfield | C29: 10272090 | G29: 3931.246 | H29: 89430 | I29: =+G29+H29 -> 93361.246 | K29: =VLOOKUP($A29,#REF!,5) -> #REF! | L29: =VLOOKUP($A29,#REF!,6) -> #REF! | M29: 0 | N29: =+L29+M29 -> #REF! | P29: =+I29+K29 -> #REF! | S29: =VLOOKUP($A29,#REF!,7) -> #REF! | V29: =VLOOKUP($A29,#REF!,8) -> #REF! | W29: =VLOOKUP($A29,#REF!,9) -> #REF! | X29: 0 | Y29: =+W29+X29 -> #REF! | AA29: =+S29+V29 -> #REF! | AB29: 0 | AC29: =+C29+P29+AA29+AB29 -> #REF! | AD29: =+N29+Y29 -> #REF!
A30: Orleans | C30: 3947026.8 | G30: 2001897.2 | H30: 124446 | I30: =+G30+H30 -> 2126343.2 | K30: =VLOOKUP($A30,#REF!,5) -> #REF! | L30: =VLOOKUP($A30,#REF!,6) -> #REF! | M30: 0 | N30: =+L30+M30 -> #REF! | P30: =+I30+K30 -> #REF! | S30: =VLOOKUP($A30,#REF!,7) -> #REF! | V30: 6624000 | W30: =VLOOKUP($A30,#REF!,9) -> #REF! | X30: 0 | Y30: =+W30+X30 -> #REF! | AA30: =+S30+V30 -> #REF! | AB30: 0 | AC30: =+C30+P30+AA30+AB30 -> #REF! | AD30: =+N30+Y30 -> #REF!
A31: Stowe | C31: 24609956 | G31: 7041489 | H31: 47599 | I31: =+G31+H31 -> 7089088 | K31: =VLOOKUP($A31,#REF!,5) -> #REF! | L31: =VLOOKUP($A31,#REF!,6) -> #REF! | M31: 0 | N31: =+L31+M31 -> #REF! | P31: =+I31+K31 -> #REF! | S31: =VLOOKUP($A31,#REF!,7) -> #REF! | V31: =VLOOKUP($A31,#REF!,8) -> #REF! | W31: =VLOOKUP($A31,#REF!,9) -> #REF! | X31: 0 | Y31: =+W31+X31 -> #REF! | AA31: =+S31+V31 -> #REF! | AB31: 0 | AC31: =+C31+P31+AA31+AB31 -> #REF! | AD31: =+N31+Y31 -> #REF!
A32: Swanton | C32: 26231935 | G32: 3174334.7 | H32: 126916 | I32: =+G32+H32 -> 3301250.7 | K32: 23698018 | L32: 88468 | M32: 0 | N32: =+L32+M32 -> 88468 | P32: =+I32+K32 -> 26999269 | S32: =VLOOKUP($A32,#REF!,7) -> #REF! | V32: =VLOOKUP($A32,#REF!,8) -> #REF! | W32: =VLOOKUP($A32,#REF!,9) -> #REF! | X32: 0 | Y32: =+W32+X32 -> #REF! | AA32: =+S32+V32 -> #REF! | AB32: 0 | AC32: =+C32+P32+AA32+AB32 -> #REF! | AD32: =+N32+Y32 -> #REF!
A33: Vermont Electric Coop (VEC). | C33: 2.2741676e+08 | G33: 65097069 | H33: 1639471 | I33: =+G33+H33 -> 66736540 | K33: 71719171 | L33: 297499 | M33: 0 | N33: =+L33+M33 -> 297499 | P33: =+I33+K33 -> 1.3845571e+08 | S33: 5578093 | V33: 93458257 | W33: 147739 | X33: 0 | Y33: =+W33+X33 -> 147739 | AA33: =+S33+V33 -> 99036350 | AB33: 0 | AC33: =+C33+P33+AA33+AB33 -> 4.6490882e+08 | AD33: =+N33+Y33 -> 445238
A34: Washington Electric Coop (WEC) | C34: 57231916 | G34: 5045134 | H34: 159479 | I34: =+G34+H34 -> 5204613 | K34: 0 | L34: 0 | M34: 0 | N34: =+L34+M34 -> 0 | P34: =+I34+K34 -> 5204613 | S34: =VLOOKUP($A34,#REF!,7) -> #REF! | V34: 3641765 | W34: 11604.848 | X34: 0 | Y34: =+W34+X34 -> 11604.848 | AA34: =+S34+V34 -> #REF! | AB34: 0 | AC34: =+C34+P34+AA34+AB34 -> #REF! | AD34: =+N34+Y34 -> 11604.848
A35: Total Subject to EEC Charge | C35: =SUM(C19:C34) -> 2.0086522e+09 | G35: =SUM(G19:G34) -> 2.9304209e+08 | H35: =SUM(H19:H34) -> 13148566 | I35: =G35+H35 -> 3.0619065e+08 | K35: =SUM(K19:K34) -> #REF! | L35: =SUM(L19:L34) -> #REF! | M35: =SUM(M19:M34) -> 2353651 | N35: =+L35+M35 -> #REF! | P35: =SUM(P19:P34) -> #REF! | S35: =SUM(S19:S34) -> #REF! | V35: =SUM(V19:V34) -> #REF! | W35: =SUM(W19:W34) -> #REF! | X35: =SUM(X19:X34) -> 1563793 | Y35: =SUM(Y19:Y34) -> #REF! | AA35: =SUM(AA19:AA34) -> #REF! | AB35: =SUM(AB19:AB34) -> 0 | AC35: =SUM(AC19:AC34) -> #REF! | AD35: =SUM(AD19:AD34) -> #REF!
A37: Total Statewide | C37: =C16+C35 -> 2.0086522e+09 | G37: =G16+G35 -> 2.9304209e+08 | H37: =H16+H35 -> 13148566 | I37: =I16+I35 -> 3.0619065e+08 | K37: =K16+K35 -> #REF! | L37: =L16+L35 -> #REF! | M37: =M16+M35 -> 2353651 | N37: =N16+N35 -> #REF! | P37: =P16+P35 -> #REF! | S37: =S16+S35 -> #REF! | V37: =V16+V35 -> #REF! | W37: =W16+W35 -> #REF! | X37: =X16+X35 -> 2481232 | Y37: =Y16+Y35 -> #REF! | AA37: =AA16+AA35 -> #REF! | AB37: =AB16+AB35 -> 0 | AC37: =AC16+AC35 -> #REF! | AD37: =AD16+AD35 -> #REF!
B40: Residential | F40: Commercial (less than 1,000 kw) | R40: Industrial (1,000 or greater kW)
A41: 2018 | G41: Non Demand Customers | K41: Demand Customers | R41: Non Demand | U41: Demand Customers | AA41: Total | AB41: Other
C42: Energy and | G42: Energy & | L42: Capacity (Billed) | P42: Total | S42: Energy & | W42: Capacity (Billed) | AA42: Industrial | AB42: Revenue | AC42: Total Company
A43: Company | C43: Capacity | G43: Capacity | H43: Lights | I43: Total | K43: Energy | L43: On-Peak | M43: Off Peak | N43: Total | P43: Commercial | S43: Capacity | V43: Energy | W43: On-Peak | X43: Off Peak | Y43: Total
A44: Unit of Measure | C44: kWh | G44: kWh | H44: kWh | I44: kWh | K44: kWh | L44: kW | M44: kW | N44: kW | P44: kWh | S44: kWh | V44: kWh | W44: kW | X44: kW | Y44: kW | AA44: kWh | AB44: kWh | AC44: kWh | AD44: kW
A45: Cell Formula | I45: G+H | N45: L+M | P45: I+K | Y45: W+X | AA45: S+V | AC45: C+P+AA+AB | AD45: N+Y
A46: Authorized EEC Exclusions
A48: GMP | C48: 0 | G48: 0 | H48: 0 | I48: =+G48+H48 -> 0 | K48: 0 | L48: 0 | M48: 0 | N48: =+L48+M48 -> 0 | O48: 0 | P48: =+I48+K48 -> 0 | S48: 0 | V48: 404984526 | W48: 639781 | X48: 604649 | Y48: =+W48+X48 -> 1244430 | AA48: =+S48+V48 -> 404984526 | AB48: 0 | AC48: =+C48+P48+AA48+AB48 -> 404984526 | AD48: =+N48+Y48 -> 1244430
V49: 186523954 | W49: 318851 | X49: 312790 | Y49: =+W49+X49 -> 631641 | AA49: =+S49+V49 -> 186523954 | AB49: 0 | AC49: =+C49+P49+AA49+AB49 -> 186523954 | AD49: =+N49+Y49 -> 631641
A51: Total Exclusions (see Note 2) | C51: =+C48 -> 0 | I51: =+G51+H51 -> 0 | N51: =+L51+M51 -> 0 | P51: =+I51+K51 -> 0 | S51: =+S48 -> 0 | V51: =SUM(V48:V50) -> 591508480 | W51: =SUM(W48:W50) -> 958632 | X51: =SUM(X48:X50) -> 917439 | Y51: =SUM(Y48:Y50) -> 1876071 | Z51: =SUM(Z48:Z50) -> 0 | AA51: =SUM(AA48:AA50) -> 591508480 | AC51: =SUM(AC48:AC50) -> 591508480 | AD51: =SUM(AD48:AD50) -> 1876071
A53: kWh and kW Subject To EEC Charge:
A54: Barton | C54: 10185244 | G54: 1018901 | H54: 127277 | I54: =+G54+H54 -> 1146178 | K54: 2314700 | L54: 7914 | M54: 0 | N54: =+L54+M54 -> 7914 | P54: =+I54+K54 -> 3460878 | S54: 0 | V54: =VLOOKUP($A54,#REF!,8) -> #REF! | W54: =VLOOKUP($A54,#REF!,9) -> #REF! | X54: 0 | Y54: =+W54+X54 -> #REF! | AA54: =+S54+V54 -> #REF! | AB54: 0 | AC54: =+C54+P54+AA54+AB54 -> #REF! | AD54: =+N54+Y54 -> #REF!
A55: Enosburg Falls | C55: 14497055 | G55: 2297852 | H55: 152603 | I55: =+G55+H55 -> 2450455 | K55: 9900588 | L55: 23943.86 | M55: 0 | N55: =+L55+M55 -> 23943.86 | P55: =+I55+K55 -> 12351043 | S55: 0 | V55: =VLOOKUP($A55,#REF!,8) -> #REF! | W55: =VLOOKUP($A55,#REF!,9) -> #REF! | X55: 0 | Y55: =+W55+X55 -> #REF! | AA55: =+S55+V55 -> #REF! | AB55: 0 | AC55: =+C55+P55+AA55+AB55 -> #REF! | AD55: =+N55+Y55 -> #REF!
A56: Green Mountain Power | C56: 1530597000 | G56: 183975374 | H56: 10167000 | I56: =+G56+H56 -> 194142374 | K56: 1332729626 | L56: 4118304 | M56: 2368482 | N56: =+L56+M56 -> 6486786 | P56: =+I56+K56 -> 1526872000 | S56: 0 | V56: 573254520 | W56: 1100184 | X56: 1228682 | Y56: =+W56+X56 -> 2328866 | AA56: =+S56+V56 -> 573254520 | AB56: 0 | AC56: =+C56+P56+AA56+AB56 -> 3630723520 | AD56: =+N56+Y56 -> 8815652
A57: Hardwick | C57: 23528620 | G57: 4990052 | H57: 180956 | I57: =+G57+H57 -> 5171008 | K57: 4846138 | L57: 15842.11 | M57: 0 | N57: =+L57+M57 -> 15842.11 | P57: =+I57+K57 -> 10017146 | S57: =VLOOKUP($A57,#REF!,7) -> #REF! | V57: 0 | W57: 0 | X57: 0 | Y57: =+W57+X57 -> 0 | AA57: =+S57+V57 -> #REF! | AB57: 0 | AC57: =+C57+P57+AA57+AB57 -> #REF! | AD57: =+N57+Y57 -> 15842.11
A58: Hyde Park | C58: 8181006 | G58: 2180000 | H58: 39718 | I58: =+G58+H58 -> 2219718 | K58: 1372940.2 | L58: 4668.2987 | M58: 0 | N58: =+L58+M58 -> 4668.2987 | P58: =+I58+K58 -> 3592658.2 | S58: =VLOOKUP($A58,#REF!,7) -> #REF! | V58: 0 | W58: 0 | X58: 0 | Y58: =+W58+X58 -> 0 | AA58: =+S58+V58 -> #REF! | AB58: 0 | AC58: =+C58+P58+AA58+AB58 -> #REF! | AD58: =+N58+Y58 -> 4668.2987
A59: Jacksonville | C59: 3502190 | G59: 568351 | H59: 17043.15 | I59: =+G59+H59 -> 585394.15 | K59: 899706 | L59: 5007 | M59: 0 | N59: =+L59+M59 -> 5007 | P59: =+I59+K59 -> 1485100.1 | S59: =VLOOKUP($A59,#REF!,7) -> #REF! | V59: 0 | W59: 0 | X59: 0 | Y59: =+W59+X59 -> 0 | AA59: =+S59+V59 -> #REF! | AB59: 0 | AC59: =+C59+P59+AA59+AB59 -> #REF! | AD59: =+N59+Y59 -> 5007
A60: Johnson | C60: 5152903 | G60: 1594005 | H60: 65597 | I60: =+G60+H60 -> 1659602 | K60: 5696986 | L60: 13336 | M60: 0 | N60: =+L60+M60 -> 13336 | P60: =+I60+K60 -> 7356588 | S60: =VLOOKUP($A60,#REF!,7) -> #REF! | V60: 0 | W60: 0 | X60: 0 | Y60: =+W60+X60 -> 0 | AA60: =+S60+V60 -> #REF! | AB60: 0 | AC60: =+C60+P60+AA60+AB60 -> #REF! | AD60: =+N60+Y60 -> 13336
A61: Ludlow | C61: 17141759 | G61: 5567395 | H61: 347690 | I61: =+G61+H61 -> 5915085 | K61: 11396430 | L61: 52666.32 | M61: 0 | N61: =+L61+M61 -> 52666.32 | P61: =+I61+K61 -> 17311515 | S61: =VLOOKUP($A61,#REF!,7) -> #REF! | V61: 20126143 | W61: 58128.78 | X61: 0 | Y61: =+W61+X61 -> 58128.78 | AA61: =+S61+V61 -> #REF! | AB61: 0 | AC61: =+C61+P61+AA61+AB61 -> #REF! | AD61: =+N61+Y61 -> 110795.1
A62: Lyndonville | C62: 31156590 | G62: 10936043 | H62: 477849 | I62: =+G62+H62 -> 11413892 | K62: 15962108 | L62: 56023.49 | M62: 0 | N62: =+L62+M62 -> 56023.49 | P62: =+I62+K62 -> 27376000 | S62: =VLOOKUP($A62,#REF!,7) -> #REF! | V62: 0 | W62: 0 | X62: 0 | Y62: =+W62+X62 -> 0 | AA62: =+S62+V62 -> #REF! | AB62: 0 | AC62: =+C62+P62+AA62+AB62 -> #REF! | AD62: =+N62+Y62 -> 56023.49
A63: Morrisville | C63: 21688925 | G63: 5653721 | H63: 37441 | I63: =+G63+H63 -> 5691162 | K63: 18408785 | L63: 52606.4 | N63: =+L63+M63 -> 52606.4 | P63: =+I63+K63 -> 24099947 | S63: =VLOOKUP($A63,#REF!,7) -> #REF! | V63: 0 | W63: 0 | X63: 0 | Y63: =+W63+X63 -> 0 | AA63: =+S63+V63 -> #REF! | AB63: 0 | AC63: =+C63+P63+AA63+AB63 -> #REF! | AD63: =+N63+Y63 -> 52606.4
A64: Northfield | C64: 10189153 | G64: 2420080 | H64: 89238 | I64: =+G64+H64 -> 2509318 | K64: 6992925 | L64: 19622.672 | M64: 0 | N64: =+L64+M64 -> 19622.672 | P64: =+I64+K64 -> 9502243 | S64: =VLOOKUP($A64,#REF!,7) -> #REF! | V64: 8525879 | W64: 18126.646 | X64: 0 | Y64: =+W64+X64 -> 18126.646 | AA64: =+S64+V64 -> #REF! | AB64: 0 | AC64: =+C64+P64+AA64+AB64 -> #REF! | AD64: =+N64+Y64 -> 37749.318
A65: Orleans | C65: 4164360 | G65: 2043329 | H65: 150368 | I65: =+G65+H65 -> 2193697 | N65: =+L65+M65 -> 0 | P65: =+I65+K65 -> 2193697 | S65: =VLOOKUP($A65,#REF!,7) -> #REF! | V65: 7332000 | W65: 25970 | X65: 0 | Y65: =+W65+X65 -> 25970 | AA65: =+S65+V65 -> #REF! | AB65: 0 | AC65: =+C65+P65+AA65+AB65 -> #REF! | AD65: =+N65+Y65 -> 25970
A66: Stowe | C66: 23333051 | G66: 7434709 | H66: 45839 | I66: =+G66+H66 -> 7480548 | K66: 36053655 | L66: 92031 | M66: 0 | N66: =+L66+M66 -> 92031 | P66: =+I66+K66 -> 43534203 | S66: =VLOOKUP($A66,#REF!,7) -> #REF! | V66: 8297320 | W66: 31488 | X66: 0 | Y66: =+W66+X66 -> 31488 | AA66: =+S66+V66 -> #REF! | AB66: 0 | AC66: =+C66+P66+AA66+AB66 -> #REF! | AD66: =+N66+Y66 -> 123519
A67: Swanton | C67: 26699555 | G67: 4149076 | H67: 136025 | I67: =+G67+H67 -> 4285101 | K67: 23635134 | L67: 83990.61 | M67: 0 | N67: =+L67+M67 -> 83990.61 | P67: =+I67+K67 -> 27920235 | S67: =VLOOKUP($A67,#REF!,7) -> #REF! | V67: 0 | W67: 0 | X67: 0 | Y67: =+W67+X67 -> 0 | AA67: =+S67+V67 -> #REF! | AB67: 0 | AC67: =+C67+P67+AA67+AB67 -> #REF! | AD67: =+N67+Y67 -> 83990.61
A68: Vermont Electric Coop (VEC). | C68: 225683948 | G68: 67906555 | H68: 1618292 | I68: =+G68+H68 -> 69524847 | K68: 62921602 | L68: 325901 | M68: 0 | N68: =+L68+M68 -> 325901 | P68: =+I68+K68 -> 132446449 | S68: 8702978 | V68: 93161478 | W68: 145675 | X68: 0 | Y68: =+W68+X68 -> 145675 | AA68: =+S68+V68 -> 101864456 | AB68: 0 | AC68: =+C68+P68+AA68+AB68 -> 459994853 | AD68: =+N68+Y68 -> 471576
A69: Washington Electric Coop (WEC) | C69: 61548462 | G69: 5172772 | I69: =+G69+H69 -> 5172772 | N69: =+L69+M69 -> 0 | P69: =+I69+K69 -> 5172772 | S69: =VLOOKUP($A69,#REF!,7) -> #REF! | V69: 3772650 | W69: 11273 | X69: 0 | Y69: =+W69+X69 -> 11273 | AA69: =+S69+V69 -> #REF! | AB69: 0 | AC69: =+C69+P69+AA69+AB69 -> #REF! | AD69: =+N69+Y69 -> 11273
A70: Total Subject to EEC Charge | C70: =SUM(C54:C69) -> 2017249821 | G70: =SUM(G54:G69) -> 3.0790822e+08 | H70: =SUM(H54:H69) -> 13652936 | I70: =G70+H70 -> 3.2156115e+08 | K70: =SUM(K54:K69) -> 1.5331313e+09 | L70: =SUM(L54:L69) -> 4871856.8 | M70: =SUM(M54:M69) -> 2368482 | N70: =+L70+M70 -> 7240338.8 | P70: =SUM(P54:P69) -> 1.8546925e+09 | S70: =SUM(S54:S69) -> #REF! | V70: =SUM(V54:V69) -> #REF! | W70: =SUM(W54:W69) -> #REF! | X70: =SUM(X54:X69) -> 1228682 | Y70: =SUM(Y54:Y69) -> #REF! | AA70: =SUM(AA54:AA69) -> #REF! | AB70: =SUM(AB54:AB69) -> 0 | AC70: =SUM(AC54:AC69) -> #REF! | AD70: =SUM(AD54:AD69) -> #REF!
A72: Total Statewide | C72: =C51+C70 -> 2017249821 | G72: =G51+G70 -> 3.0790822e+08 | H72: =H51+H70 -> 13652936 | I72: =I51+I70 -> 3.2156115e+08 | K72: =K51+K70 -> 1.5331313e+09 | L72: =L51+L70 -> 4871856.8 | M72: =M51+M70 -> 2368482 | N72: =N51+N70 -> 7240338.8 | P72: =P51+P70 -> 1.8546925e+09 | S72: =S51+S70 -> #REF! | V72: =V51+V70 -> #REF! | W72: =W51+W70 -> #REF! | X72: =X51+X70 -> 2146121 | Y72: =Y51+Y70 -> #REF! | AA72: =AA51+AA70 -> #REF! | AB72: =AB51+AB70 -> 0 | AC72: =AC51+AC70 -> #REF! | AD72: =AD51+AD70 -> #REF!
B76: Residential | F76: Commercial (less than 1,000 kw) | R76: Industrial (1,000 or greater kW)
A77: Change from 2018 to 2019 | G77: Non Demand Customers | K77: Demand Customers | R77: Non Demand | U77: Demand Customers | AA77: Total | AB77: Other
C78: Energy and | G78: Energy & | L78: Capacity (Billed) | P78: Total | S78: Energy & | W78: Capacity (Billed) | AA78: Industrial | AB78: Revenue | AC78: Total Company
A79: Company | C79: Capacity | G79: Capacity | H79: Lights | I79: Total | K79: Energy | L79: On-Peak | M79: Off Peak | N79: Total | P79: Commercial | S79: Capacity | V79: Energy | W79: On-Peak | X79: Off Peak | Y79: Total
A80: Unit of Measure | C80: kWh | G80: kWh | H80: kWh | I80: kWh | K80: kWh | L80: kW | M80: kW | N80: kW | P80: kWh | S80: kWh | V80: kWh | W80: kW | X80: kW | Y80: kW | AA80: kWh | AB80: kWh | AC80: kWh | AD80: kW
A81: Cell Formula | I81: G+H | N81: L+M | P81: I+K | Y81: W+X | AA81: S+V | AC81: C+P+AA+AB | AD81: N+Y
A82: Authorized EEC Exclusions
A84: GMP | C84: 0 | G84: 0 | H84: 0 | I84: =+G84+H84 -> 0 | K84: 0 | L84: 0 | M84: 0 | N84: =+L84+M84 -> 0 | O84: 0 | P84: =+I84+K84 -> 0 | S84: 0 | V84: 404984526 | W84: 639781 | X84: 604649 | Y84: =+W84+X84 -> 1244430 | AA84: =+S84+V84 -> 404984526 | AB84: 0 | AC84: =+C84+P84+AA84+AB84 -> 404984526 | AD84: =+N84+Y84 -> 1244430
V85: 186523954 | W85: 318851 | X85: 312790 | Y85: =+W85+X85 -> 631641 | AA85: =+S85+V85 -> 186523954 | AB85: 0 | AC85: =+C85+P85+AA85+AB85 -> 186523954 | AD85: =+N85+Y85 -> 631641
A87: Total Exclusions (see Note 2) | C87: =+C84 -> 0 | I87: =+G87+H87 -> 0 | N87: =+L87+M87 -> 0 | P87: =+I87+K87 -> 0 | S87: =+S84 -> 0 | V87: =SUM(V84:V86) -> 591508480 | W87: =SUM(W84:W86) -> 958632 | X87: =SUM(X84:X86) -> 917439 | Y87: =SUM(Y84:Y86) -> 1876071 | Z87: =SUM(Z84:Z86) -> 0 | AA87: =SUM(AA84:AA86) -> 591508480 | AC87: =SUM(AC84:AC86) -> 591508480 | AD87: =SUM(AD84:AD86) -> 1876071
A89: kWh and kW Subject To EEC Charge:
A90: Barton | C90: =C19-C54 -> -8340.3756 | G90: =G19-G54 -> 2066.8756 | H90: =H19-H54 -> -11326 | I90: =+G90+H90 -> -9259.1244 | K90: =K19-K54 -> 17994 | L90: =L19-L54 -> -383 | M90: =M19-M54 -> 0 | N90: =+L90+M90 -> -383 | P90: =+I90+K90 -> 8734.8756 | S90: =S19-S54 -> 0 | V90: =V19-V54 -> #REF! | W90: =W19-W54 -> #REF! | X90: =X19-X54 -> 0 | Y90: =+W90+X90 -> #REF! | AA90: =+S90+V90 -> #REF! | AB90: 0 | AC90: =+C90+P90+AA90+AB90 -> #REF! | AD90: =+N90+Y90 -> #REF!
A91: Enosburg Falls | C91: =C20-C55 -> -761362.8 | G91: =G20-G55 -> 33101.795 | H91: =H20-H55 -> -25917 | I91: =+G91+H91 -> 7184.795 | K91: =K20-K55 -> 253477 | L91: =L20-L55 -> -469.06 | M91: =M20-M55 -> 0 | N91: =+L91+M91 -> -469.06 | P91: =+I91+K91 -> 260661.8 | S91: =S20-S55 -> 0 | V91: =V20-V55 -> #REF! | W91: =W20-W55 -> #REF! | X91: =X20-X55 -> 0 | Y91: =+W91+X91 -> #REF! | AA91: =+S91+V91 -> #REF! | AB91: 0 | AC91: =+C91+P91+AA91+AB91 -> #REF! | AD91: =+N91+Y91 -> #REF!
A92: Green Mountain Power | C92: =C21-C56 -> -2432459 | G92: =G21-G56 -> 8115193.9 | H92: =H21-H56 -> -575000 | I92: =+G92+H92 -> 7540193.9 | K92: =K21-K56 -> -54853489 | L92: =L21-L56 -> -25790 | M92: =M21-M56 -> -14831 | N92: =+L92+M92 -> -40621 | P92: =+I92+K92 -> -47313295 | S92: =S21-S56 -> 0 | V92: =V21-V56 -> 14022213 | W92: =W21-W56 -> 333006 | X92: =X21-X56 -> 335111 | Y92: =+W92+X92 -> 668117 | AA92: =+S92+V92 -> 14022213 | AB92: 0 | AC92: =+C92+P92+AA92+AB92 -> -35723541 | AD92: =+N92+Y92 -> 627496
A93: Hardwick | C93: =C22-C57 -> 67979.015 | G93: =G22-G57 -> -4979708 | H93: =H22-H57 -> -76764.52 | I93: =+G93+H93 -> -5056472.5 | K93: =K22-K57 -> #REF! | L93: =L22-L57 -> #REF! | M93: =M22-M57 -> 0 | N93: =+L93+M93 -> #REF! | P93: =+I93+K93 -> #REF! | S93: =S22-S57 -> #REF! | V93: =V22-V57 -> #REF! | W93: =W22-W57 -> #REF! | X93: =X22-X57 -> 0 | Y93: =+W93+X93 -> #REF! | AA93: =+S93+V93 -> #REF! | AB93: 0 | AC93: =+C93+P93+AA93+AB93 -> #REF! | AD93: =+N93+Y93 -> #REF!
A94: Hyde Park | C94: =C23-C58 -> -594669 | G94: =G23-G58 -> 76753.036 | H94: =H23-H58 -> 4266 | I94: =+G94+H94 -> 81019.036 | K94: =K23-K58 -> 124380.79 | L94: =L23-L58 -> 42970.701 | M94: =M23-M58 -> 0 | N94: =+L94+M94 -> 42970.701 | P94: =+I94+K94 -> 205399.83 | S94: =S23-S58 -> #REF! | V94: =V23-V58 -> #REF! | W94: =W23-W58 -> #REF! | X94: =X23-X58 -> 0 | Y94: =+W94+X94 -> #REF! | AA94: =+S94+V94 -> #REF! | AB94: 0 | AC94: =+C94+P94+AA94+AB94 -> #REF! | AD94: =+N94+Y94 -> #REF!
A95: Jacksonville | C95: =C24-C59 -> -7751.0153 | G95: =G24-G59 -> -12031.985 | H95: =H24-H59 -> 35120.85 | I95: =+G95+H95 -> 23088.865 | K95: =K24-K59 -> -34093 | L95: =L24-L59 -> -259 | M95: =M24-M59 -> 0 | N95: =+L95+M95 -> -259 | P95: =+I95+K95 -> -11004.135 | S95: =S24-S59 -> #REF! | V95: =V24-V59 -> #REF! | W95: =W24-W59 -> #REF! | X95: =X24-X59 -> 0 | Y95: =+W95+X95 -> #REF! | AA95: =+S95+V95 -> #REF! | AB95: 0 | AC95: =+C95+P95+AA95+AB95 -> #REF! | AD95: =+N95+Y95 -> #REF!
A96: Johnson | C96: =C25-C60 -> -64901.352 | G96: =G25-G60 -> -131486.65 | H96: =H25-H60 -> -2618 | I96: =+G96+H96 -> -134104.65 | K96: =K25-K60 -> -4064390 | L96: =L25-L60 -> -9340 | M96: =M25-M60 -> 0 | N96: =+L96+M96 -> -9340 | P96: =+I96+K96 -> -4198494.6 | S96: =S25-S60 -> #REF! | V96: =V25-V60 -> #REF! | W96: =W25-W60 -> #REF! | X96: =X25-X60 -> 0 | Y96: =+W96+X96 -> #REF! | AA96: =+S96+V96 -> #REF! | AB96: 0 | AC96: =+C96+P96+AA96+AB96 -> #REF! | AD96: =+N96+Y96 -> #REF!
A97: Ludlow | C97: =C26-C61 -> -300663.7 | G97: =G26-G61 -> -75146.841 | H97: =H26-H61 -> 0 | I97: =+G97+H97 -> -75146.841 | K97: =K26-K61 -> 417582.04 | L97: =L26-L61 -> -9708.32 | M97: =M26-M61 -> 0 | N97: =+L97+M97 -> -9708.32 | P97: =+I97+K97 -> 342435.2 | S97: =S26-S61 -> #REF! | V97: =V26-V61 -> 737452 | W97: =W26-W61 -> 18602.22 | X97: =X26-X61 -> 0 | Y97: =+W97+X97 -> 18602.22 | AA97: =+S97+V97 -> #REF! | AB97: 0 | AC97: =+C97+P97+AA97+AB97 -> #REF! | AD97: =+N97+Y97 -> 8893.9
A98: Lyndonville | C98: =C27-C62 -> -2586434.5 | G98: =G27-G62 -> -10928090 | H98: =H27-H62 -> -414 | I98: =+G98+H98 -> -10928504 | K98: =K27-K62 -> #REF! | L98: =L27-L62 -> #REF! | M98: =M27-M62 -> 0 | N98: =+L98+M98 -> #REF! | P98: =+I98+K98 -> #REF! | S98: =S27-S62 -> #REF! | V98: =V27-V62 -> #REF! | W98: =W27-W62 -> #REF! | X98: =X27-X62 -> 0 | Y98: =+W98+X98 -> #REF! | AA98: =+S98+V98 -> #REF! | AB98: 0 | AC98: =+C98+P98+AA98+AB98 -> #REF! | AD98: =+N98+Y98 -> #REF!
A99: Morrisville | C99: =C28-C63 -> -193.26289 | G99: =G28-G63 -> -204113.74 | H99: =H28-H63 -> 704 | I99: =+G99+H99 -> -203409.74 | K99: =K28-K63 -> -165679 | L99: =L28-L63 -> -252.4 | M99: =M28-M63 -> 0 | N99: =+L99+M99 -> -252.4 | P99: =+I99+K99 -> -369088.74 | S99: =S28-S63 -> #REF! | V99: =V28-V63 -> #REF! | W99: =W28-W63 -> #REF! | X99: =X28-X63 -> 0 | Y99: =+W99+X99 -> #REF! | AA99: =+S99+V99 -> #REF! | AB99: 0 | AC99: =+C99+P99+AA99+AB99 -> #REF! | AD99: =+N99+Y99 -> #REF!
A100: Northfield | C100: =C29-C64 -> 82937.254 | G100: =G29-G64 -> -2416148.8 | H100: =H29-H64 -> 192 | I100: =+G100+H100 -> -2415956.8 | K100: =K29-K64 -> #REF! | L100: =L29-L64 -> #REF! | M100: =M29-M64 -> 0 | N100: =+L100+M100 -> #REF! | P100: =+I100+K100 -> #REF! | S100: =S29-S64 -> #REF! | V100: =V29-V64 -> #REF! | W100: =W29-W64 -> #REF! | X100: =X29-X64 -> 0 | Y100: =+W100+X100 -> #REF! | AA100: =+S100+V100 -> #REF! | AB100: 0 | AC100: =+C100+P100+AA100+AB100 -> #REF! | AD100: =+N100+Y100 -> #REF!
A101: Orleans | C101: =C30-C65 -> -217333.19 | G101: =G30-G65 -> -41431.814 | H101: =H30-H65 -> -25922 | I101: =+G101+H101 -> -67353.814 | K101: =K30-K65 -> #REF! | L101: =L30-L65 -> #REF! | M101: =M30-M65 -> 0 | N101: =+L101+M101 -> #REF! | P101: =+I101+K101 -> #REF! | S101: =S30-S65 -> #REF! | V101: =V30-V65 -> -708000 | W101: =W30-W65 -> #REF! | X101: =X30-X65 -> 0 | Y101: =+W101+X101 -> #REF! | AA101: =+S101+V101 -> #REF! | AB101: 0 | AC101: =+C101+P101+AA101+AB101 -> #REF! | AD101: =+N101+Y101 -> #REF!
... A105: Washington Electric Coop (WEC) | C105: =C34-C69 -> -4316546.5 | G105: =G34-G69 -> -127638 | H105: =H34-H69 -> 159479 | I105: =+G105+H105 -> 31841 | K105: =K34-K69 -> 0 | L105: =L34-L69 -> 0 | M105: =M34-M69 -> 0 | N105: =+L105+M105 -> 0 | P105: =+I105+K105 -> 31841 | S105: =S34-S69 -> #REF! | V105: =V34-V69 -> -130885 | W105: =W34-W69 -> 331.848 | X105: =X34-X69 -> 0 | Y105: =+W105+X105 -> 331.848 | AA105: =+S105+V105 -> #REF! | AB105: 0 | AC105: =+C105+P105+AA105+AB105 -> #REF! | AD105: =+N105+Y105 -> 331.848
A106: Total Subject to EEC Charge | C106: =SUM(C90:C105) -> -8597645.7 | G106: =SUM(G90:G105) -> -14866127 | H106: =SUM(H90:H105) -> -504369.67 | I106: =G106+H106 -> -15370497 | K106: =SUM(K90:K105) -> #REF! | L106: =SUM(L90:L105) -> #REF! | M106: =SUM(M90:M105) -> -14831 | N106: =+L106+M106 -> #REF! | P106: =SUM(P90:P105) -> #REF! | S106: =SUM(S90:S105) -> #REF! | V106: =SUM(V90:V105) -> #REF! | W106: =SUM(W90:W105) -> #REF! | X106: =SUM(X90:X105) -> 335111 | Y106: =SUM(Y90:Y105) -> #REF! | AA106: =SUM(AA90:AA105) -> #REF! | AB106: =SUM(AB90:AB105) -> 0 | AC106: =SUM(AC90:AC105) -> #REF! | AD106: =SUM(AD90:AD105) -> #REF!
A108: Total Statewide | C108: =C87+C106 -> -8597645.7 | G108: =G87+G106 -> -14866127 | H108: =H87+H106 -> -504369.67 | I108: =I87+I106 -> -15370497 | K108: =K87+K106 -> #REF! | L108: =L87+L106 -> #REF! | M108: =M87+M106 -> -14831 | N108: =N87+N106 -> #REF! | P108: =P87+P106 -> #REF! | S108: =S87+S106 -> #REF! | V108: =V87+V106 -> #REF! | W108: =W87+W106 -> #REF! | X108: =X87+X106 -> 1252550 | Y108: =Y87+Y106 -> #REF! | AA108: =AA87+AA106 -> #REF! | AB108: =AB87+AB106 -> 0 | AC108: =AC87+AC106 -> #REF! | AD108: =AD87+AD106 -> #REF!

Sheet Util Rev and Load Data
A1: EFFICIENCY VERMONT
A2: ENERGY EFFICIENCY CHARGE
A3: RATE CALCULATION
A4: RATE YEAR 2023
A5: INFORMATION REQUIREMENT SUMMARY
A6: PER PUC RULE 5.300
A7: STATEWIDE SUMMARY
A8: A | B8: B | C8: C | D8: D | E8: E | F8: F | G8: G | H8: H | I8: I | J8: J | K8: K | L8: L | M8: M | N8: N | O8: O | P8: P | Q8: Q | R8: R | S8: S | T8: T | U8: U | V8: V. | W8: W | X8: X | Y8: Y | Z8: Z | AA8: AA | AB8: AB | AC8: AC | AD8: AD
A9: 2021 REVENUES (See Note 1)
B10: Residential | F10: Commercial (less than 1,000 kW) | R10: Industrial (1,000 or greater kW)
F11: Non Demand Customers | J11: Demand Customers | R11: Non Demand Customers | U11: Demand Customers | AD11: Annual
B12: Customer | C12: Energy and | F12: Customer | G12: Energy & | J12: Customer | L12: Capacity (Billed) | P12: Total | R12: Customer | S12: Energy & | U12: Customer | W12: Capacity (Billed) | AA12: Total | AB12: Other | AC12: Total | AD12: Report and or
A13: Company | B13: Charge | C13: Capacity | D13: Total | F13: Charge | G13: Capacity | H13: Lights | I13: Total | J13: Charge | K13: Energy | L13: On-Peak | M13: Off Peak | N13: Total | O13: Total Demand | P13: Commercial | R13: Charge | S13: Capacity | T13: Total | U13: Charge | V13: Energy | W13: On-Peak | X13: Off Peak | Y13: Total | Z13: Total Demand | AA13: Industrial | AB13: Revenue | AC13: Company | AD13: FERC Form 1
A14: Unit of Measure | B14: $ | C14: $ | D14: $ | F14: $ | G14: $ | H14: $ | I14: $ | J14: $ | K14: $ | L14: $ | M14: $ | N14: $ | O14: $ | P14: $ | R14: $ | S14: $ | T14: $ | U14: $ | V14: $ | W14: $ | X14: $ | Y14: $ | Z14: $ | AA14: $ | AB14: $ | AC14: $ | AD14: $
A15: Cell Formula | D15: B+C | I15: F+G+H | N15: L+M | O15: J+K+N | P15: I+O | T15: R+S | Y15: W+X | Z15: U+V+Y | AA15: T+Z | AC15: D+P+AA+AB
A16: Authorized EEC Exclusions
A18: GMP Customers | B18: 0 | C18: 0 | D18: =+C18+B18 -> 0 | F18: 0 | G18: 0 | H18: 0 | I18: =+F18+G18+H18 -> 0 | J18: 0 | K18: 0 | L18: 0 | M18: 0 | N18: =+L18+M18 -> 0 | O18: =+J18+K18+N18 -> 0 | P18: =+I18+O18 -> 0 | R18: 0 | S18: 0 | T18: =+S18+R18 -> 0 | U18: 61016 | V18: 41134063 | W18: 5851358 | X18: 2610320 | Y18: =+W18+X18 -> 8461678 | Z18: =+U18+V18+Y18 -> 49656757 | AA18: =+T18+Z18 -> 49656757 | AC18: =D18+P18+AA18+AB18 -> 49656757
A19: GMP Customer 2 | B19: 0 | C19: 0 | D19: =+C19+B19 -> 0 | F19: 0 | G19: 0 | H19: 0 | I19: =+F19+G19+H19 -> 0 | J19: 0 | K19: 0 | L19: 0 | M19: 0 | N19: =+L19+M19 -> 0 | O19: =+J19+K19+N19 -> 0 | P19: =+I19+O19 -> 0 | R19: 0 | S19: 0 | T19: =+S19+R19 -> 0 | Y19: =+W19+X19 -> 0 | Z19: =+U19+V19+Y19 -> 0 | AA19: =+T19+Z19 -> 0 | AC19: =D19+P19+AA19+AB19 -> 0
A21: Total Exclusions (see Note 2) | D21: =+D18 -> 0 | I21: =+I18 -> 0 | N21: =+N18 -> 0 | O21: =+O18 -> 0 | P21: =+P18 -> 0 | T21: =+T18 -> 0 | Y21: =+Y19+Y18 -> 8461678 | Z21: =+Z19+Z18 -> 49656757 | AA21: =+AA19+AA18 -> 49656757 | AC21: =+AC19+AC18 -> 49656757
A23: Retail Sales Subject To EEC Charge:
A24: Barton | B24: 249891.04 | C24: 1842184.5 | D24: =+C24+B24 -> 2092075.5 | F24: 24409.44 | G24: 179896.35 | H24: 30637.25 | I24: =+F24+G24+H24 -> 234943.04 | J24: 25178.88 | K24: 319146.22 | L24: 83749.6 | M24: 0 | N24: =+L24+M24 -> 83749.6 | O24: =+J24+K24+N24 -> 428074.7 | P24: =+I24+O24 -> 663017.74 | R24: 0 | S24: 0 | T24: =+S24+R24 -> 0 | U24: 0 | V24: 0 | W24: 0 | X24: 0 | Y24: =+W24+X24 -> 0 | Z24: =+U24+V24+Y24 -> 0 | AA24: =+T24+Z24 -> 0 | AB24: 0 | AC24: =D24+P24+AA24+AB24 -> 2755093.3
A25: Enosburg Falls | B25: 182700 | C25: 2238103 | D25: =+C25+B25 -> 2420803 | F25: 33834.68 | G25: 349677.98 | H25: 14763.5 | I25: =+F25+G25+H25 -> 398276.16 | J25: 13985.6 | K25: 1173031 | L25: 316575.75 | M25: 0 | N25: =+L25+M25 -> 316575.75 | O25: =+J25+K25+N25 -> 1503592.4 | P25: =+I25+O25 -> 1901868.5 | R25: 0 | S25: 0 | T25: =+S25+R25 -> 0 | U25: 0 | V25: 0 | W25: 0 | X25: 0 | Y25: =+W25+X25 -> 0 | Z25: =+U25+V25+Y25 -> 0 | AA25: =+T25+Z25 -> 0 | AB25: 0 | AC25: =D25+P25+AA25+AB25 -> 4322671.5
A26: Green Mountain Power | B26: 42477968 | C26: 264165988 | D26: =+C26+B26 -> 306643956 | F26: 8846966 | G26: 50607699 | H26: 4531696 | I26: =+F26+G26+H26 -> 63986361 | J26: 7057016 | K26: 107217921 | L26: 55476578 | M26: 8149948 | N26: =+L26+M26 -> 63626526 | O26: =+J26+K26+N26 -> 177901463 | P26: =+I26+O26 -> 241887824 | R26: 0 | S26: 0 | T26: =+S26+R26 -> 0 | U26: 386615 | V26: 47900428 | W26: 20003338 | X26: 4380946 | Y26: =+W26+X26 -> 24384284 | Z26: =+U26+V26+Y26 -> 72671327 | AA26: =+T26+Z26 -> 72671327 | AB26: 0 | AC26: =D26+P26+AA26+AB26 -> 621203107 | AE26: =AA26/'[1]Util Rev and Load Data'!$AA$26-1 -> 0.010036525
A27: Hardwick | B27: 540680 | C27: 3706136.1 | D27: =+C27+B27 -> 4246816.1 | F27: 75741 | G27: 824832.48 | H27: 42892 | I27: =+F27+G27+H27 -> 943465.48 | J27: 57880.59 | K27: 522551.63 | L27: 366387.95 | M27: 0 | N27: =+L27+M27 -> 366387.95 | O27: =+J27+K27+N27 -> 946820.17 | P27: =+I27+O27 -> 1890285.6 | R27: 0 | S27: 0 | T27: =+S27+R27 -> 0 | U27: 0 | V27: 0 | W27: 0 | X27: 0 | Y27: =+W27+X27 -> 0 | Z27: =+U27+V27+Y27 -> 0 | AA27: =+T27+Z27 -> 0 | AB27: 0 | AC27: =D27+P27+AA27+AB27 -> 6137101.8
A28: Hyde Park | B28: 227017.54 | C28: 1327581.3 | D28: =+C28+B28 -> 1554598.9 | F28: 38977.2 | G28: 573963.62 | H28: 12018.87 | I28: =+F28+G28+H28 -> 624959.69 | J28: 10052.64 | K28: 161472.9 | L28: 103972.89 | M28: 0 | N28: =+L28+M28 -> 103972.89 | O28: =+J28+K28+N28 -> 275498.43 | P28: =+I28+O28 -> 900458.12 | R28: 0 | S28: 0 | T28: =+S28+R28 -> 0 | U28: 0 | V28: 0 | W28: 0 | X28: 0 | Y28: =+W28+X28 -> 0 | Z28: =+U28+V28+Y28 -> 0 | AA28: =+T28+Z28 -> 0 | AB28: 0 | AC28: =D28+P28+AA28+AB28 -> 2455057
A29: Jacksonville | B29: 64094.74 | C29: 583655.25 | D29: =+C29+B29 -> 647749.99 | F29: 4365.21 | G29: 108544.17 | H29: 3444.86 | I29: =+F29+G29+H29 -> 116354.24 | J29: 984.96 | K29: 77904.35 | L29: 61485.28 | M29: 0 | N29: =+L29+M29 -> 61485.28 | O29: =+J29+K29+N29 -> 140374.59 | P29: =+I29+O29 -> 256728.83 | R29: 0 | S29: 0 | T29: =+S29+R29 -> 0 | U29: 0 | V29: 0 | W29: 0 | X29: 0 | Y29: =+W29+X29 -> 0 | Z29: =+U29+V29+Y29 -> 0 | AA29: =+T29+Z29 -> 0 | AB29: 0 | AC29: =D29+P29+AA29+AB29 -> 904478.82
A30: Johnson | B30: 119081 | C30: 817908 | D30: =+C30+B30 -> 936989 | F30: 32851 | G30: 221392 | H30: 15227 | I30: =+F30+G30+H30 -> 269470 | J30: 13487 | K30: 565684 | L30: 291873 | M30: 0 | N30: =+L30+M30 -> 291873 | O30: =+J30+K30+N30 -> 871044 | P30: =+I30+O30 -> 1140514 | R30: 0 | S30: 0 | T30: =+S30+R30 -> 0 | U30: 0 | V30: 0 | W30: 0 | X30: 0 | Y30: =+W30+X30 -> 0 | Z30: =+U30+V30+Y30 -> 0 | AA30: =+T30+Z30 -> 0 | AB30: 0 | AC30: =D30+P30+AA30+AB30 -> 2077503
A31: Ludlow | B31: 349281 | C31: 1976487 | D31: =+C31+B31 -> 2325768 | F31: 157055 | G31: 526442 | H31: 92365 | I31: =+F31+G31+H31 -> 775862 | J31: 156884 | K31: 1067959 | L31: 668101 | M31: 0 | N31: =+L31+M31 -> 668101 | O31: =+J31+K31+N31 -> 1892944 | P31: =+I31+O31 -> 2668806 | R31: 0 | S31: 0 | T31: =+S31+R31 -> 0 | U31: 54362 | V31: 1369775 | W31: 1106851 | X31: 0 | Y31: =+W31+X31 -> 1106851 | Z31: =+U31+V31+Y31 -> 2530988 | AA31: =+T31+Z31 -> 2530988 | AB31: 0 | AC31: =D31+P31+AA31+AB31 -> 7525562
A32: Lyndonville | B32: 549504.35 | C32: 4498387.8 | D32: =+C32+B32 -> 5047892.1 | F32: 173450.05 | G32: 1662562.5 | H32: 100727.97 | I32: =+F32+G32+H32 -> 1936740.5 | J32: 87552.76 | K32: 1297561.4 | L32: 954812.72 | M32: 0 | N32: =+L32+M32 -> 954812.72 | O32: =+J32+K32+N32 -> 2339926.9 | P32: =+I32+O32 -> 4276667.4 | R32: 0 | S32: 0 | T32: =+S32+R32 -> 0 | U32: 0 | V32: 0 | W32: 0 | X32: 0 | Y32: =+W32+X32 -> 0 | Z32: =+U32+V32+Y32 -> 0 | AA32: =+T32+Z32 -> 0 | AB32: 0 | AC32: =D32+P32+AA32+AB32 -> 9324559.6
A33: Morrisville | B33: 378432.73 | C33: 3235247.3 | D33: =+C33+B33 -> 3613680 | F33: 76332.03 | G33: 668013.12 | H33: 22555.86 | I33: =+F33+G33+H33 -> 766901.01 | J33: 64773.24 | K33: 2102544.7 | L33: 553231.9 | M33: 0 | N33: =+L33+M33 -> 553231.9 | O33: =+J33+K33+N33 -> 2720549.8 | P33: =+I33+O33 -> 3487450.9 | R33: 0 | S33: 0 | T33: =+S33+R33 -> 0 | U33: 0 | V33: 0 | W33: 0 | X33: 0 | Y33: =+W33+X33 -> 0 | Z33: =+U33+V33+Y33 -> 0 | AA33: =+T33+Z33 -> 0 | AB33: 0 | AC33: =D33+P33+AA33+AB33 -> 7101130.8
A34: Northfield | B34: 155866.59 | C34: 1303225.4 | D34: =+C34+B34 -> 1459092 | F34: 37296.62 | G34: 322098.49 | H34: 25476.22 | I34: =+F34+G34+H34 -> 384871.33 | J34: 5928.12 | K34: 672030.57 | L34: 172031.21 | M34: 0 | N34: =+L34+M34 -> 172031.21 | O34: =+J34+K34+N34 -> 849989.9 | P34: =+I34+O34 -> 1234861.2 | R34: 0 | S34: 0 | T34: =+S34+R34 -> 0 | U34: 6088.68 | V34: 871534.83 | W34: 111414.68 | X34: 0 | Y34: =+W34+X34 -> 111414.68 | Z34: =+U34+V34+Y34 -> 989038.19 | AA34: =+T34+Z34 -> 989038.19 | AB34: 0 | AC34: =D34+P34+AA34+AB34 -> 3682991.4
A35: Orleans | B35: 68784.95 | C35: 456910.5 | D35: =+C35+B35 -> 525695.45 | F35: 25111.2 | G35: 270853.24 | H35: 15797 | I35: =+F35+G35+H35 -> 311761.44 | J35: 0 | K35: 0 | L35: 0 | M35: 0 | N35: =+L35+M35 -> 0 | O35: =+J35+K35+N35 -> 0 | P35: =+I35+O35 -> 311761.44 | R35: 0 | S35: 0 | T35: =+S35+R35 -> 0 | U35: 15816.53 | V35: 666907.28 | W35: 309978.44 | X35: 0 | Y35: =+W35+X35 -> 309978.44 | Z35: =+U35+V35+Y35 -> 992702.25 | AA35: =+T35+Z35 -> 992702.25 | AB35: 0 | AC35: =D35+P35+AA35+AB35 -> 1830159.1
A36: Stowe | B36: 624351.24 | C36: 4288324 | D36: =+C36+B36 -> 4912675.2 | F36: 126206.64 | G36: 1234740.6 | H36: 2418.52 | I36: =+F36+G36+H36 -> 1363365.8 | J36: 195027.84 | K36: 3028967.2 | L36: 1501125.8 | M36: 0 | N36: =+L36+M36 -> 1501125.8 | O36: =+J36+K36+N36 -> 4725120.9 | P36: =+I36+O36 -> 6088486.6 | R36: 0 | S36: 0 | T36: =+S36+R36 -> 0 | U36: 108181.08 | V36: 588721.15 | W36: 497496.12 | X36: 0 | Y36: =+W36+X36 -> 497496.12 | Z36: =+U36+V36+Y36 -> 1194398.4 | AA36: =+T36+Z36 -> 1194398.4 | AB36: 0 | AC36: =D36+P36+AA36+AB36 -> 12195560
A37: Swanton | B37: 277399.01 | C37: 3333602.2 | D37: =+C37+B37 -> 3611001.2 | F37: 32456.16 | G37: 415920.45 | H37: 26887.01 | I37: =+F37+G37+H37 -> 475263.62 | J37: 31779.44 | K37: 1498611.9 | L37: 1264423.1 | M37: 0 | N37: =+L37+M37 -> 1264423.1 | O37: =+J37+K37+N37 -> 2794814.5 | P37: =+I37+O37 -> 3270078.1 | R37: 0 | S37: 0 | T37: =+S37+R37 -> 0 | U37: 0 | V37: 0 | W37: 0 | X37: 0 | Y37: =+W37+X37 -> 0 | Z37: =+U37+V37+Y37 -> 0 | AA37: =+T37+Z37 -> 0 | AB37: 0 | AC37: =D37+P37+AA37+AB37 -> 6881079.3
A38: Vermont Electric Coop (VEC). | B38: 7595721 | C38: 37892280 | D38: =+C38+B38 -> 45488001 | F38: 1041266 | G38: 10377746 | H38: 674399 | I38: =+F38+G38+H38 -> 12093411 | J38: 56063 | K38: 6935498 | L38: 2122502 | M38: 0 | N38: =+L38+M38 -> 2122502 | O38: =+J38+K38+N38 -> 9114063 | P38: =+I38+O38 -> 21207474 | R38: 11528 | S38: 784030 | T38: =+S38+R38 -> 795558 | U38: 28819 | V38: 6794233 | W38: 1956120 | X38: 0 | Y38: =+W38+X38 -> 1956120 | Z38: =+U38+V38+Y38 -> 8779172 | AA38: =+T38+Z38 -> 9574730 | AB38: 0 | AC38: =D38+P38+AA38+AB38 -> 76270205
A39: Washington Electric Coop (WEC) | B39: 2619522 | C39: 12454351 | D39: =+C39+B39 -> 15073873 | F39: 181079 | G39: 1006879 | H39: 83355 | I39: =+F39+G39+H39 -> 1271313 | J39: 4504 | K39: 321736 | L39: 182170.47 | M39: 0 | N39: =+L39+M39 -> 182170.47 | O39: =+J39+K39+N39 -> 508410.47 | P39: =+I39+O39 -> 1779723.5 | R39: 0 | S39: 0 | T39: =+S39+R39 -> 0 | U39: 0 | V39: 0 | W39: 0 | X39: 0 | Y39: =+W39+X39 -> 0 | Z39: =+U39+V39+Y39 -> 0 | AA39: =+T39+Z39 -> 0 | AB39: 0 | AC39: =D39+P39+AA39+AB39 -> 16853596
A40: Total Subject to EEC Charge | B40: =SUM(B24:B39) -> 56480295 | C40: =SUM(C24:C39) -> 3.4412037e+08 | D40: =B40+C40 -> 4.0060067e+08 | F40: =SUM(F24:F39) -> 10907397 | G40: =SUM(G24:G39) -> 69351261 | H40: =SUM(H24:H39) -> 5694661.1 | I40: =F40+G40+H40 -> 85953319 | J40: =SUM(J24:J39) -> 7781098.1 | K40: =SUM(K24:K39) -> 1.2696262e+08 | L40: =SUM(L24:L39) -> 64119021 | M40: =SUM(M24:M39) -> 8149948 | N40: =L40+M40 -> 72268969 | O40: =J40+K40+N40 -> 2.0701269e+08 | P40: =I40+O40 -> 2.9296601e+08 | R40: =SUM(R24:R39) -> 11528 | S40: =SUM(S24:S39) -> 784030 | T40: =R40+S40 -> 795558 | U40: =SUM(U24:U39) -> 599882.29 | V40: =SUM(V24:V39) -> 58191599 | W40: =SUM(W24:W39) -> 23985198 | X40: =SUM(X24:X39) -> 4380946 | Y40: =W40+X40 -> 28366144 | Z40: =U40+V40+Y40 -> 87157626 | AA40: =T40+Z40 -> 87953184 | AB40: =SUM(AB24:AB39) -> 0 | AC40: =SUM(AC24:AC39) -> 7.8151986e+08 | AD40: =SUM(AD24:AD39) -> 0
A42: All Other Utilities | B42: =B40 -> 56480295 | C42: =C40 -> 3.4412037e+08 | D42: =D40 -> 4.0060067e+08 | F42: =F40 -> 10907397 | G42: =G40 -> 69351261 | H42: =H40 -> 5694661.1 | I42: =I40 -> 85953319 | J42: =J40 -> 7781098.1 | K42: =K40 -> 1.2696262e+08 | L42: =L40 -> 64119021 | M42: =M40 -> 8149948 | ... P42: =P40 -> 2.9296601e+08 | R42: =R40 -> 11528 | S42: =S40 -> 784030 | T42: =T40 -> 795558 | U42: =U40 -> 599882.29 | V42: =V40 -> 58191599 | W42: =W40 -> 23985198 | X42: =X40 -> 4380946 | Y42: =Y40 -> 28366144 | ... AD42: =AD40 -> 0
A44: Total Statewide | B44: xxx | C44: xxx | D44: =D40+D21 -> 4.0060067e+08 | F44: xxx | G44: xxx | H44: =H40+H21 -> 5694661.1 | I44: xxx | J44: xxx | K44: xxx | L44: xxx | M44: xxx | N44: xxx | O44: xxx | P44: =P40+P21 -> 2.9296601e+08 | R44: xxx | S44: xxx | T44: xxx | U44: xxx | V44: xxx | W44: xxx | X44: xxx | Y44: xxx | Z44: xxx | AA44: =AA40+AA21 -> 1.3760994e+08 | AC44: =AC40+AC21 -> 8.3117661e+08
A46: As Reported To FERC/Annual Report | B46: xxx | C46: xxx | F46: xxx | G46: xxx | I46: xxx | J46: xxx | K46: xxx | L46: xxx | M46: xxx | N46: xxx | O46: xxx | R46: xxx | S46: xxx | T46: xxx | U46: xxx | V46: xxx | W46: xxx | X46: xxx | Y46: xxx | Z46: xxx
A48: Difference | B48: xxx | C48: xxx | D48: =D44-D46 -> 4.0060067e+08 | F48: xxx | G48: xxx | H48: =H44-H46 -> 5694661.1 | I48: xxx | J48: xxx | K48: xxx | L48: xxx | M48: xxx | N48: xxx | O48: xxx | P48: =P44-P46 -> 2.9296601e+08 | R48: xxx | S48: xxx | T48: xxx | U48: xxx | V48: xxx | W48: xxx | X48: xxx | Y48: xxx | Z48: xxx | AA48: =AA44-AA46 -> 1.3760994e+08 | AB48: =AB44-AB46 -> 0 | AC48: =AC44-AC46 -> 8.3117661e+08
A54: A | B54: B | C54: C | D54: D | E54: E | F54: F | G54: G | H54: H | I54: I | J54: J | K54: K | L54: L | M54: M | N54: N | O54: O | P54: P | Q54: Q | R54: R | S54: S | T54: T | U54: U | V54: V. | W54: W | X54: X | Y54: Y | Z54: Z | AA54: AA | AB54: AB | AC54: AC | AD54: AD
A55: 2021 BILLING DETERMINANTS (See Note 1)
B56: Residential | F56: Commercial (less than 1,000 kw) | R56: Industrial (1,000 or greater kW)
G57: Non Demand Customers | K57: Demand Customers | R57: Non Demand | U57: Demand Customers | AA57: Total | AB57: Other
C58: Energy and | G58: Energy & | L58: Capacity (Billed) | P58: Total | S58: Energy & | W58: Capacity (Billed) | AA58: Industrial | AB58: Revenue | AC58: Total Company
A59: Company | B59: Customers | C59: Capacity | F59: Customers | G59: Capacity | H59: Lights | I59: Total | J59: Customers | K59: Energy | L59: On-Peak | M59: Off Peak | N59: Total | P59: Commercial | R59: Customers | S59: Capacity | U59: Customers | V59: Energy | W59: On-Peak | X59: Off Peak | Y59: Total
A60: Unit of Measure | C60: kWh | G60: kWh | H60: kWh | I60: kWh | K60: kWh | L60: kW | M60: kW | N60: kW | P60: kWh | S60: kWh | V60: kWh | W60: kW | X60: kW | Y60: kW | AA60: kWh | AB60: kWh | AC60: kWh | AD60: kW
A61: Cell Formula | I61: G+H | N61: L+M | P61: I+K | Y61: W+X | AA61: S+V | AC61: C+P+AA+AB | AD61: N+Y
A62: Authorized EEC Exclusions
A64: GMP | C64: 0 | G64: 0 | H64: 0 | I64: =+G64+H64 -> 0 | K64: 0 | L64: 0 | M64: 0 | N64: =+L64+M64 -> 0 | O64: 0 | P64: =+I64+K64 -> 0 | S64: 0 | U64: 2 | V64: 545343757 | W64: 899893 | X64: 864908 | Y64: =+W64+X64 -> 1764801 | AA64: =+S64+V64 -> 545343757 | AB64: 0 | AC64: =+C64+P64+AA64+AB64 -> 545343757 | AD64: =+N64+Y64 -> 1764801
Y65: =+W65+X65 -> 0 | AA65: =+S65+V65 -> 0 | AB65: 0 | AC65: =+C65+P65+AA65+AB65 -> 0 | AD65: =+N65+Y65 -> 0
A67: Total Exclusions (see Note 2) | C67: =+C64 -> 0 | I67: =+G67+H67 -> 0 | N67: =+L67+M67 -> 0 | P67: =+I67+K67 -> 0 | S67: =+S64 -> 0 | V67: =SUM(V64:V66) -> 545343757 | W67: =SUM(W64:W66) -> 899893 | X67: =SUM(X64:X66) -> 864908 | Y67: =SUM(Y64:Y66) -> 1764801 | Z67: =SUM(Z64:Z66) -> 0 | AA67: =SUM(AA64:AA66) -> 545343757 | AC67: =SUM(AC64:AC66) -> 545343757 | AD67: =SUM(AD64:AD66) -> 1764801 | AI67: Residential | AM67: Commercial Non-Demand | AQ67: Commercial Demand kWh | AU67: Commercial Demand kW | AZ67: Industrial Non-Demand | BD67: Industrial Demand kWh | BI67: Industrial Demand kW
AE68: Total
A69: kWh and kW Subject To EEC Charge: | AE69: 2020 kWh | AF69: Change kWh | AG69: Change % | AI69: Res kWh 2020 | AJ69: Res kWh 2021 | AK69: change % | AL69: change kWh | AM69: CND kWh 2020 | AN69: CND kWh 2021 | AO69: change % | AP69: change kWh | AQ69: CD kWh 2020 | AR69: CD kWh 2021 | AS69: change % | AT69: change kWh | AU69: CD kW 2020 | AV69: CD kW 2021 | AW69: change % | AX69: change kW | AZ69: Ind kWh 2020 | BA69: Ind kWh 2021 | BB69: change kwh | BC69: change % | BD69: Ind-D kWh 2020 | BE69: Ind D kWh 2021 | BF69: change kwh | BG69: change % | BI69: Ind-D kW 2019 | BJ69: Ind D kW 2020 | BK69: change kw | BL69: change %
A70: Barton | B70: 1978 | C70: 11205544 | F70: 187 | G70: 969661 | H70: 118088 | I70: =+G70+H70 -> 1087749 | J70: 26 | K70: 2207167 | L70: 6820 | M70: 0 | N70: =+L70+M70 -> 6820 | P70: =+I70+K70 -> 3294916 | S70: 0 | V70: 0 | W70: 0 | X70: 0 | Y70: =+W70+X70 -> 0 | AA70: =+S70+V70 -> 0 | AB70: 0 | AC70: =+C70+P70+AA70+AB70 -> 14500460 | AD70: =+N70+Y70 -> 6820 | AE70: 14232083 | AF70: =AC70-AE70 -> 268377 | AG70: =AC70/AE70-1 -> 0.018857183 | AI70: 11070882 | AJ70: =C70 -> 11205544 | AK70: =(AJ70-AI70)/AI70 -> 0.01216362 | AL70: =AJ70-AI70 -> 134662 | AM70: 1032379 | AN70: =I70 -> 1087749 | AO70: =(AN70-AM70)/AM70 -> 0.053633404 | AP70: =AN70-AM70 -> 55370 | AQ70: 2128822 | AR70: =K70 -> 2207167 | AS70: =(AR70-AQ70)/AQ70 -> 0.036802044 | AT70: =AR70-AQ70 -> 78345 | AU70: 6582 | AV70: =L70 -> 6820 | AW70: =(AV70-AU70)/AU70 -> 0.036159222 | AX70: =AV70-AU70 -> 238 | AZ70: 0 | BA70: =S70 -> 0 | BB70: =BA70-AZ70 -> 0 | BC70: =BB70/AZ70 -> #DIV/0! | BD70: 0 | BE70: =V70 -> 0 | BF70: =BE70-BD70 -> 0 | BG70: =BF70/BD70 -> #DIV/0! | BI70: 0 | BJ70: =W70 -> 0 | BK70: =BJ70-BI70 -> 0 | BL70: =BK70/BI70 -> #DIV/0!
A71: Enosburg Falls | B71: 1570 | C71: 14673998 | F71: 196 | G71: 2226114 | H71: 64260 | I71: =+G71+H71 -> 2290374 | J71: 24 | K71: 9946096 | L71: 23767.33 | M71: 0 | N71: =+L71+M71 -> 23767.33 | P71: =+I71+K71 -> 12236470 | S71: 0 | V71: 0 | W71: 0 | X71: 0 | Y71: =+W71+X71 -> 0 | AA71: =+S71+V71 -> 0 | AB71: 0 | AC71: =+C71+P71+AA71+AB71 -> 26910468 | AD71: =+N71+Y71 -> 23767.33 | AE71: 26698755 | AF71: =AC71-AE71 -> 211713 | AG71: =AC71/AE71-1 -> 0.0079296956 | AI71: 14611699 | AJ71: =C71 -> 14673998 | AK71: =(AJ71-AI71)/AI71 -> 0.0042636383 | AL71: =AJ71-AI71 -> 62299 | AM71: 2213331 | AN71: =I71 -> 2290374 | AO71: =(AN71-AM71)/AM71 -> 0.034808621 | AP71: =AN71-AM71 -> 77043 | AQ71: 9873725 | AR71: =K71 -> 9946096 | AS71: =(AR71-AQ71)/AQ71 -> 0.0073296552 | AT71: =AR71-AQ71 -> 72371 | AU71: 23463 | AV71: =L71 -> 23767.33 | AW71: =(AV71-AU71)/AU71 -> 0.012970635 | AX71: =AV71-AU71 -> 304.33 | AZ71: 0 | BA71: =S71 -> 0 | BB71: =BA71-AZ71 -> 0 | BC71: =BB71/AZ71 -> #DIV/0! | BD71: 0 | BE71: =V71 -> 0 | BF71: =BE71-BD71 -> 0 | BG71: =BF71/BD71 -> #DIV/0! | BI71: 0 | BJ71: =W71 -> 0 | BK71: =BJ71-BI71 -> 0 | BL71: =BK71/BI71 -> #DIV/0!
A72: Green Mountain Power | B72: 224519 | C72: 1642927366 | F72: 36295 | G72: 302677429 | H72: 8891000 | I72: =+G72+H72 -> 311568429 | J72: 8822 | K72: 1122771727 | L72: 3539956 | M72: 1881427 | N72: =+L72+M72 -> 5421383 | P72: =+I72+K72 -> 1434340156 | S72: 0 | U72: =5+1+64 -> 70 | V72: 571161426 | W72: 1067253 | X72: 1112510 | Y72: =+W72+X72 -> 2179763 | AA72: =+S72+V72 -> 571161426 | AB72: 0 | AC72: =+C72+P72+AA72+AB72 -> 3648428948 | AD72: =+N72+Y72 -> 7601146 | AE72: 3572648614 | AF72: =AC72-AE72 -> 75780334 | AG72: =AC72/AE72-1 -> 0.021211248 | AI72: 1621522727 | AJ72: =C72 -> 1642927366 | AK72: =(AJ72-AI72)/AI72 -> 0.013200332 | AL72: =AJ72-AI72 -> 21404639 | AM72: 289622696 | AN72: =I72 -> 311568429 | AO72: =(AN72-AM72)/AM72 -> 0.075773526 | AP72: =AN72-AM72 -> 21945733 | AQ72: 1093625037 | AR72: =K72 -> 1122771727 | AS72: =(AR72-AQ72)/AQ72 -> 0.026651447 | AT72: =AR72-AQ72 -> 29146690 | AU72: 3336989 | AV72: =L72 -> 3539956 | AW72: =(AV72-AU72)/AU72 -> 0.060823395 | AX72: =AV72-AU72 -> 202967 | AY72: rate change for CVPS 2D from demand to non-demand? | AZ72: 0 | BA72: =S72 -> 0 | BB72: =BA72-AZ72 -> 0 | BC72: =BB72/AZ72 -> #DIV/0! | BD72: 567878154 | BE72: =V72 -> 571161426 | BF72: =BE72-BD72 -> 3283272 | BG72: =BF72/BD72 -> 0.0057816487 | BI72: 1074129 | BJ72: =W72 -> 1067253 | BK72: =BJ72-BI72 -> -6876 | BL72: =BK72/BI72 -> -0.0064014657
A73: Hardwick | B73: 4309 | C73: 25693297 | F73: 436 | G73: 4972597 | H73: 118294 | I73: =+G73+H73 -> 5090891 | J73: 39 | K73: 5527444 | L73: 22464 | M73: 0 | N73: =+L73+M73 -> 22464 | P73: =+I73+K73 -> 10618335 | S73: 0 | V73: 0 | W73: 0 | X73: 0 | Y73: =+W73+X73 -> 0 | AA73: =+S73+V73 -> 0 | AB73: 0 | AC73: =+C73+P73+AA73+AB73 -> 36311632 | AD73: =+N73+Y73 -> 22464 | AE73: 35240226 | AF73: =AC73-AE73 -> 1071406.3 | AG73: =AC73/AE73-1 -> 0.030402936 | AI73: 25122571 | AJ73: =C73 -> 25693297 | AK73: =(AJ73-AI73)/AI73 -> 0.022717659 | AL73: =AJ73-AI73 -> 570726 | AM73: 5192475.7 | AN73: =I73 -> 5090891 | AO73: =(AN73-AM73)/AM73 -> -0.01956382 | AP73: =AN73-AM73 -> -101584.66 | AQ73: 4925179 | AR73: =K73 -> 5527444 | AS73: =(AR73-AQ73)/AQ73 -> 0.12228287 | AT73: =AR73-AQ73 -> 602265 | AU73: 19501 | AV73: =L73 -> 22464 | AW73: =(AV73-AU73)/AU73 -> 0.15194093 | AX73: =AV73-AU73 -> 2963 | AZ73: 0 | BA73: =S73 -> 0 | BB73: =BA73-AZ73 -> 0 | BC73: =BB73/AZ73 -> #DIV/0! | BD73: 0 | BE73: =V73 -> 0 | BF73: =BE73-BD73 -> 0 | BG73: =BF73/BD73 -> #DIV/0! | BI73: 0 | BJ73: =W73 -> 0 | BK73: =BJ73-BI73 -> 0 | BL73: =BK73/BI73 -> #DIV/0!
A74: Hyde Park | B74: 1393 | C74: 8976342 | F74: 162 | G74: 2280911 | H74: 45204 | I74: =+G74+H74 -> 2326115 | J74: 3 | K74: 1600286 | L74: 4619 | M74: 0 | N74: =+L74+M74 -> 4619 | P74: =+I74+K74 -> 3926401 | S74: 0 | V74: 0 | W74: 0 | X74: 0 | Y74: =+W74+X74 -> 0 | AA74: =+S74+V74 -> 0 | AB74: 0 | AC74: =+C74+P74+AA74+AB74 -> 12902743 | AD74: =+N74+Y74 -> 4619 | AE74: 12475317 | AF74: =AC74-AE74 -> 427426 | AG74: =AC74/AE74-1 -> 0.034261735 | AI74: 8695487 | AJ74: =C74 -> 8976342 | AK74: =(AJ74-AI74)/AI74 -> 0.032298939 | AL74: =AJ74-AI74 -> 280855 | AM74: 2435110 | AN74: =I74 -> 2326115 | AO74: =(AN74-AM74)/AM74 -> -0.044759785 | AP74: =AN74-AM74 -> -108995 | AQ74: 1344720 | AR74: =K74 -> 1600286 | AS74: =(AR74-AQ74)/AQ74 -> 0.19005146 | AT74: =AR74-AQ74 -> 255566 | AU74: 4399.14 | AV74: =L74 -> 4619 | AW74: =(AV74-AU74)/AU74 -> 0.04997795 | AX74: =AV74-AU74 -> 219.86 | AZ74: 0 | BA74: =S74 -> 0 | BB74: =BA74-AZ74 -> 0 | BC74: =BB74/AZ74 -> #DIV/0! | BD74: 0 | BE74: =V74 -> 0 | BF74: =BE74-BD74 -> 0 | BG74: =BF74/BD74 -> #DIV/0! | BI74: 0 | BJ74: =W74 -> 0 | BK74: =BJ74-BI74 -> 0 | BL74: =BK74/BI74 -> #DIV/0!
A75: Jacksonville | B75: 670 | C75: 3865155 | F75: 54 | G75: 593617 | H75: 17172 | I75: =+G75+H75 -> 610789 | J75: 4 | K75: 790907 | L75: 4568 | M75: 0 | N75: =+L75+M75 -> 4568 | P75: =+I75+K75 -> 1401696 | S75: 0 | V75: 0 | W75: 0 | X75: 0 | Y75: =+W75+X75 -> 0 | AA75: =+S75+V75 -> 0 | AB75: 0 | AC75: =+C75+P75+AA75+AB75 -> 5266851 | AD75: =+N75+Y75 -> 4568 | AE75: 5031704 | AF75: =AC75-AE75 -> 235147 | AG75: =AC75/AE75-1 -> 0.046733075 | AI75: 3703462 | AJ75: =C75 -> 3865155 | AK75: =(AJ75-AI75)/AI75 -> 0.043659959 | AL75: =AJ75-AI75 -> 161693 | AM75: 595580 | AN75: =I75 -> 610789 | AO75: =(AN75-AM75)/AM75 -> 0.025536452 | AP75: =AN75-AM75 -> 15209 | AQ75: 732662 | AR75: =K75 -> 790907 | AS75: =(AR75-AQ75)/AQ75 -> 0.079497777 | AT75: =AR75-AQ75 -> 58245 | AU75: 4377.99 | AV75: =L75 -> 4568 | AW75: =(AV75-AU75)/AU75 -> 0.043401196 | AX75: =AV75-AU75 -> 190.01 | AZ75: 0 | BA75: =S75 -> 0 | BB75: =BA75-AZ75 -> 0 | BC75: =BB75/AZ75 -> #DIV/0! | BD75: 0 | BE75: =V75 -> 0 | BF75: =BE75-BD75 -> 0 | BG75: =BF75/BD75 -> #DIV/0! | BI75: 0 | BJ75: =W75 -> 0 | BK75: =BJ75-BI75 -> 0 | BL75: =BK75/BI75 -> #DIV/0!
A76: Johnson | B76: 821 | C76: 5461407 | F76: 157 | G76: 1302901 | H76: 63993 | I76: =+G76+H76 -> 1366894 | J76: 18 | K76: 5334938 | L76: 11901.18 | M76: 0 | N76: =+L76+M76 -> 11901.18 | P76: =+I76+K76 -> 6701832 | S76: 0 | V76: 0 | W76: 0 | X76: 0 | Y76: =+W76+X76 -> 0 | AA76: =+S76+V76 -> 0 | AB76: 0 | AC76: =+C76+P76+AA76+AB76 -> 12163239 | AD76: =+N76+Y76 -> 11901.18 | AE76: 11615511 | AF76: =AC76-AE76 -> 547728 | AG76: =AC76/AE76-1 -> 0.047154878 | AI76: 5536809 | AJ76: =C76 -> 5461407 | AK76: =(AJ76-AI76)/AI76 -> -0.013618313 | AL76: =AJ76-AI76 -> -75402 | AM76: 1407481 | AN76: =I76 -> 1366894 | AO76: =(AN76-AM76)/AM76 -> -0.028836624 | AP76: =AN76-AM76 -> -40587 | AQ76: 4671221 | AR76: =K76 -> 5334938 | AS76: =(AR76-AQ76)/AQ76 -> 0.14208641 | AT76: =AR76-AQ76 -> 663717 | AU76: 12764 | AV76: =L76 -> 11901.18 | AW76: =(AV76-AU76)/AU76 -> -0.067597932 | AX76: =AV76-AU76 -> -862.82 | AZ76: 0 | BA76: =S76 -> 0 | BB76: =BA76-AZ76 -> 0 | BC76: =BB76/AZ76 -> #DIV/0! | BD76: 0 | BE76: =V76 -> 0 | BF76: =BE76-BD76 -> 0 | BG76: =BF76/BD76 -> #DIV/0! | BI76: 0 | BJ76: =W76 -> 0 | BK76: =BJ76-BI76 -> 0 | BL76: =BK76/BI76 -> #DIV/0!
A77: Ludlow | B77: =2966+9 -> 2975 | C77: =17360659+52681 -> 17413340 | F77: =580+1 -> 581 | G77: 4303561 | H77: 306522 | I77: =+G77+H77 -> 4610083 | J77: 120 | K77: 12257955 | L77: 43774 | M77: 0 | N77: =+L77+M77 -> 43774 | P77: =+I77+K77 -> 16868038 | S77: 0 | V77: 17097580 | W77: 66866 | X77: 0 | Y77: =+W77+X77 -> 66866 | AA77: =+S77+V77 -> 17097580 | AB77: 0 | AC77: =+C77+P77+AA77+AB77 -> 51378958 | AD77: =+N77+Y77 -> 110640 | AE77: 50349091 | AF77: =AC77-AE77 -> 1029866.7 | AG77: =AC77/AE77-1 -> 0.020454525 | AI77: 17300252 | AJ77: =C77 -> 17413340 | AK77: =(AJ77-AI77)/AI77 -> 0.0065367834 | AL77: =AJ77-AI77 -> 113088 | AM77: 5286318 | AN77: =I77 -> 4610083 | AO77: =(AN77-AM77)/AM77 -> -0.12792174 | AP77: =AN77-AM77 -> -676235 | AQ77: 11023329 | AR77: =K77 -> 12257955 | AS77: =(AR77-AQ77)/AQ77 -> 0.11200121 | AT77: =AR77-AQ77 -> 1234626.2 | AU77: 36580.14 | AV77: =L77 -> 43774 | AW77: =(AV77-AU77)/AU77 -> 0.19666026 | AX77: =AV77-AU77 -> 7193.86 | AZ77: 0 | BA77: =S77 -> 0 | BB77: =BA77-AZ77 -> 0 | BC77: =BB77/AZ77 -> #DIV/0! | BD77: 16739192 | BE77: =V77 -> 17097580 | BF77: =BE77-BD77 -> 358387.56 | BG77: =BF77/BD77 -> 0.021410087 | BI77: 71807 | BJ77: =W77 -> 66866 | BK77: =BJ77-BI77 -> -4941 | BL77: =BK77/BI77 -> -0.068809448
A78: Lyndonville | B78: 4906 | C78: 33526203 | F78: 938 | G78: 11903747 | H78: 476514 | I78: =+G78+H78 -> 12380261 | J78: 40 | K78: 16943526 | L78: 57065.79 | M78: 0 | N78: =+L78+M78 -> 57065.79 | P78: =+I78+K78 -> 29323787 | S78: 0 | V78: 0 | W78: 0 | X78: 0 | Y78: =+W78+X78 -> 0 | AA78: =+S78+V78 -> 0 | AB78: 0 | AC78: =+C78+P78+AA78+AB78 -> 62849990 | AD78: =+N78+Y78 -> 57065.79 | AE78: 61625975 | AF78: =AC78-AE78 -> 1224015 | AG78: =AC78/AE78-1 -> 0.019861998 | AI78: 33828424 | AJ78: =C78 -> 33526203 | AK78: =(AJ78-AI78)/AI78 -> -0.0089339367 | AL78: =AJ78-AI78 -> -302221 | AM78: 12005701 | AN78: =I78 -> 12380261 | AO78: =(AN78-AM78)/AM78 -> 0.031198511 | AP78: =AN78-AM78 -> 374560 | AQ78: 15791850 | AR78: =K78 -> 16943526 | AS78: =(AR78-AQ78)/AQ78 -> 0.072928504 | AT78: =AR78-AQ78 -> 1151676 | AU78: 53490.81 | AV78: =L78 -> 57065.79 | AW78: =(AV78-AU78)/AU78 -> 0.066833536 | AX78: =AV78-AU78 -> 3574.98 | AZ78: 0 | BA78: =S78 -> 0 | BB78: =BA78-AZ78 -> 0 | BC78: =BB78/AZ78 -> #DIV/0! | BD78: 0 | BE78: =V78 -> 0 | BF78: =BE78-BD78 -> 0 | BG78: =BF78/BD78 -> #DIV/0! | BI78: 0 | BJ78: =W78 -> 0 | BK78: =BJ78-BI78 -> 0 | BL78: =BK78/BI78 -> #DIV/0!
A79: Morrisville | B79: 3644 | C79: =23099459+605392 -> 23704851 | F79: 571 | G79: 5432394 | H79: 37312 | I79: =+G79+H79 -> 5469706 | J79: 98 | K79: 17820955 | L79: 51663 | M79: 0 | N79: =+L79+M79 -> 51663 | P79: =+I79+K79 -> 23290661 | S79: 0 | V79: 0 | W79: 0 | X79: 0 | Y79: =+W79+X79 -> 0 | AA79: =+S79+V79 -> 0 | AB79: 0 | AC79: =+C79+P79+AA79+AB79 -> 46995512 | AD79: =+N79+Y79 -> 51663 | AE79: 46703552 | AF79: =AC79-AE79 -> 291960 | AG79: =AC79/AE79-1 -> 0.0062513447 | AI79: 23533263 | AJ79: =C79 -> 23704851 | AK79: =(AJ79-AI79)/AI79 -> 0.0072912966 | AL79: =AJ79-AI79 -> 171588 | AM79: 5280294 | AN79: =I79 -> 5469706 | AO79: =(AN79-AM79)/AM79 -> 0.035871487 | AP79: =AN79-AM79 -> 189412 | AQ79: 17889995 | AR79: =K79 -> 17820955 | AS79: =(AR79-AQ79)/AQ79 -> -0.0038591403 | AT79: =AR79-AQ79 -> -69040 | AU79: 51587.8 | AV79: =L79 -> 51663 | AW79: =(AV79-AU79)/AU79 -> 0.001457709 | AX79: =AV79-AU79 -> 75.2 | AZ79: 0 | BA79: =S79 -> 0 | BB79: =BA79-AZ79 -> 0 | BC79: =BB79/AZ79 -> #DIV/0! | BD79: 0 | BE79: =V79 -> 0 | BF79: =BE79-BD79 -> 0 | BG79: =BF79/BD79 -> #DIV/0! | BI79: 0 | BJ79: =W79 -> 0 | BK79: =BJ79-BI79 -> 0 | BL79: =BK79/BI79 -> #DIV/0!
A80: Northfield | B80: 1622 | C80: 10792180 | F80: 225 | G80: 2565391 | H80: 88147 | I80: =+G80+H80 -> 2653538 | J80: 17 | K80: 7218841.1 | L80: 19416.616 | M80: 0 | N80: =+L80+M80 -> 19416.616 | P80: =+I80+K80 -> 9872379.1 | S80: 0 | U80: 1 | V80: 7896119 | W80: 16855.474 | X80: 0 | Y80: =+W80+X80 -> 16855.474 | AA80: =+S80+V80 -> 7896119 | AB80: 0 | AC80: =+C80+P80+AA80+AB80 -> 28560678 | AD80: =+N80+Y80 -> 36272.09 | AE80: 27105961 | AF80: =AC80-AE80 -> 1454717.1 | AG80: =AC80/AE80-1 -> 0.053667794 | AI80: 10873110 | AJ80: =C80 -> 10792180 | AK80: =(AJ80-AI80)/AI80 -> -0.0074431326 | AL80: =AJ80-AI80 -> -80930 | AM80: 2727891.4 | AN80: =I80 -> 2653538 | AO80: =(AN80-AM80)/AM80 -> -0.02725672 | AP80: =AN80-AM80 -> -74353.371 | AQ80: 6263633.6 | AR80: =K80 -> 7218841.1 | AS80: =(AR80-AQ80)/AQ80 -> 0.15250054 | AT80: =AR80-AQ80 -> 955207.49 | AU80: 18455.484 | AV80: =L80 -> 19416.616 | AW80: =(AV80-AU80)/AU80 -> 0.052078396 | AX80: =AV80-AU80 -> 961.132 | AZ80: 0 | BA80: =S80 -> 0 | BB80: =BA80-AZ80 -> 0 | BC80: =BB80/AZ80 -> #DIV/0! | BD80: 7241326 | BE80: =V80 -> 7896119 | BF80: =BE80-BD80 -> 654793 | BG80: =BF80/BD80 -> 0.090424461 | BI80: 16903.368 | BJ80: =W80 -> 16855.474 | BK80: =BJ80-BI80 -> -47.894 | BL80: =BK80/BI80 -> -0.0028333998
A81: Orleans | B81: 580 | C81: 4097061 | F81: 92 | G81: 2064666 | H81: 111926 | I81: =+G81+H81 -> 2176592 | K81: 0 | L81: 0 | M81: 0 | N81: =+L81+M81 -> 0 | P81: =+I81+K81 -> 2176592 | S81: 0 | U81: 1 | V81: 6616800 | W81: 24236 | X81: 0 | Y81: =+W81+X81 -> 24236 | AA81: =+S81+V81 -> 6616800 | AB81: 0 | AC81: =+C81+P81+AA81+AB81 -> 12890453 | AD81: =+N81+Y81 -> 24236 | AE81: 11984282 | AF81: =AC81-AE81 -> 906171 | AG81: =AC81/AE81-1 -> 0.075613291 | AI81: 4077447 | AJ81: =C81 -> 4097061 | AK81: =(AJ81-AI81)/AI81 -> 0.004810363 | AL81: =AJ81-AI81 -> 19614 | AM81: 2163635 | AN81: =I81 -> 2176592 | AO81: =(AN81-AM81)/AM81 -> 0.0059885332 | AP81: =AN81-AM81 -> 12957 | AQ81: 0 | AR81: =K81 -> 0 | AS81: =(AR81-AQ81)/AQ81 -> #DIV/0! | AT81: =AR81-AQ81 -> 0 | AU81: 0 | AV81: =L81 -> 0 | AW81: =(AV81-AU81)/AU81 -> #DIV/0! | AX81: =AV81-AU81 -> 0 | AZ81: 0 | BA81: =S81 -> 0 | BB81: =BA81-AZ81 -> 0 | BC81: =BB81/AZ81 -> #DIV/0! | BD81: 5743200 | BE81: =V81 -> 6616800 | BF81: =BE81-BD81 -> 873600 | BG81: =BF81/BD81 -> 0.15211032 | BI81: 25702.583 | BJ81: =W81 -> 24236 | BK81: =BJ81-BI81 -> -1466.5833 | BL81: =BK81/BI81 -> -0.057059764
A82: Stowe | B82: =3434+103 -> 3537 | C82: =26049742+1502697 -> 27552439 | F82: =704+10 -> 714 | G82: =7406003+148605 -> 7554608 | H82: 44967 | I82: =+G82+H82 -> 7599575 | J82: 98 | K82: 33445067 | L82: 92952 | M82: 0 | N82: =+L82+M82 -> 92952 | P82: =+I82+K82 -> 41044642 | S82: 0 | U82: 1 | V82: 9150600 | W82: 28000 | X82: 0 | Y82: =+W82+X82 -> 28000 | AA82: =+S82+V82 -> 9150600 | AB82: 0 | AC82: =+C82+P82+AA82+AB82 -> 77747681 | AD82: =+N82+Y82 -> 120952 | AE82: 72521968 | AF82: =AC82-AE82 -> 5225713 | AG82: =AC82/AE82-1 -> 0.072056966 | AI82: 27385222 | AJ82: =C82 -> 27552439 | AK82: =(AJ82-AI82)/AI82 -> 0.0061061035 | AL82: =AJ82-AI82 -> 167217 | AM82: 7693710 | AN82: =I82 -> 7599575 | AO82: =(AN82-AM82)/AM82 -> -0.01223532 | AP82: =AN82-AM82 -> -94135 | AQ82: 30120836 | AR82: =K82 -> 33445067 | AS82: =(AR82-AQ82)/AQ82 -> 0.11036317 | AT82: =AR82-AQ82 -> 3324231 | AU82: 75724 | AV82: =L82 -> 92952 | AW82: =(AV82-AU82)/AU82 -> 0.22751043 | AX82: =AV82-AU82 -> 17228 | AZ82: 0 | BA82: =S82 -> 0 | BB82: =BA82-AZ82 -> 0 | BC82: =BB82/AZ82 -> #DIV/0! | BD82: 7322200 | BE82: =V82 -> 9150600 | BF82: =BE82-BD82 -> 1828400 | BG82: =BF82/BD82 -> 0.24970637 | BI82: 31960 | BJ82: =W82 -> 28000 | BK82: =BJ82-BI82 -> -3960 | BL82: =BK82/BI82 -> -0.12390488
A83: Swanton | B83: 3340 | C83: 27513609 | F83: 340 | G83: 2941004 | H83: 126928 | I83: =+G83+H83 -> 3067932 | J83: 89 | K83: 22233586 | L83: 87995 | M83: 0 | N83: =+L83+M83 -> 87995 | P83: =+I83+K83 -> 25301518 | S83: 0 | V83: 0 | W83: 0 | X83: 0 | Y83: =+W83+X83 -> 0 | AA83: =+S83+V83 -> 0 | AB83: 0 | AC83: =+C83+P83+AA83+AB83 -> 52815127 | AD83: =+N83+Y83 -> 87995 | AE83: 51963306 | AF83: =AC83-AE83 -> 851821 | AG83: =AC83/AE83-1 -> 0.016392741 | AI83: 27265015 | AJ83: =C83 -> 27513609 | AK83: =(AJ83-AI83)/AI83 -> 0.0091176917 | AL83: =AJ83-AI83 -> 248594 | AM83: 3102669 | AN83: =I83 -> 3067932 | AO83: =(AN83-AM83)/AM83 -> -0.011195845 | AP83: =AN83-AM83 -> -34737 | AQ83: 21595622 | AR83: =K83 -> 22233586 | AS83: =(AR83-AQ83)/AQ83 -> 0.029541358 | AT83: =AR83-AQ83 -> 637964 | AU83: 87843 | AV83: =L83 -> 87995 | AW83: =(AV83-AU83)/AU83 -> 0.0017303598 | AX83: =AV83-AU83 -> 152 | AZ83: 0 | BA83: =S83 -> 0 | BB83: =BA83-AZ83 -> 0 | BC83: =BB83/AZ83 -> #DIV/0! | BD83: 0 | BE83: =V83 -> 0 | BF83: =BE83-BD83 -> 0 | BG83: =BF83/BD83 -> #DIV/0! | BI83: 0 | BJ83: =W83 -> 0 | BK83: =BJ83-BI83 -> 0 | BL83: =BK83/BI83 -> #DIV/0!
A84: Vermont Electric Coop (VEC). | B84: =35316+55 -> 35371 | C84: =233047161+6435089 -> 239482250 | F84: 4715 | G84: 67718942 | H84: 1510629 | I84: =+G84+H84 -> 69229571 | J84: 152 | K84: =72869766-6435089 -> 66434677 | L84: 23324 | M84: 0 | N84: =+L84+M84 -> 23324 | P84: =+I84+K84 -> 135664248 | R84: 6 | S84: 5557123 | U84: 10 | V84: 87192659 | W84: 323836 | X84: 0 | Y84: =+W84+X84 -> 323836 | AA84: =+S84+V84 -> 92749782 | AB84: 0 | AC84: =+C84+P84+AA84+AB84 -> 467896280 | AD84: =+N84+Y84 -> 347160 | AE84: 473139704 | AF84: =AC84-AE84 -> -5243424 | AG84: =AC84/AE84-1 -> -0.01108219 | AI84: 241211206 | AJ84: =C84 -> 239482250 | AK84: =(AJ84-AI84)/AI84 -> -0.0071678096 | AL84: =AJ84-AI84 -> -1728956 | AM84: 64019879 | AN84: =I84 -> 69229571 | AO84: =(AN84-AM84)/AM84 -> 0.081376161 | AP84: =AN84-AM84 -> 5209692 | AQ84: 73793408 | AR84: =K84 -> 66434677 | AS84: =(AR84-AQ84)/AQ84 -> -0.099720709 | AT84: =AR84-AQ84 -> -7358731 | AU84: 22442 | AV84: =L84 -> 23324 | AW84: =(AV84-AU84)/AU84 -> 0.03930131 | AX84: =AV84-AU84 -> 882 | AZ84: 5604228 | BA84: =S84 -> 5557123 | BB84: =BA84-AZ84 -> -47105 | BC84: =BB84/AZ84 -> -0.0084052612 | BD84: 88510983 | BE84: =V84 -> 87192659 | BF84: =BE84-BD84 -> -1318324 | BG84: =BF84/BD84 -> -0.014894468 | BI84: 207220 | BJ84: =W84 -> 323836 | BK84: =BJ84-BI84 -> 116616 | BL84: =BK84/BI84 -> 0.56276421
A85: Washington Electric Coop (WEC) | B85: 10206 | C85: 66279783 | F85: 658 | G85: 5290618 | H85: 139900 | I85: =+G85+H85 -> 5430518 | J85: 13 | K85: 4228042 | L85: 13301 | M85: 0 | N85: =+L85+M85 -> 13301 | P85: =+I85+K85 -> 9658560 | S85: 0 | V85: 0 | W85: 0 | X85: 0 | Y85: =+W85+X85 -> 0 | AA85: =+S85+V85 -> 0 | AB85: 0 | AC85: =+C85+P85+AA85+AB85 -> 75938343 | AD85: =+N85+Y85 -> 13301 | AE85: 83628197 | AF85: =AC85-AE85 -> -7689854 | AG85: =AC85/AE85-1 -> -0.091952885 | AI85: 64931355 | AJ85: =C85 -> 66279783 | AK85: =(AJ85-AI85)/AI85 -> 0.020766978 | AL85: =AJ85-AI85 -> 1348428 | AM85: 5101111 | AN85: =I85 -> 5430518 | AO85: =(AN85-AM85)/AM85 -> 0.064575541 | AP85: =AN85-AM85 -> 329407 | AQ85: 3132283 | AR85: =K85 -> 4228042 | AS85: =(AR85-AQ85)/AQ85 -> 0.34982759 | AT85: =AR85-AQ85 -> 1095759 | AU85: 11060.311 | AV85: =L85 -> 13301 | AW85: =(AV85-AU85)/AU85 -> 0.20258825 | AX85: =AV85-AU85 -> 2240.689 | AZ85: 0 | BA85: =S85 -> 0 | BB85: =BA85-AZ85 -> 0 | BC85: =BB85/AZ85 -> #DIV/0! | BD85: 0 | BE85: =V85 -> 0 | BF85: =BE85-BD85 -> 0 | BG85: =BF85/BD85 -> #DIV/0! | BH85: moved to Commercial Demand | BI85: 0 | BJ85: =W85 -> 0 | BK85: =BJ85-BI85 -> 0 | BL85: =BK85/BI85 -> #DIV/0!
A86: Total Subject to EEC Charge | B86: =SUM(B70:B85) -> 301441 | C86: =SUM(C70:C85) -> 2163164825 | F86: =SUM(F70:F85) -> 46321 | G86: =SUM(G70:G85) -> 424798161 | H86: =SUM(H70:H85) -> 12160856 | I86: =G86+H86 -> 436959017 | J86: =SUM(J70:J85) -> 9563 | K86: =SUM(K70:K85) -> 1.3287612e+09 | L86: =SUM(L70:L85) -> 4003586.9 | M86: =SUM(M70:M85) -> 1881427 | N86: =+L86+M86 -> 5885013.9 | P86: =SUM(P70:P85) -> 1.7657202e+09 | R86: =SUM(R70:R85) -> 6 | S86: =SUM(S70:S85) -> 5557123 | U86: =SUM(U70:U85) -> 83 | V86: =SUM(V70:V85) -> 699115184 | W86: =SUM(W70:W85) -> 1527046.5 | X86: =SUM(X70:X85) -> 1112510 | Y86: =SUM(Y70:Y85) -> 2639556.5 | AA86: =SUM(AA70:AA85) -> 704672307 | AB86: =SUM(AB70:AB85) -> 0 | AC86: =SUM(AC70:AC85) -> 4.6335574e+09 | AD86: =SUM(AD70:AD85) -> 8524570.4 | AE86: =SUM(AE70:AE85) -> 4.5569642e+09 | AF86: =SUM(AF70:AF85) -> 76593117 | AG86: =AC86/AE86-1 -> 0.016807926 | AI86: =SUM(AI70:AI85) -> 2140668931 | AJ86: =SUM(AJ70:AJ85) -> 2163164825 | AK86: =(AJ86-AI86)/AI86 -> 0.010508815 | AL86: =AJ86-AI86 -> 22495894 | AM86: =SUM(AM70:AM85) -> 4.0988026e+08 | AN86: =SUM(AN70:AN85) -> 436959017 | AO86: =(AN86-AM86)/AM86 -> 0.06606504 | AP86: =AN86-AM86 -> 27078756 | AQ86: =SUM(AQ70:AQ85) -> 1.2969123e+09 | AR86: =SUM(AR70:AR85) -> 1.3287612e+09 | AS86: =(AR86-AQ86)/AQ86 -> 0.024557475 | AT86: =AR86-AQ86 -> 31848892 | AU86: =SUM(AU70:AU85) -> 3765259.7 | AV86: =SUM(AV70:AV85) -> 4003586.9 | AW86: =(AV86-AU86)/AU86 -> 0.063296362 | AX86: =AV86-AU86 -> 238327.24 | AZ86: =SUM(AZ70:AZ85) -> 5604228 | BA86: =SUM(BA70:BA85) -> 5557123 | BB86: =SUM(BB70:BB85) -> -47105 | BC86: =BB86/AZ86 -> -0.0084052612 | BD86: =SUM(BD70:BD85) -> 6.9343506e+08 | BE86: =SUM(BE70:BE85) -> 699115184 | BF86: =SUM(BF70:BF85) -> 5680128.6 | BG86: =BF86/BD86 -> 0.0081912913 | BI86: =SUM(BI70:BI85) -> 1427722 | BJ86: =SUM(BJ70:BJ85) -> 1527046.5 | BK86: =SUM(BK70:BK85) -> 99324.523 | BL86: =BK86/BI86 -> 0.069568534
A88: Total Statewide | C88: =C67+C86 -> 2163164825 | G88: =G67+G86 -> 424798161 | H88: =H67+H86 -> 12160856 | I88: =I67+I86 -> 436959017 | K88: =K67+K86 -> 1.3287612e+09 | L88: =L67+L86 -> 4003586.9 | M88: =M67+M86 -> 1881427 | N88: =N67+N86 -> 5885013.9 | P88: =P67+P86 -> 1.7657202e+09 | S88: =S67+S86 -> 5557123 | V88: =V86+V67 -> 1244458941 | W88: =+W86+W67 -> 2426939.5 | X88: =X67+X86 -> 1977418 | Y88: =Y67+Y86 -> 4404357.5 | AA88: =AA67+AA86 -> 1250016064 | AB88: =AB67+AB86 -> 0 | AC88: =AC67+AC86 -> 5.1789011e+09 | AD88: =AD67+AD86 -> 10289371 | AP88: All C kWh | AQ88: =AQ86+AM86 -> 1.7067926e+09 | AR88: =AR86+AN86 -> 1.7657202e+09 | AS88: =(AR88-AQ88)/AQ88 -> 0.034525371 | AT88: =AR88-AQ88 -> 58927648
A89: Projected 2021 | C89: 2151132379 | G89: 3.9733679e+08 | H89: 12543472 | I89: 4.0988026e+08 | K89: 1.2969123e+09 | L89: 4121116.7 | M89: 1919140 | N89: 6040256.7 | P89: 1.7067926e+09 | S89: 5604228 | V89: 1.2387788e+09 | W89: 2327615 | X89: 1987586 | Y89: 4315201 | AA89: 1.244383e+09 | AB89: 0 | AC89: 5.102308e+09 | AD89: 10355458
A90: Change | C90: =C88-C89 -> 12032446 | G90: =G88-G89 -> 27461372 | H90: =H88-H89 -> -382615.66 | I90: =I88-I89 -> 27078756 | K90: =K88-K89 -> 31848892 | L90: =L88-L89 -> -117529.76 | M90: =M88-M89 -> -37713 | N90: =N88-N89 -> -155242.76 | P90: =P88-P89 -> 58927648 | S90: =S88-S89 -> -47105 | V90: =V88-V89 -> 5680128.6 | W90: =W88-W89 -> 99324.523 | X90: =X88-X89 -> -10168 | Y90: =Y88-Y89 -> 89156.523 | AA90: =AA88-AA89 -> 5633023.6 | AB90: =AB88-AB89 -> 0 | AC90: =AC88-AC89 -> 76593117 | AD90: =AD88-AD89 -> -66086.236
A91: % | C91: =C90/C89 -> 0.0055935405 | G91: =G90/G89 -> 0.069113589 | H91: =H90/H89 -> -0.030503171 | I91: =I90/I89 -> 0.06606504 | K91: =K90/K89 -> 0.024557475 | L91: =L90/L89 -> -0.028518911 | M91: =M90/M89 -> -0.01965099 | N91: =N90/N89 -> -0.025701351 | P91: =P90/P89 -> 0.034525371 | S91: =S90/S89 -> -0.0084052612 | V91: =V90/V89 -> 0.0045852645 | W91: =W90/W89 -> 0.042672231 | X91: =X90/X89 -> -0.0051157535 | Y91: =Y90/Y89 -> 0.020661036 | AA91: =AA90/AA89 -> 0.0045267602 | AB91: =AB90/AB89 -> #DIV/0! | AC91: =AC90/AC89 -> 0.015011465 | AD91: =AD90/AD89 -> -0.0063817785
A93: As Reported To FERC/Annual Report | G93: xxx | I93: xxx | K93: xxx | L93: xxx | M93: xxx | N93: xxx | P93: =AC93-AA93-C93 -> 0 | S93: xxx | V93: xxx | W93: xxx | X93: xxx | Y93: xxx | AD93: xxx
G94: =G86+H86-G92 -> 436959017 | K94: =(K86-K92)/1000 -> 1328761.2
A95: Difference | G95: xxx | H95: =H88-H93 -> 12160856 | I95: xxx | K95: xxx | L95: xxx | M95: xxx | N95: xxx | P95: =P88-P93 -> 1.7657202e+09 | S95: xxx | V95: xxx | W95: xxx | X95: xxx | Y95: xxx | AA95: =AA88-AA93 -> 1250016064 | AB95: =#REF!-AB93 -> #REF! | AC95: =AC88-AC93 -> 5.1789011e+09 | AD95: xxx
V96: =V86-V92 -> 699115184
A98: Note 1: The following definitions shall apply for "Commercial" and "Industrial" Customer/Rate Classes; Commercial-less than 1,000 kw per month for all months during the preceding calendar year; Industrial-1,000 kW or more per month for any month during the preceding calendar year.
A99: "Rate Classes" and "Total Company" revenues and kWh as reported here and as reported to FERC should agree, however, if they do not the information reported here must be in accordance with the definitions shown above and any differences reconciled and reported on the Reconciliation Worksheets within this Workbook.
A101: Note 2: Authorized Exclusions (if any) apply only where Public Utility Commission Approval has been specifically granted:

Sheet Retail Sales v EEC
B3: DU $ | C3: EEC $ | D3: DU % | E3: EEC % | F3: Diff | H3: DU | I3: EEC
A4: Residential | B4: ='Util Rev and Load Data'!D40 -> 4.0060067e+08 | C4: 25261412 | D4: =B4/B$12 -> 0.5125918 | E4: =C4/C$12 -> 0.52453539 | F4: =E4-D4 -> 0.011943589 | G4: R | H4: =D4 -> 0.5125918 | I4: =E4 -> 0.52453539
A5: Commercial | B5: ='Util Rev and Load Data'!F40+'Util Rev and Load Data'!G40 -> 80258658 | C5: 4170701.9 | D5: =B5/B$12 -> 0.10269561 | E5: =C5/C$12 -> 0.08660168 | F5: =E5-D5 -> -0.01609393 | G5: C | H5: =SUM(D5:D7,D11) -> 0.374867 | I5: =SUM(E5:E7,E11) -> 0.36093917
A6: Commercial Demand kWh | B6: ='Util Rev and Load Data'!J40+'Util Rev and Load Data'!K40 -> 1.3474372e+08 | C6: 8875804.5 | D6: =B6/B$12 -> 0.17241241 | E6: =C6/C$12 -> 0.18429981 | F6: =E6-D6 -> 0.01188741 | G6: I | H6: =SUM(D8:D10) -> 0.1125412 | I6: =SUM(E8:E10) -> 0.11452545
A7: Commercial Demand kW | B7: ='Util Rev and Load Data'!L40+'Util Rev and Load Data'!M40 -> 72268969 | C7: 4213743.1 | D7: =B7/B$12 -> 0.092472339 | E7: =C7/C$12 -> 0.087495402 | F7: =E7-D7 -> -0.0049769368
A8: Industrial | B8: ='Util Rev and Load Data'!T40 -> 795558 | C8: 43355.81 | D8: =B8/B$12 -> 0.0010179626 | E8: =C8/C$12 -> 0.00090025279 | F8: =E8-D8 -> -0.00011770983
A9: Industrial Demand kWh | B9: ='Util Rev and Load Data'!U40+'Util Rev and Load Data'!V40 -> 58791482 | C9: 3601741 | D9: =B9/B$12 -> 0.075227112 | E9: =C9/C$12 -> 0.07478761 | F9: =E9-D9 -> -0.00043950178
A10: Industrial Demand kW | B10: ='Util Rev and Load Data'!Y40 -> 28366144 | C10: 1870402.4 | D10: =B10/B$12 -> 0.036296127 | E10: =C10/C$12 -> 0.038837585 | F10: =E10-D10 -> 0.0025414576
A11: Street & Area | B11: ='Util Rev and Load Data'!H40 -> 5694661.1 | C11: 122434.72 | D11: =B11/B$12 -> 0.0072866492 | E11: =C11/C$12 -> 0.0025422705 | F11: =E11-D11 -> -0.0047443787
A12: Total | B12: =SUM(B4:B11) -> 7.8151986e+08 | C12: =SUM(C4:C11) -> 48159595 | D12: =SUM(D4:D11) -> 1 | E12: =SUM(E4:E11) -> 1
A17: 2021 EEC Collections | B17: Budget | C17: Actual
A18: Residential | B18: 23971459 | C18: =C4 -> 25261412 | D18: =C18/B18-1 -> 0.053812032 | E18: =C18/C21 -> 0.52453539
A19: Commercial | B19: 16887622 | C19: =SUM(C5:C7,C11) -> 17382684 | D19: =C19/B19-1 -> 0.029315106 | E19: =C19/C21 -> 0.36093917
A20: Industrial | B20: 5554813.6 | C20: =SUM(C8:C10) -> 5515499.2 | D20: =C20/B20-1 -> -0.0070775411 | E20: =C20/C21 -> 0.11452545
A21: Total | B21: =SUM(B18:B20) -> 46413894 | C21: =SUM(C18:C20) -> 48159595 | D21: =C21-B21 -> 1745700.9
I40: 2022 EEC Collections | J40: Budget | K40: Estimated
I41: Residential | J41: ='EEC Collection True-Up'!C30 -> 23402002 | K41: ='EEC Collection True-Up'!I30 -> 23951137 | L41: =K41/J41-1 -> 0.023465338 | M41: =K41/K44 -> 0.51258922
I42: Commercial | J42: ='EEC Collection True-Up'!C31 -> 17473824 | K42: ='EEC Collection True-Up'!I31 -> 17343508 | L42: =K42/J42-1 -> -0.007457798 | M42: =K42/K44 -> 0.37117633
I43: Industrial | J43: ='EEC Collection True-Up'!C32 -> 5388233.5 | K43: ='EEC Collection True-Up'!I32 -> 5431146.5 | L43: =K43/J43-1 -> 0.0079642056 | M43: =K43/K44 -> 0.11623444
I44: Total | J44: =SUM(J41:J43) -> 46264059 | K44: =SUM(K41:K43) -> 46725792 | L44: =K44-J44 -> 461732.62

Sheet DU Totals
B2: Data from Utility Monthly | F2: Data from Utility Annual | I2: Variance between Monthly and Annual
A3: Customer Class | B3: 2020 kWh and kW | C3: 2020 EEC Rates | D3: Calculated 2020 EEC Revenue | E3: Actual 2020 EEC Revenue | F3: 2020 kWh and kW | G3: 2020 EEC Rates | H3: 2020 EEC Revenue | I3: 2020 kWh and kW | J3: 2020 EEC Rates | K3: 2020 EEC Revenue
A4: Res-Kilowatt Hours | B4: 2.0729719e+09 | C4: 0.01188 | D4: =C4*B4 -> 24626906 | E4: 24643402 | F4: =B32 -> 1858999797 | G4: 0.01188 | H4: =G4*F4 -> 22084918 | I4: =F4-B4 -> -2.1397212e+08 | J4: 0.01188 | K4: =J4*I4 -> -2541988.8 | L4: =K4/D4 -> -0.10321998
A5: Com-Non-Demand Customer - Sales | B5: 3.1378175e+08 | C5: 0.01024 | D5: =C5*B5 -> 3213125.1 | E5: 3213831.3 | F5: =C32 -> 356299843 | G5: 0.01024 | H5: =G5*F5 -> 3648510.4 | I5: =F5-B5 -> 42518090 | J5: 0.01024 | K5: =J5*I5 -> 435385.25 | L5: =K5/D5 -> 0.13550211
A6: Com-Demand Customer - Sales | B6: 1.3626634e+09 | C6: 0.00662 | D6: =C6*B6 -> 9020831.6 | E6: 9021625.8 | F6: =D32 -> 1.2788682e+09 | G6: 0.00662 | H6: =G6*F6 -> 8466107.3 | I6: =F6-B6 -> -83795223 | J6: 0.00662 | K6: =J6*I6 -> -554724.38 | L6: =K6/D6 -> -0.061493707
A7: Com-Demand Customer - Billed Capacity | B7: 4016376.3 | C7: 1.13825 | D7: =C7*B7 -> 4571640.4 | E7: 4571640.7 | F7: ='Util Rev and Load Data'!L86 -> 4003586.9 | G7: 1.13825 | H7: =G7*F7 -> 4557082.8 | I7: =F7-B7 -> -12789.429 | J7: 1.13825 | K7: =J7*I7 -> -14557.568 | L7: =K7/D7 -> -0.0031843204
A8: Ind-Non-Demand Customer - Sales | B8: 5262254 | C8: 0.00757 | D8: =C8*B8 -> 39835.263 | E8: 39835.26 | F8: =E32 -> 0 | G8: 0.00757 | H8: =G8*F8 -> 0 | I8: =F8-B8 -> -5262254 | J8: 0.00757 | K8: =J8*I8 -> -39835.263 | L8: =K8/D8 -> -1
A9: Ind-Demand Customer - Sales | B9: 6.8317764e+08 | C9: 0.00521 | D9: =C9*B9 -> 3559355.5 | E9: 3559384.3 | F9: =F32 -> 611144614 | G9: 0.00521 | H9: =G9*F9 -> 3184063.4 | I9: =F9-B9 -> -72033026 | J9: 0.00521 | K9: =J9*I9 -> -375292.07 | L9: =K9/D9 -> -0.10543821
A10: Ind-Demand Customer - Billed Capacity | B10: 1552366.7 | C10: 1.21316 | D10: =C10*B10 -> 1883269.2 | E10: 1883269.6 | F10: ='Util Rev and Load Data'!W86 -> 1527046.5 | G10: 1.21316 | H10: =G10*F10 -> 1852551.7 | I10: =F10-B10 -> -25320.222 | J10: 1.21316 | K10: =J10*I10 -> -30717.481 | L10: =K10/D10 -> -0.016310722
A11: Street & Area - Kilowatt Hours | B11: 12425151 | C11: 0.01024 | D11: =C11*B11 -> 127233.55 | E11: 127265.33 | F11: ='Util Rev and Load Data'!H86 -> 12160856 | G11: 0.01024 | H11: =G11*F11 -> 124527.17 | I11: =F11-B11 -> -264294.95 | J11: 0.01024 | K11: =J11*I11 -> -2706.3803 | L11: =K11/D11 -> -0.021270965
A12: Total | D12: =SUM(D4:D11) -> 47042197 | E12: =SUM(E4:E11) -> 47060254 | H12: =SUM(H4:H11) -> 43917760 | K12: =SUM(K4:K11) -> -3124436.7
F13: =F11+F5 -> 368460699
A15: Utility Sales without Net Meter Gross Consumption | B15: Residential | C15: Commercial Non-Demand | D15: Commercial Demand | E15: Industrial Non-Demand | F15: Industrial Demand | H15: Utility Sales Year w/o NM | I15: Commercial Non-Demand MWh | J15: Commercial Demand MWh | K15: Commercial Demand On- Peak MW | L15: Sum MWh | O15: Utility Sales Year w/o NM | P15: Industrial Non-Demand MWh | Q15: Industrial Demand MWh | R15: Industrial Demand On- Peak MW | S15: Sum MWh | V15: Utility Sales Year w/o NM | W15: Residential
A16: Barton | B16: ='Sales by DU'!$F5 -> 10997382 | C16: ='Sales by DU'!$F6 -> 969661 | D16: ='Sales by DU'!$F7 -> 2207167 | E16: ='Sales by DU'!$F9 -> 0 | F16: ='Sales by DU'!$F10 -> 0 | H16: Actual 2017 | I16: =319403731/1000 -> 319403.73 | J16: =1520551690/1000 -> 1520551.7 | K16: =4836804/1000 -> 4836.804 | L16: =J16+I16 -> 1839955.4 | O16: Actual 2017 | P16: =9972776/1000 -> 9972.776 | Q16: =703687893/1000 -> 703687.89 | R16: =1416503/1000 -> 1416.503 | S16: =Q16+P16 -> 713660.67 | V16: Actual 2017 | W16: =1931666733/1000 -> 1931666.7
A17: Enosburg Falls | B17: ='Sales by DU'!$F15 -> 14368020 | C17: ='Sales by DU'!$F16 -> 2226114 | D17: ='Sales by DU'!$F17 -> 9946096 | E17: ='Sales by DU'!$F19 -> 0 | F17: ='Sales by DU'!$F20 -> 0 | H17: Actual 2018 | I17: 321561 | J17: 1533131 | K17: 4871 | L17: =J17+I17 -> 1854692 | M17: =J17/J16-1 -> 0.0082728592 | O17: Actual 2018 | P17: 8703 | Q17: 714470 | R17: 1391 | S17: 1854692 | T17: =Q17/Q16-1 -> 0.015322286 | V17: Actual 2018 | W17: =2017249821/1000 -> 2017249.8 | X17: =W17/W16-1 -> 0.044305307
A18: Green Mountain Power | B18: ='Sales by DU'!$F25 -> 1575342639 | C18: ='Sales by DU'!$F26 -> 299238733 | D18: ='Sales by DU'!$F27 -> 1117343690 | E18: ='Sales by DU'!$F29 -> 0 | F18: ='Sales by DU'!$F30 -> 570383515 | H18: Actual 2019 | I18: =325235488/1000 -> 325235.49 | J18: =1494771203/1000 -> 1494771.2 | K18: =4837870/1000 -> 4837.87 | L18: =J18+I18 -> 1820006.7 | M18: =J18/J17-1 -> -0.025020561 | O18: Actual 2019 | P18: =5578093/1000 -> 5578.093 | Q18: =723823600/1000 -> 723823.6 | R18: =1734103/1000 -> 1734.103 | S18: 1815137 | T18: =Q18/Q17-1 -> 0.013091662 | V18: Actual 2019 | W18: =1983006159/1000 -> 1983006.2 | X18: =W18/W17-1 -> -0.01697542
A19: Hardwick | B19: ='Sales by DU'!$F35 -> 25059496 | C19: ='Sales by DU'!$F36 -> 4972597 | D19: ='Sales by DU'!$F37 -> 5527444 | E19: ='Sales by DU'!$F39 -> 0 | F19: ='Sales by DU'!$F40 -> 0 | H19: Actual 2020 | I19: =('Sales by DU'!F175+'Sales by DU'!F181)/1000 -> 367077 | J19: ='Sales by DU'!F176/1000 -> 1278868.2 | K19: ='Sales by DU'!F177/1000 -> 4068.2579 | L19: =J19+I19 -> 1645945.2 | M19: =J19/J18-1 -> -0.14443885 | O19: Actual 2020 | P19: ='Sales by DU'!F178/1000 -> 0 | Q19: ='Sales by DU'!F179/1000 -> 611144.61 | R19: ='Sales by DU'!F180/1000 -> 1203.2105 | S19: 1697380 | T19: =Q19/Q18-1 -> -0.15567189 | V19: Actual 2020 | W19: ='Sales by DU'!F174/1000 -> 1858999.8 | X19: =W19/W18-1 -> -0.062534532
A20: Hyde Park | B20: ='Sales by DU'!$F45 -> 8776342 | C20: ='Sales by DU'!$F46 -> 2280911 | D20: ='Sales by DU'!$F47 -> 1600286 | E20: ='Sales by DU'!$F49 -> 0 | F20: ='Sales by DU'!$F50 -> 0 | H20: Est 2021 | I20: =(329279856+82000000)/1000 -> 411279.86 | J20: =(1494771203-82000000)/1000 -> 1412771.2 | K20: =(4837870-265.334)/1000 -> 4837.6047 | L20: =J20+I20 -> 1824051.1 | M20: =J20/J19-1 -> 0.10470433 | O20: Est 2021 | P20: =5578093/1000 -> 5578.093 | Q20: =723823600/1000 -> 723823.6 | R20: =1734103/1000 -> 1734.103 | S20: 1697380 | T20: =Q20/Q19-1 -> 0.18437369 | V20: Est 2021 | W20: =2055526658.23817/1000 -> 2055526.7 | X20: =W20/W19-1 -> 0.10571645
A21: Jacksonville | B21: ='Sales by DU'!$F55 -> 3799281 | C21: ='Sales by DU'!$F56 -> 593617 | D21: ='Sales by DU'!$F57 -> 790907 | E21: ='Sales by DU'!$F59 -> 0 | F21: ='Sales by DU'!$F60 -> 0 | H21: 2022 Basis | I21: =('Sales by DU'!D175+'Sales by DU'!D181)/1000 -> 370797.38 | J21: ='Sales by DU'!D176/1000 -> 1284560.1 | K21: ='Sales by DU'!D177/1000 -> 4068.2579 | L21: =J21+I21 -> 1655357.5 | M21: =J21/J20-1 -> -0.090751482 | O21: 2022 Basis | P21: ='Sales by DU'!D178/1000 -> 0 | Q21: ='Sales by DU'!D179/1000 -> 611922.53 | R21: ='Sales by DU'!D180/1000 -> 1203.2105 | S21: 1697380 | T21: =Q21/Q20-1 -> -0.15459716 | V21: 2022 Basis | W21: ='Sales by DU'!D174/1000 -> 1951196.2 | X21: =W21/W20-1 -> -0.050756079
A22: Johnson | B22: ='Sales by DU'!$F65 -> 5398757 | C22: ='Sales by DU'!$F66 -> 1302901 | D22: ='Sales by DU'!$F67 -> 5334938 | E22: ='Sales by DU'!$F69 -> 0 | F22: ='Sales by DU'!$F70 -> 0
A23: Ludlow | B23: ='Sales by DU'!$F75 -> 17370883 | C23: ='Sales by DU'!$F76 -> 4303561 | D23: ='Sales by DU'!$F77 -> 12257955 | E23: ='Sales by DU'!$F79 -> 0 | F23: ='Sales by DU'!$F80 -> 17097580
A24: Lyndonville | B24: ='Sales by DU'!$F85 -> 31885040 | C24: ='Sales by DU'!$F86 -> 11903747 | D24: ='Sales by DU'!$F87 -> 16943526 | E24: ='Sales by DU'!$F89 -> 0 | F24: ='Sales by DU'!$F90 -> 0 | I24: 2020 kWh | J24: 2019 kWh | K24: Delta
A25: Morrisville | B25: ='Sales by DU'!$F95 -> 23066422 | C25: ='Sales by DU'!$F96 -> 5432394 | D25: ='Sales by DU'!$F97 -> 17820955 | E25: ='Sales by DU'!$F99 -> 0 | F25: ='Sales by DU'!$F100 -> 0 | H25: GMP CND kWh | I25: =274392520 -> 274392520 | J25: 191542863 | K25: =I25-J25 -> 82849657
A26: Northfield | B26: ='Sales by DU'!$F105 -> 10615108 | C26: ='Sales by DU'!$F106 -> 2565391 | D26: ='Sales by DU'!$F107 -> 7218841.1 | E26: ='Sales by DU'!$F109 -> 0 | F26: ='Sales by DU'!$F110 -> 7896119 | H26: GMP D kWh | J26: 1277876137 | L26: =K25/J26 -> 0.064833871
A27: Orleans | B27: ='Sales by DU'!$F115 -> 4071694 | C27: ='Sales by DU'!$F116 -> 2064666 | D27: ='Sales by DU'!$F117 -> 0 | E27: ='Sales by DU'!$F119 -> 0 | F27: ='Sales by DU'!$F120 -> 6616800 | H27: GMP D kW | I27: =J27*(1-L26) -> 3827180.5 | J27: 4092514 | K27: =I27-J27 -> -265333.53
A28: Stowe | B28: ='Sales by DU'!$F125 -> 26332152 | C28: ='Sales by DU'!$F126 -> 7554608 | D28: ='Sales by DU'!$F127 -> 33445067 | E28: ='Sales by DU'!$F129 -> 0 | F28: ='Sales by DU'!$F130 -> 9150600
A29: Swanton | B29: ='Sales by DU'!$F135 -> 27273418 | C29: ='Sales by DU'!$F136 -> 2941004 | D29: ='Sales by DU'!$F137 -> 22233586 | E29: ='Sales by DU'!$F139 -> 0 | F29: ='Sales by DU'!$F140 -> 0
A30: Vermont Electric Coop (VEC) | B30: ='Sales by DU'!$F145 -> 18826828 | C30: ='Sales by DU'!$F146 -> 2659320 | D30: ='Sales by DU'!$F147 -> 21969666 | E30: ='Sales by DU'!$F149 -> 0 | F30: ='Sales by DU'!$F150 -> 0
A31: Washington Electric Coop (WEC) | B31: ='Sales by DU'!$F155 -> 55816335 | C31: ='Sales by DU'!$F156 -> 5290618 | D31: ='Sales by DU'!$F157 -> 4228042 | E31: ='Sales by DU'!$F159 -> 0 | F31: ='Sales by DU'!$F160 -> 0
A32: Total | B32: =SUM(B16:B31) -> 1858999797 | C32: =SUM(C16:C31) -> 356299843 | D32: =SUM(D16:D31) -> 1.2788682e+09 | E32: =SUM(E16:E31) -> 0 | F32: =SUM(F16:F31) -> 611144614

Sheet Sales by DU
A1: 2020 Reported Sales
A3: Utility | B3: Units | C3: Monthly w/o Net Meter | D3: Annual with Net Meter | E3: Net Meter Gross Cosumption | F3: Annual Net of Gross Consumption | G3: kWh or kW Variance | H3: Jan 2020 Rates | I3: Feb-Dec 2020 Rates | J3: Monthly Revenue | K3: Annual Revenue | L3: Annual vs Monthly
A4: Barton
A5: Res-Kilowatt Hours | B5: kWh | C5: 10789566 | D5: ='Util Rev and Load Data'!C70 -> 11205544 | E5: 208162 | F5: =D5-E5 -> 10997382 | G5: =F5-C5 -> 207816.12 | H5: 0.01371 | I5: 0.01188 | J5: =C5*I5 -> 128180.04 | K5: =I5*F5 -> 130648.9 | L5: =K5-J5 -> 2468.8555 | M5: =G5/C5 -> 0.019260842
A6: Com-Non-Demand Customer - Sales | B6: kWh | C6: 941907.6 | D6: ='Util Rev and Load Data'!G70 -> 969661 | E6: 0 | F6: =D6-E6 -> 969661 | G6: =F6-C6 -> 27753.4 | H6: 0.01091 | I6: 0.01024 | J6: =C6*I6 -> 9645.1338 | K6: =I6*F6 -> 9929.3286 | L6: =K6-J6 -> 284.19482 | M6: =G6/C6 -> 0.029465098
A7: Com-Demand Customer - Sales | B7: kWh | C7: 2133084.8 | D7: ='Util Rev and Load Data'!K70 -> 2207167 | E7: 0 | F7: =D7-E7 -> 2207167 | G7: =F7-C7 -> 74082.2 | H7: 0.00707 | I7: 0.00662 | J7: =C7*I7 -> 14121.021 | K7: =I7*F7 -> 14611.446 | L7: =K7-J7 -> 490.42416 | M7: =G7/C7 -> 0.034730077
A8: Com-Demand Customer - Billed Capacity | B8: kW | C8: 6769 | D8: ='Util Rev and Load Data'!L70 -> 6820 | E8: 0 | F8: =D8-E8 -> 6820 | G8: =F8-C8 -> 51 | H8: 1.1383 | I8: 1.13825 | J8: =C8*I8 -> 7704.8142 | K8: =I8*F8 -> 7762.865 | L8: =K8-J8 -> 58.05075 | M8: =G8/C8 -> 0.0075343478
A9: Ind-Non-Demand Customer - Sales | B9: kWh | C9: 0 | D9: ='Util Rev and Load Data'!S70 -> 0 | E9: 0 | F9: =D9-E9 -> 0 | G9: =F9-C9 -> 0 | H9: 0.0077 | I9: 0.00757 | J9: =C9*I9 -> 0 | K9: =I9*F9 -> 0 | L9: =K9-J9 -> 0 | M9: =G9/C9 -> #DIV/0!
A10: Ind-Demand Customer - Sales | B10: kWh | C10: 0 | D10: ='Util Rev and Load Data'!V70 -> 0 | E10: 0 | F10: =D10-E10 -> 0 | G10: =F10-C10 -> 0 | H10: 0.00522 | I10: 0.00521 | J10: =C10*I10 -> 0 | K10: =I10*F10 -> 0 | L10: =K10-J10 -> 0 | M10: =G10/C10 -> #DIV/0!
A11: Ind-Demand Customer - Billed Capacity | B11: kW | C11: 0 | D11: ='Util Rev and Load Data'!W70 -> 0 | E11: 0 | F11: =D11-E11 -> 0 | G11: =F11-C11 -> 0 | H11: 1.2132 | I11: 1.21316 | J11: =C11*I11 -> 0 | K11: =I11*F11 -> 0 | L11: =K11-J11 -> 0 | M11: =G11/C11 -> #DIV/0!
A12: Street & Area - Kilowatt Hours | B12: kWh | C12: 114744.36 | D12: ='Util Rev and Load Data'!H70 -> 118088 | E12: 0 | F12: =D12-E12 -> 118088 | G12: =F12-C12 -> 3343.64 | H12: 0.01091 | I12: 0.01024 | J12: =C12*I12 -> 1174.9822 | K12: =I12*F12 -> 1209.2211 | L12: =K12-J12 -> 34.238874 | M12: =G12/C12 -> 0.029139907
J13: =SUM(J5:J12) -> 160825.99 | K13: =SUM(K5:K12) -> 164161.76 | L13: =SUM(L5:L12) -> 3335.7641 | M13: =L13/J13 -> 0.020741449
A14: Enosburg Falls
A15: Res-Kilowatt Hours | B15: kWh | C15: 14441385 | D15: =VLOOKUP(A14,'Util Rev and Load Data'!A$70:W$85,3) -> 14673998 | E15: 305978 | F15: =D15-E15 -> 14368020 | G15: =F15-C15 -> -73364.51 | H15: 0.01371 | I15: 0.01188 | J15: =C15*I15 -> 171563.65 | K15: =I15*F15 -> 170692.08 | L15: =K15-J15 -> -871.57038 | M15: =G15/C15 -> -0.0050801577
A16: Com-Non-Demand Customer - Sales | B16: kWh | C16: 2160113.6 | D16: =VLOOKUP(A14,'Util Rev and Load Data'!A$70:W$85,7) -> 2226114 | E16: 0 | F16: =D16-E16 -> 2226114 | G16: =F16-C16 -> 66000.45 | H16: 0.01091 | I16: 0.01024 | J16: =C16*I16 -> 22119.563 | K16: =I16*F16 -> 22795.407 | L16: =K16-J16 -> 675.84461 | M16: =G16/C16 -> 0.030554158
A17: Com-Demand Customer - Sales | B17: kWh | C17: 9836149.6 | D17: =VLOOKUP(A14,'Util Rev and Load Data'!A$70:W$85,11) -> 9946096 | E17: 0 | F17: =D17-E17 -> 9946096 | G17: =F17-C17 -> 109946.43 | H17: 0.00707 | I17: 0.00662 | J17: =C17*I17 -> 65115.31 | K17: =I17*F17 -> 65843.156 | L17: =K17-J17 -> 727.84537 | M17: =G17/C17 -> 0.011177792
A18: Com-Demand Customer - Billed Capacity | B18: kW | C18: 23226.04 | D18: =VLOOKUP(A14,'Util Rev and Load Data'!A$70:W$85,12) -> 23767.33 | E18: 0 | F18: =D18-E18 -> 23767.33 | G18: =F18-C18 -> 541.29 | H18: 1.1383 | I18: 1.13825 | J18: =C18*I18 -> 26437.04 | K18: =I18*F18 -> 27053.163 | L18: =K18-J18 -> 616.12334 | M18: =G18/C18 -> 0.023305307
A19: Ind-Non-Demand Customer - Sales | B19: kWh | C19: 0 | D19: =VLOOKUP(A14,'Util Rev and Load Data'!A$70:W$85,19) -> 0 | E19: 0 | F19: =D19-E19 -> 0 | G19: =F19-C19 -> 0 | H19: 0.0077 | I19: 0.00757 | J19: =C19*I19 -> 0 | K19: =I19*F19 -> 0 | L19: =K19-J19 -> 0 | M19: =G19/C19 -> #DIV/0!
A20: Ind-Demand Customer - Sales | B20: kWh | C20: 0 | D20: =VLOOKUP(A14,'Util Rev and Load Data'!A$70:W$85,22) -> 0 | E20: 0 | F20: =D20-E20 -> 0 | G20: =F20-C20 -> 0 | H20: 0.00522 | I20: 0.00521 | J20: =C20*I20 -> 0 | K20: =I20*F20 -> 0 | L20: =K20-J20 -> 0 | M20: =G20/C20 -> #DIV/0!
A21: Ind-Demand Customer - Billed Capacity | B21: kW | C21: 0 | D21: =VLOOKUP(A14,'Util Rev and Load Data'!A$70:W$85,23) -> 0 | E21: 0 | F21: =D21-E21 -> 0 | G21: =F21-C21 -> 0 | H21: 1.2132 | I21: 1.21316 | J21: =C21*I21 -> 0 | K21: =I21*F21 -> 0 | L21: =K21-J21 -> 0 | M21: =G21/C21 -> #DIV/0!
A22: Street & Area - Kilowatt Hours | B22: kWh | C22: 80796.93 | D22: =VLOOKUP(A14,'Util Rev and Load Data'!A$70:W$85,8) -> 64260 | E22: 0 | F22: =D22-E22 -> 64260 | G22: =F22-C22 -> -16536.93 | H22: 0.01091 | I22: 0.01024 | J22: =C22*I22 -> 827.36056 | K22: =I22*F22 -> 658.0224 | L22: =K22-J22 -> -169.33816 | M22: =G22/C22 -> -0.20467275
J23: =SUM(J15:J22) -> 286062.92 | K23: =SUM(K15:K22) -> 287041.83 | L23: =SUM(L15:L22) -> 978.90478 | M23: =L23/J23 -> 0.0034219911
A24: Green Mountain Power
A25: Res-Kilowatt Hours | B25: kWh | C25: 1566776744 | D25: =VLOOKUP(A24,'Util Rev and Load Data'!A$70:W$85,3) -> 1642927366 | E25: =114602115-47017388 -> 67584727 | F25: =D25-E25 -> 1575342639 | G25: =F25-C25 -> 8565895 | H25: 0.01371 | I25: 0.01188 | J25: =C25*I25 -> 18613308 | K25: =I25*F25 -> 18715071 | L25: =K25-J25 -> 101762.83 | M25: =G25/C25 -> 0.0054672084
A26: Com-Non-Demand Customer - Sales | B26: kWh | C26: 196578877 | D26: =VLOOKUP(A24,'Util Rev and Load Data'!A$70:W$85,7) -> 302677429 | E26: =6131176-2692480 -> 3438696 | F26: =D26-E26 -> 299238733 | G26: =F26-C26 -> 102659856 | H26: 0.01091 | I26: 0.01024 | J26: =C26*I26 -> 2012967.7 | K26: =I26*F26 -> 3064204.6 | L26: =K26-J26 -> 1051236.9 | M26: =G26/C26 -> 0.52223239
A27: Com-Demand Customer - Sales | B27: kWh | C27: 1164760155 | D27: =VLOOKUP(A24,'Util Rev and Load Data'!A$70:W$85,11) -> 1122771727 | E27: =53946880-48518843 -> 5428037 | F27: =D27-E27 -> 1117343690 | G27: =F27-C27 -> -47416465 | H27: 0.00707 | I27: 0.00662 | J27: =C27*I27 -> 7710712.2 | K27: =I27*F27 -> 7396815.2 | L27: =K27-J27 -> -313897 | M27: =G27/C27 -> -0.040709209
A28: Com-Demand Customer - Billed Capacity | B28: kW | C28: 3567091.4 | D28: =VLOOKUP(A24,'Util Rev and Load Data'!A$70:W$85,12) -> 3539956 | E28: 0 | F28: =D28-E28 -> 3539956 | G28: =F28-C28 -> -27135.4 | H28: 1.1383 | I28: 1.13825 | J28: =C28*I28 -> 4060241.8 | K28: =I28*F28 -> 4029354.9 | L28: =K28-J28 -> -30886.869 | M28: =G28/C28 -> -0.0076071502
A29: Ind-Non-Demand Customer - Sales | B29: kWh | C29: 0 | D29: =VLOOKUP(A24,'Util Rev and Load Data'!A$70:W$85,19) -> 0 | E29: 0 | F29: =D29-E29 -> 0 | G29: =F29-C29 -> 0 | H29: 0.0077 | I29: 0.00757 | J29: =C29*I29 -> 0 | K29: =I29*F29 -> 0 | L29: =K29-J29 -> 0 | M29: =G29/C29 -> #DIV/0!
A30: Ind-Demand Customer - Sales | B30: kWh | C30: 563791712 | D30: =VLOOKUP(A24,'Util Rev and Load Data'!A$70:W$85,22) -> 571161426 | E30: =84506261-83728350 -> 777911 | F30: =D30-E30 -> 570383515 | G30: =F30-C30 -> 6591803 | H30: 0.00522 | I30: 0.00521 | J30: =C30*I30 -> 2937354.8 | K30: =I30*F30 -> 2971698.1 | L30: =K30-J30 -> 34343.294 | M30: =G30/C30 -> 0.011691912
A31: Ind-Demand Customer - Billed Capacity | B31: kW | C31: 1071645 | D31: =VLOOKUP(A24,'Util Rev and Load Data'!A$70:W$85,23) -> 1067253 | E31: 0 | F31: =D31-E31 -> 1067253 | G31: =F31-C31 -> -4392 | H31: 1.2132 | I31: 1.21316 | J31: =C31*I31 -> 1300076.8 | K31: =I31*F31 -> 1294748.6 | L31: =K31-J31 -> -5328.1987 | M31: =G31/C31 -> -0.0040983721
A32: Street & Area - Kilowatt Hours | B32: kWh | C32: 8965352 | D32: =VLOOKUP(A24,'Util Rev and Load Data'!A$70:W$85,8) -> 8891000 | E32: 0 | F32: =D32-E32 -> 8891000 | G32: =F32-C32 -> -74352 | H32: 0.01091 | I32: 0.01024 | J32: =C32*I32 -> 91805.204 | K32: =I32*F32 -> 91043.84 | L32: =K32-J32 -> -761.36448 | M32: =G32/C32 -> -0.0082932605
J33: =SUM(J25:J32) -> 36726466 | K33: =SUM(K25:K32) -> 37562936 | L33: =SUM(L25:L32) -> 836469.62 | M33: =L33/J33 -> 0.022775663
A34: Hardwick
A35: Res-Kilowatt Hours | B35: kWh | C35: 24881542 | D35: =VLOOKUP(A34,'Util Rev and Load Data'!A$70:W$85,3) -> 25693297 | E35: 633801 | F35: =D35-E35 -> 25059496 | G35: =F35-C35 -> 177953.95 | H35: 0.01371 | I35: 0.01188 | J35: =C35*I35 -> 295592.72 | K35: =I35*F35 -> 297706.81 | L35: =K35-J35 -> 2114.0929 | M35: =G35/C35 -> 0.0071520467
A36: Com-Non-Demand Customer - Sales | B36: kWh | C36: 5076608.4 | D36: =VLOOKUP(A34,'Util Rev and Load Data'!A$70:W$85,7) -> 4972597 | E36: 0 | F36: =D36-E36 -> 4972597 | G36: =F36-C36 -> -104011.39 | H36: 0.01091 | I36: 0.01024 | J36: =C36*I36 -> 51984.47 | K36: =I36*F36 -> 50919.393 | L36: =K36-J36 -> -1065.0766 | M36: =G36/C36 -> -0.020488362
A37: Com-Demand Customer - Sales | B37: kWh | C37: 4897167.7 | D37: =VLOOKUP(A34,'Util Rev and Load Data'!A$70:W$85,11) -> 5527444 | E37: 0 | F37: =D37-E37 -> 5527444 | G37: =F37-C37 -> 630276.33 | H37: 0.00707 | I37: 0.00662 | J37: =C37*I37 -> 32419.25 | K37: =I37*F37 -> 36591.679 | L37: =K37-J37 -> 4172.4293 | M37: =G37/C37 -> 0.12870222
A38: Com-Demand Customer - Billed Capacity | B38: kW | C38: 19254.5 | D38: =VLOOKUP(A34,'Util Rev and Load Data'!A$70:W$85,12) -> 22464 | E38: 0 | F38: =D38-E38 -> 22464 | G38: =F38-C38 -> 3209.5 | H38: 1.1383 | I38: 1.13825 | J38: =C38*I38 -> 21916.435 | K38: =I38*F38 -> 25569.648 | L38: =K38-J38 -> 3653.2134 | M38: =G38/C38 -> 0.16668831
A39: Ind-Non-Demand Customer - Sales | B39: kWh | C39: 0 | D39: =VLOOKUP(A34,'Util Rev and Load Data'!A$70:W$85,19) -> 0 | E39: 0 | F39: =D39-E39 -> 0 | G39: =F39-C39 -> 0 | H39: 0.0077 | I39: 0.00757 | J39: =C39*I39 -> 0 | K39: =I39*F39 -> 0 | L39: =K39-J39 -> 0 | M39: =G39/C39 -> #DIV/0!
A40: Ind-Demand Customer - Sales | B40: kWh | C40: 0 | D40: =VLOOKUP(A34,'Util Rev and Load Data'!A$70:W$85,22) -> 0 | E40: 0 | F40: =D40-E40 -> 0 | G40: =F40-C40 -> 0 | H40: 0.00522 | I40: 0.00521 | J40: =C40*I40 -> 0 | K40: =I40*F40 -> 0 | L40: =K40-J40 -> 0 | M40: =G40/C40 -> #DIV/0!
A41: Ind-Demand Customer - Billed Capacity | B41: kW | C41: 0 | D41: =VLOOKUP(A34,'Util Rev and Load Data'!A$70:W$85,23) -> 0 | E41: 0 | F41: =D41-E41 -> 0 | G41: =F41-C41 -> 0 | H41: 1.2132 | I41: 1.21316 | J41: =C41*I41 -> 0 | K41: =I41*F41 -> 0 | L41: =K41-J41 -> 0 | M41: =G41/C41 -> #DIV/0!
A42: Street & Area - Kilowatt Hours | B42: kWh | C42: 121167 | D42: =VLOOKUP(A34,'Util Rev and Load Data'!A$70:W$85,8) -> 118294 | E42: 0 | F42: =D42-E42 -> 118294 | G42: =F42-C42 -> -2873 | H42: 0.01091 | I42: 0.01024 | J42: =C42*I42 -> 1240.7501 | K42: =I42*F42 -> 1211.3306 | L42: =K42-J42 -> -29.41952 | M42: =G42/C42 -> -0.023711076
J43: =SUM(J35:J42) -> 403153.62 | K43: =SUM(K35:K42) -> 411998.86 | L43: =SUM(L35:L42) -> 8845.2395 | M43: =L43/J43 -> 0.021940121
A44: Hyde Park
A45: Res-Kilowatt Hours | B45: kWh | C45: 8495490 | D45: =VLOOKUP(A44,'Util Rev and Load Data'!A$70:W$85,3) -> 8976342 | E45: 200000 | F45: =D45-E45 -> 8776342 | G45: =F45-C45 -> 280852 | H45: 0.01371 | I45: 0.01188 | J45: =C45*I45 -> 100926.42 | K45: =I45*F45 -> 104262.94 | L45: =K45-J45 -> 3336.5218 | M45: =G45/C45 -> 0.033058952
A46: Com-Non-Demand Customer - Sales | B46: kWh | C46: 2390266 | D46: =VLOOKUP(A44,'Util Rev and Load Data'!A$70:W$85,7) -> 2280911 | E46: 0 | F46: =D46-E46 -> 2280911 | G46: =F46-C46 -> -109355 | H46: 0.01091 | I46: 0.01024 | J46: =C46*I46 -> 24476.324 | K46: =I46*F46 -> 23356.529 | L46: =K46-J46 -> -1119.7952 | M46: =G46/C46 -> -0.045750138
A47: Com-Demand Customer - Sales | B47: kWh | C47: 1344720 | D47: =VLOOKUP(A44,'Util Rev and Load Data'!A$70:W$85,11) -> 1600286 | E47: 0 | F47: =D47-E47 -> 1600286 | G47: =F47-C47 -> 255566 | H47: 0.00707 | I47: 0.00662 | J47: =C47*I47 -> 8902.0464 | K47: =I47*F47 -> 10593.893 | L47: =K47-J47 -> 1691.8469 | M47: =G47/C47 -> 0.19005146
A48: Com-Demand Customer - Billed Capacity | B48: kW | C48: 4399.14 | D48: =VLOOKUP(A44,'Util Rev and Load Data'!A$70:W$85,12) -> 4619 | E48: 0 | F48: =D48-E48 -> 4619 | G48: =F48-C48 -> 219.86 | H48: 1.1383 | I48: 1.13825 | J48: =C48*I48 -> 5007.3211 | K48: =I48*F48 -> 5257.5768 | L48: =K48-J48 -> 250.25565 | M48: =G48/C48 -> 0.04997795
A49: Ind-Non-Demand Customer - Sales | B49: kWh | C49: 0 | D49: =VLOOKUP(A44,'Util Rev and Load Data'!A$70:W$85,19) -> 0 | E49: 0 | F49: =D49-E49 -> 0 | G49: =F49-C49 -> 0 | H49: 0.0077 | I49: 0.00757 | J49: =C49*I49 -> 0 | K49: =I49*F49 -> 0 | L49: =K49-J49 -> 0 | M49: =G49/C49 -> #DIV/0!
A50: Ind-Demand Customer - Sales | B50: kWh | C50: 0 | D50: =VLOOKUP(A44,'Util Rev and Load Data'!A$70:W$85,22) -> 0 | E50: 0 | F50: =D50-E50 -> 0 | G50: =F50-C50 -> 0 | H50: 0.00522 | I50: 0.00521 | J50: =C50*I50 -> 0 | K50: =I50*F50 -> 0 | L50: =K50-J50 -> 0 | M50: =G50/C50 -> #DIV/0!
A51: Ind-Demand Customer - Billed Capacity | B51: kW | C51: 0 | D51: =VLOOKUP(A44,'Util Rev and Load Data'!A$70:W$85,23) -> 0 | E51: 0 | F51: =D51-E51 -> 0 | G51: =F51-C51 -> 0 | H51: 1.2132 | I51: 1.21316 | J51: =C51*I51 -> 0 | K51: =I51*F51 -> 0 | L51: =K51-J51 -> 0 | M51: =G51/C51 -> #DIV/0!
A52: Street & Area - Kilowatt Hours | B52: kWh | C52: 44844 | D52: =VLOOKUP(A44,'Util Rev and Load Data'!A$70:W$85,8) -> 45204 | E52: 0 | F52: =D52-E52 -> 45204 | G52: =F52-C52 -> 360 | H52: 0.01091 | I52: 0.01024 | J52: =C52*I52 -> 459.20256 | K52: =I52*F52 -> 462.88896 | L52: =K52-J52 -> 3.6864 | M52: =G52/C52 -> 0.0080278298
J53: =SUM(J45:J52) -> 139771.32 | K53: =SUM(K45:K52) -> 143933.83 | L53: =SUM(L45:L52) -> 4162.5155 | M53: =L53/J53 -> 0.0297809
A54: Jacksonville
A55: Res-Kilowatt Hours | B55: kWh | C55: 3638535.5 | D55: =VLOOKUP(A54,'Util Rev and Load Data'!A$70:W$85,3) -> 3865155 | E55: 65874 | F55: =D55-E55 -> 3799281 | G55: =F55-C55 -> 160745.51 | H55: 0.01371 | I55: 0.01188 | J55: =C55*I55 -> 43225.802 | K55: =I55*F55 -> 45135.458 | L55: =K55-J55 -> 1909.6567 | M55: =G55/C55 -> 0.044178629
A56: Com-Non-Demand Customer - Sales | B56: kWh | C56: 581083.33 | D56: =VLOOKUP(A54,'Util Rev and Load Data'!A$70:W$85,7) -> 593617 | E56: 0 | F56: =D56-E56 -> 593617 | G56: =F56-C56 -> 12533.67 | H56: 0.01091 | I56: 0.01024 | J56: =C56*I56 -> 5950.2933 | K56: =I56*F56 -> 6078.6381 | L56: =K56-J56 -> 128.34478 | M56: =G56/C56 -> 0.021569488
A57: Com-Demand Customer - Sales | B57: kWh | C57: 720779.18 | D57: =VLOOKUP(A54,'Util Rev and Load Data'!A$70:W$85,11) -> 790907 | E57: 0 | F57: =D57-E57 -> 790907 | G57: =F57-C57 -> 70127.82 | H57: 0.00707 | I57: 0.00662 | J57: =C57*I57 -> 4771.5582 | K57: =I57*F57 -> 5235.8043 | L57: =K57-J57 -> 464.24617 | M57: =G57/C57 -> 0.097294458
A58: Com-Demand Customer - Billed Capacity | B58: kW | C58: 4377.99 | D58: =VLOOKUP(A54,'Util Rev and Load Data'!A$70:W$85,12) -> 4568 | E58: 0 | F58: =D58-E58 -> 4568 | G58: =F58-C58 -> 190.01 | H58: 1.1383 | I58: 1.13825 | J58: =C58*I58 -> 4983.2471 | K58: =I58*F58 -> 5199.526 | L58: =K58-J58 -> 216.27888 | M58: =G58/C58 -> 0.043401196
A59: Ind-Non-Demand Customer - Sales | B59: kWh | C59: 0 | D59: =VLOOKUP(A54,'Util Rev and Load Data'!A$70:W$85,19) -> 0 | E59: 0 | F59: =D59-E59 -> 0 | G59: =F59-C59 -> 0 | H59: 0.0077 | I59: 0.00757 | J59: =C59*I59 -> 0 | K59: =I59*F59 -> 0 | L59: =K59-J59 -> 0 | M59: =G59/C59 -> #DIV/0!
A60: Ind-Demand Customer - Sales | B60: kWh | C60: 0 | D60: =VLOOKUP(A54,'Util Rev and Load Data'!A$70:W$85,22) -> 0 | E60: 0 | F60: =D60-E60 -> 0 | G60: =F60-C60 -> 0 | H60: 0.00522 | I60: 0.00521 | J60: =C60*I60 -> 0 | K60: =I60*F60 -> 0 | L60: =K60-J60 -> 0 | M60: =G60/C60 -> #DIV/0!
A61: Ind-Demand Customer - Billed Capacity | B61: kW | C61: 0 | D61: =VLOOKUP(A54,'Util Rev and Load Data'!A$70:W$85,23) -> 0 | E61: 0 | F61: =D61-E61 -> 0 | G61: =F61-C61 -> 0 | H61: 1.2132 | I61: 1.21316 | J61: =C61*I61 -> 0 | K61: =I61*F61 -> 0 | L61: =K61-J61 -> 0 | M61: =G61/C61 -> #DIV/0!
A62: Street & Area - Kilowatt Hours | B62: kWh | C62: 52161.12 | D62: =VLOOKUP(A54,'Util Rev and Load Data'!A$70:W$85,8) -> 17172 | E62: 0 | F62: =D62-E62 -> 17172 | G62: =F62-C62 -> -34989.12 | H62: 0.01091 | I62: 0.01024 | J62: =C62*I62 -> 534.12987 | K62: =I62*F62 -> 175.84128 | L62: =K62-J62 -> -358.28859 | M62: =G62/C62 -> -0.67078928
J63: =SUM(J55:J62) -> 59465.03 | K63: =SUM(K55:K62) -> 61825.268 | L63: =SUM(L55:L62) -> 2360.2379 | M63: =L63/J63 -> 0.039691192
A64: Johnson
A65: Res-Kilowatt Hours | B65: kWh | C65: 5554188 | D65: =VLOOKUP(A64,'Util Rev and Load Data'!A$70:W$85,3) -> 5461407 | E65: 62650 | F65: =D65-E65 -> 5398757 | G65: =F65-C65 -> -155431 | H65: 0.01371 | I65: 0.01188 | J65: =C65*I65 -> 65983.753 | K65: =I65*F65 -> 64137.233 | L65: =K65-J65 -> -1846.5203 | M65: =G65/C65 -> -0.027984469
A66: Com-Non-Demand Customer - Sales | B66: kWh | C66: 1560715 | D66: =VLOOKUP(A64,'Util Rev and Load Data'!A$70:W$85,7) -> 1302901 | E66: 0 | F66: =D66-E66 -> 1302901 | G66: =F66-C66 -> -257814 | H66: 0.01091 | I66: 0.01024 | J66: =C66*I66 -> 15981.722 | K66: =I66*F66 -> 13341.706 | L66: =K66-J66 -> -2640.0154 | M66: =G66/C66 -> -0.16518967
A67: Com-Demand Customer - Sales | B67: kWh | C67: 5085519 | D67: =VLOOKUP(A64,'Util Rev and Load Data'!A$70:W$85,11) -> 5334938 | E67: 0 | F67: =D67-E67 -> 5334938 | G67: =F67-C67 -> 249419 | H67: 0.00707 | I67: 0.00662 | J67: =C67*I67 -> 33666.136 | K67: =I67*F67 -> 35317.29 | L67: =K67-J67 -> 1651.1538 | M67: =G67/C67 -> 0.049044945
A68: Com-Demand Customer - Billed Capacity | B68: kW | C68: 12757 | D68: =VLOOKUP(A64,'Util Rev and Load Data'!A$70:W$85,12) -> 11901.18 | E68: 0 | F68: =D68-E68 -> 11901.18 | G68: =F68-C68 -> -855.82 | H68: 1.1383 | I68: 1.13825 | J68: =C68*I68 -> 14520.655 | K68: =I68*F68 -> 13546.518 | L68: =K68-J68 -> -974.13711 | M68: =G68/C68 -> -0.067086306
A69: Ind-Non-Demand Customer - Sales | B69: kWh | C69: 0 | D69: =VLOOKUP(A64,'Util Rev and Load Data'!A$70:W$85,19) -> 0 | E69: 0 | F69: =D69-E69 -> 0 | G69: =F69-C69 -> 0 | H69: 0.0077 | I69: 0.00757 | J69: =C69*I69 -> 0 | K69: =I69*F69 -> 0 | L69: =K69-J69 -> 0 | M69: =G69/C69 -> #DIV/0!
A70: Ind-Demand Customer - Sales | B70: kWh | C70: 0 | D70: =VLOOKUP(A64,'Util Rev and Load Data'!A$70:W$85,22) -> 0 | E70: 0 | F70: =D70-E70 -> 0 | G70: =F70-C70 -> 0 | H70: 0.00522 | I70: 0.00521 | J70: =C70*I70 -> 0 | K70: =I70*F70 -> 0 | L70: =K70-J70 -> 0 | M70: =G70/C70 -> #DIV/0!
A71: Ind-Demand Customer - Billed Capacity | B71: kW | C71: 0 | D71: =VLOOKUP(A64,'Util Rev and Load Data'!A$70:W$85,23) -> 0 | E71: 0 | F71: =D71-E71 -> 0 | G71: =F71-C71 -> 0 | H71: 1.2132 | I71: 1.21316 | J71: =C71*I71 -> 0 | K71: =I71*F71 -> 0 | L71: =K71-J71 -> 0 | M71: =G71/C71 -> #DIV/0!
A72: Street & Area - Kilowatt Hours | B72: kWh | C72: 64436 | D72: =VLOOKUP(A64,'Util Rev and Load Data'!A$70:W$85,8) -> 63993 | E72: 0 | F72: =D72-E72 -> 63993 | G72: =F72-C72 -> -443 | H72: 0.01091 | I72: 0.01024 | J72: =C72*I72 -> 659.82464 | K72: =I72*F72 -> 655.28832 | L72: =K72-J72 -> -4.53632 | M72: =G72/C72 -> -0.0068750388
J73: =SUM(J65:J72) -> 130812.09 | K73: =SUM(K65:K72) -> 126998.04 | L73: =SUM(L65:L72) -> -3814.0553 | M73: =L73/J73 -> -0.029156749
A74: Ludlow
A75: Res-Kilowatt Hours | B75: kWh | C75: 17250184 | D75: =VLOOKUP(A74,'Util Rev and Load Data'!A$70:W$85,3) -> 17413340 | E75: 42457 | F75: =D75-E75 -> 17370883 | G75: =F75-C75 -> 120699.04 | H75: 0.01371 | I75: 0.01188 | J75: =C75*I75 -> 204932.19 | K75: =I75*F75 -> 206366.09 | L75: =K75-J75 -> 1433.9046 | M75: =G75/C75 -> 0.0069969712
A76: Com-Non-Demand Customer - Sales | B76: kWh | C76: 4961585.4 | D76: =VLOOKUP(A74,'Util Rev and Load Data'!A$70:W$85,7) -> 4303561 | E76: 0 | F76: =D76-E76 -> 4303561 | G76: =F76-C76 -> -658024.37 | H76: 0.01091 | I76: 0.01024 | J76: =C76*I76 -> 50806.634 | K76: =I76*F76 -> 44068.465 | L76: =K76-J76 -> -6738.1695 | M76: =G76/C76 -> -0.13262381
A77: Com-Demand Customer - Sales | B77: kWh | C77: 11023329 | D77: =VLOOKUP(A74,'Util Rev and Load Data'!A$70:W$85,11) -> 12257955 | E77: 0 | F77: =D77-E77 -> 12257955 | G77: =F77-C77 -> 1234626.2 | H77: 0.00707 | I77: 0.00662 | J77: =C77*I77 -> 72974.437 | K77: =I77*F77 -> 81147.662 | L77: =K77-J77 -> 8173.2253 | M77: =G77/C77 -> 0.11200121
A78: Com-Demand Customer - Billed Capacity | B78: kW | C78: 36580.14 | D78: =VLOOKUP(A74,'Util Rev and Load Data'!A$70:W$85,12) -> 43774 | E78: 0 | F78: =D78-E78 -> 43774 | G78: =F78-C78 -> 7193.86 | H78: 1.1383 | I78: 1.13825 | J78: =C78*I78 -> 41637.344 | K78: =I78*F78 -> 49825.755 | L78: =K78-J78 -> 8188.4111 | M78: =G78/C78 -> 0.19666026
A79: Ind-Non-Demand Customer - Sales | B79: kWh | C79: 0 | D79: =VLOOKUP(A74,'Util Rev and Load Data'!A$70:W$85,19) -> 0 | E79: 0 | F79: =D79-E79 -> 0 | G79: =F79-C79 -> 0 | H79: 0.0077 | I79: 0.00757 | J79: =C79*I79 -> 0 | K79: =I79*F79 -> 0 | L79: =K79-J79 -> 0 | M79: =G79/C79 -> #DIV/0!
A80: Ind-Demand Customer - Sales | B80: kWh | C80: 16739192 | D80: =VLOOKUP(A74,'Util Rev and Load Data'!A$70:W$85,22) -> 17097580 | E80: 0 | F80: =D80-E80 -> 17097580 | G80: =F80-C80 -> 358387.56 | H80: 0.00522 | I80: 0.00521 | J80: =C80*I80 -> 87211.193 | K80: =I80*F80 -> 89078.392 | L80: =K80-J80 -> 1867.1992 | M80: =G80/C80 -> 0.021410087
A81: Ind-Demand Customer - Billed Capacity | B81: kW | C81: 71807 | D81: =VLOOKUP(A74,'Util Rev and Load Data'!A$70:W$85,23) -> 66866 | E81: 0 | F81: =D81-E81 -> 66866 | G81: =F81-C81 -> -4941 | H81: 1.2132 | I81: 1.21316 | J81: =C81*I81 -> 87113.38 | K81: =I81*F81 -> 81119.157 | L81: =K81-J81 -> -5994.2236 | M81: =G81/C81 -> -0.068809448
A82: Street & Area - Kilowatt Hours | B82: kWh | C82: 324729.44 | D82: =VLOOKUP(A74,'Util Rev and Load Data'!A$70:W$85,8) -> 306522 | E82: 0 | F82: =D82-E82 -> 306522 | G82: =F82-C82 -> -18207.44 | H82: 0.01091 | I82: 0.01024 | J82: =C82*I82 -> 3325.2295 | K82: =I82*F82 -> 3138.7853 | L82: =K82-J82 -> -186.44419 | M82: =G82/C82 -> -0.05606957
J83: =SUM(J75:J82) -> 548000.4 | K83: =SUM(K75:K82) -> 554744.31 | L83: =SUM(L75:L82) -> 6743.9029 | M83: =L83/J83 -> 0.012306383
A84: Lyndonville
A85: Res-Kilowatt Hours | B85: kWh | C85: 32392325 | D85: =VLOOKUP(A84,'Util Rev and Load Data'!A$70:W$85,3) -> 33526203 | E85: 1641163 | F85: =D85-E85 -> 31885040 | G85: =F85-C85 -> -507285 | H85: 0.01371 | I85: 0.01188 | J85: =C85*I85 -> 384820.82 | K85: =I85*F85 -> 378794.28 | L85: =K85-J85 -> -6026.5458 | M85: =G85/C85 -> -0.015660654
A86: Com-Non-Demand Customer - Sales | B86: kWh | C86: 11560774 | D86: =VLOOKUP(A84,'Util Rev and Load Data'!A$70:W$85,7) -> 11903747 | E86: 0 | F86: =D86-E86 -> 11903747 | G86: =F86-C86 -> 342973 | H86: 0.01091 | I86: 0.01024 | J86: =C86*I86 -> 118382.33 | K86: =I86*F86 -> 121894.37 | L86: =K86-J86 -> 3512.0435 | M86: =G86/C86 -> 0.029666958
A87: Com-Demand Customer - Sales | B87: kWh | C87: 15671806 | D87: =VLOOKUP(A84,'Util Rev and Load Data'!A$70:W$85,11) -> 16943526 | E87: 0 | F87: =D87-E87 -> 16943526 | G87: =F87-C87 -> 1271720 | H87: 0.00707 | I87: 0.00662 | J87: =C87*I87 -> 103747.36 | K87: =I87*F87 -> 112166.14 | L87: =K87-J87 -> 8418.7864 | M87: =G87/C87 -> 0.081146997
A88: Com-Demand Customer - Billed Capacity | B88: kW | C88: 53388.3 | D88: =VLOOKUP(A84,'Util Rev and Load Data'!A$70:W$85,12) -> 57065.79 | E88: 0 | F88: =D88-E88 -> 57065.79 | G88: =F88-C88 -> 3677.49 | H88: 1.1383 | I88: 1.13825 | J88: =C88*I88 -> 60769.232 | K88: =I88*F88 -> 64955.135 | L88: =K88-J88 -> 4185.903 | M88: =G88/C88 -> 0.068881946
A89: Ind-Non-Demand Customer - Sales | B89: kWh | C89: 0 | D89: =VLOOKUP(A84,'Util Rev and Load Data'!A$70:W$85,19) -> 0 | E89: 0 | F89: =D89-E89 -> 0 | G89: =F89-C89 -> 0 | H89: 0.0077 | I89: 0.00757 | J89: =C89*I89 -> 0 | K89: =I89*F89 -> 0 | L89: =K89-J89 -> 0 | M89: =G89/C89 -> #DIV/0!
A90: Ind-Demand Customer - Sales | B90: kWh | C90: 0 | D90: =VLOOKUP(A84,'Util Rev and Load Data'!A$70:W$85,22) -> 0 | E90: 0 | F90: =D90-E90 -> 0 | G90: =F90-C90 -> 0 | H90: 0.00522 | I90: 0.00521 | J90: =C90*I90 -> 0 | K90: =I90*F90 -> 0 | L90: =K90-J90 -> 0 | M90: =G90/C90 -> #DIV/0!
A91: Ind-Demand Customer - Billed Capacity | B91: kW | C91: 0 | D91: =VLOOKUP(A84,'Util Rev and Load Data'!A$70:W$85,23) -> 0 | E91: 0 | F91: =D91-E91 -> 0 | G91: =F91-C91 -> 0 | H91: 1.2132 | I91: 1.21316 | J91: =C91*I91 -> 0 | K91: =I91*F91 -> 0 | L91: =K91-J91 -> 0 | M91: =G91/C91 -> #DIV/0!
A92: Street & Area - Kilowatt Hours | B92: kWh | C92: 468355 | D92: =VLOOKUP(A84,'Util Rev and Load Data'!A$70:W$85,8) -> 476514 | E92: 0 | F92: =D92-E92 -> 476514 | G92: =F92-C92 -> 8159 | H92: 0.01091 | I92: 0.01024 | J92: =C92*I92 -> 4795.9552 | K92: =I92*F92 -> 4879.5034 | L92: =K92-J92 -> 83.54816 | M92: =G92/C92 -> 0.017420546
J93: =SUM(J85:J92) -> 672515.69 | K93: =SUM(K85:K92) -> 682689.43 | L93: =SUM(L85:L92) -> 10173.735 | M93: =L93/J93 -> 0.015127878
A94: Morrisville
A95: Res-Kilowatt Hours | B95: kWh | C95: 22954235 | D95: =VLOOKUP(A94,'Util Rev and Load Data'!A$70:W$85,3) -> 23704851 | E95: 638429 | F95: =D95-E95 -> 23066422 | G95: =F95-C95 -> 112187 | H95: 0.01371 | I95: 0.01188 | J95: =C95*I95 -> 272696.31 | K95: =I95*F95 -> 274029.09 | L95: =K95-J95 -> 1332.7816 | M95: =G95/C95 -> 0.0048874206
A96: Com-Non-Demand Customer - Sales | B96: kWh | C96: 5208493 | D96: =VLOOKUP(A94,'Util Rev and Load Data'!A$70:W$85,7) -> 5432394 | E96: 0 | F96: =D96-E96 -> 5432394 | G96: =F96-C96 -> 223901 | H96: 0.01091 | I96: 0.01024 | J96: =C96*I96 -> 53334.968 | K96: =I96*F96 -> 55627.715 | L96: =K96-J96 -> 2292.7462 | M96: =G96/C96 -> 0.042987674
A97: Com-Demand Customer - Sales | B97: kWh | C97: 17766838 | D97: =VLOOKUP(A94,'Util Rev and Load Data'!A$70:W$85,11) -> 17820955 | E97: 0 | F97: =D97-E97 -> 17820955 | G97: =F97-C97 -> 54117 | H97: 0.00707 | I97: 0.00662 | J97: =C97*I97 -> 117616.47 | K97: =I97*F97 -> 117974.72 | L97: =K97-J97 -> 358.25454 | M97: =G97/C97 -> 0.0030459556
A98: Com-Demand Customer - Billed Capacity | B98: kW | C98: 51748.3 | D98: =VLOOKUP(A94,'Util Rev and Load Data'!A$70:W$85,12) -> 51663 | E98: 0 | F98: =D98-E98 -> 51663 | G98: =F98-C98 -> -85.3 | H98: 1.1383 | I98: 1.13825 | J98: =C98*I98 -> 58902.502 | K98: =I98*F98 -> 58805.41 | L98: =K98-J98 -> -97.092725 | M98: =G98/C98 -> -0.0016483633
A99: Ind-Non-Demand Customer - Sales | B99: kWh | C99: 0 | D99: =VLOOKUP(A94,'Util Rev and Load Data'!A$70:W$85,19) -> 0 | E99: 0 | F99: =D99-E99 -> 0 | G99: =F99-C99 -> 0 | H99: 0.0077 | I99: 0.00757 | J99: =C99*I99 -> 0 | K99: =I99*F99 -> 0 | L99: =K99-J99 -> 0 | M99: =G99/C99 -> #DIV/0!
A100: Ind-Demand Customer - Sales | B100: kWh | C100: 0 | D100: =VLOOKUP(A94,'Util Rev and Load Data'!A$70:W$85,22) -> 0 | E100: 0 | F100: =D100-E100 -> 0 | G100: =F100-C100 -> 0 | H100: 0.00522 | I100: 0.00521 | J100: =C100*I100 -> 0 | K100: =I100*F100 -> 0 | L100: =K100-J100 -> 0 | M100: =G100/C100 -> #DIV/0!
A101: Ind-Demand Customer - Billed Capacity | B101: kW | C101: 0 | D101: =VLOOKUP(A94,'Util Rev and Load Data'!A$70:W$85,23) -> 0 | E101: 0 | F101: =D101-E101 -> 0 | G101: =F101-C101 -> 0 | H101: 1.2132 | I101: 1.21316 | J101: =C101*I101 -> 0 | K101: =I101*F101 -> 0 | L101: =K101-J101 -> 0 | M101: =G101/C101 -> #DIV/0!
...

Sheet Projected NM Rev 
B4: Rule 5.300 | C4: Gross kWh | D4: per kWh | E4: Fixed Fees | F4: Sum | G4: %
B5: Res | C5: ='Sales by DU'!E167 -> 92196387 | D5: =C5*'EEC Rates Report'!C8 -> 1002603.1 | E5: ='Fixed Fee'!B59 -> 46042.028 | F5: =SUM(D5:E5) -> 1048645.1 | G5: =F5/F$9 -> 0.87622119
B6: C Non-Demand | C6: ='Sales by DU'!E156+'Sales by DU'!E146+'Sales by DU'!E136+'Sales by DU'!E126+'Sales by DU'!E116+'Sales by DU'!E106+'Sales by DU'!E96+'Sales by DU'!E86+'Sales by DU'!E76+'Sales by DU'!E66+'Sales by DU'!E56+'Sales by DU'!E46+'Sales by DU'!E36+'Sales by DU'!E26+'Sales by DU'!E16+'Sales by DU'!E6 -> 3720380 | D6: =C6*'EEC Rates Report'!C9 -> 36225.808 | E6: ='Fixed Fee'!C59 -> 5694.8889 | F6: =SUM(D6:E6) -> 41920.697 | G6: =F6/F$9 -> 0.035027868
B7: C- Demand | C7: =+'Sales by DU'!E157+'Sales by DU'!E147+'Sales by DU'!E137+'Sales by DU'!E127+'Sales by DU'!E117+'Sales by DU'!E107+'Sales by DU'!E97+'Sales by DU'!E87+'Sales by DU'!E77+'Sales by DU'!E67+'Sales by DU'!E57+'Sales by DU'!E47+'Sales by DU'!E37+'Sales by DU'!E27+'Sales by DU'!E17+'Sales by DU'!E7 -> 5691957 | D7: =C7*'EEC Rates Report'!C13 -> 35319.136 | E7: ='Fixed Fee'!D59 -> 25865.597 | F7: =SUM(D7:E7) -> 61184.733 | G7: =F7/F$9 -> 0.051124406
B8: I Demand | C8: ='Sales by DU'!E169 -> 777911 | D8: ='EEC Rates Report'!C16*'Projected NM Rev '!C8 -> 3807.19 | E8: ='Fixed Fee'!F59 -> 41223.539 | F8: =SUM(D8:E8) -> 45030.729 | G8: =F8/F$9 -> 0.037626531
D9: =SUM(D5:D8) -> 1077955.2 | E9: =SUM(E5:E8) -> 118826.05 | F9: =SUM(F5:F8) -> 1196781.3 | G9: =SUM(G5:G8) -> 1
C10: Total | D10: =SUM(D5:E8) -> 1196781.3
C11: Budget | D11: ='EEC Calculation'!B52 -> 45948735
C12: NM % of Total | D12: =D10/D11 -> 0.026046012
B14: Alt #1 Flat w/2021 | C14: Gross kWh | D14: per kWh | E14: Fixed Fees | F14: Sum | G14: %
B15: Res | C15: =C5 -> 92196387 | D15: =C15*'EEC Rates Report'!J8 -> 1002603.1 | E15: ='Fixed Fee'!I59 -> 46042.028 | F15: =SUM(D15:E15) -> 1048645.1 | G15: =F15/F$19 -> 0.87281548
B16: C Non-Demand | C16: =C6 -> 3720380 | D16: =C16*'EEC Rates Report'!J9 -> 36225.808 | E16: ='Fixed Fee'!J59 -> 5987.1346 | F16: =SUM(D16:E16) -> 42212.943 | G16: =F16/F$19 -> 0.035134965
B17: C- Demand | C17: =C7 -> 5691957 | D17: =C17*'EEC Rates Report'!J13 -> 35319.136 | E17: ='Fixed Fee'!K59 -> 27594.153 | F17: =SUM(D17:E17) -> 62913.289 | G17: =F17/F$19 -> 0.052364418
B18: I Demand | C18: =C8 -> 777911 | D18: ='EEC Rates Report'!J16*C18 -> 3807.19 | E18: ='Fixed Fee'!M59 -> 43872.564 | F18: =SUM(D18:E18) -> 47679.754 | G18: =F18/F$19 -> 0.039685138
D19: =SUM(D15:D18) -> 1077955.2 | E19: =SUM(E15:E18) -> 123495.88 | F19: =SUM(F15:F18) -> 1201451.1 | G19: =SUM(G15:G18) -> 1
C20: Total | D20: =SUM(D15:E18) -> 1201451.1
C21: Budget | D21: =D11 -> 45948735
C22: NM % of Total | D22: =D20/D21 -> 0.026147643
B24: Alt #2 Flat, R-4.5% | C24: Gross kWh | D24: per kWh | E24: Fixed Fees | F24: Sum | G24: %
B25: Res | C25: =C15 -> 92196387 | D25: =C25*'EEC Rates Report'!K8 -> 0 | E25: =E15*(1-'EEC Rates Report'!K33) -> 23021.014 | F25: =SUM(D25:E25) -> 23021.014 | G25: =F25/F$29 -> 0.22912212
B26: C Non-Demand | C26: =C16 -> 3720380 | D26: =C26*'EEC Rates Report'!K9 -> 0 | E26: =E16 -> 5987.1346 | F26: =SUM(D26:E26) -> 5987.1346 | G26: =F26/F$29 -> 0.059588381
B27: C- Demand | C27: =C17 -> 5691957 | D27: =C27*'EEC Rates Report'!K13 -> 0 | E27: =E17 -> 27594.153 | F27: =SUM(D27:E27) -> 27594.153 | G27: =F27/F$29 -> 0.27463737
B28: I Demand | C28: =C18 -> 777911 | D28: =C28*'EEC Rates Report'!K16 -> 0 | E28: =E18 -> 43872.564 | F28: =SUM(D28:E28) -> 43872.564 | G28: =F28/F$29 -> 0.43665213
D29: =SUM(D25:D28) -> 0 | E29: =SUM(E25:E28) -> 100474.87 | F29: =SUM(F25:F28) -> 100474.87 | G29: =SUM(G25:G28) -> 1
C30: Total | D30: =SUM(D25:E28) -> 100474.87
C31: Budget | D31: =D21 -> 45948735
C32: NM % of Total | D32: =D30/D31 -> 0.0021866731

Sheet EEC Uncollectibles
A1: EFFICIENCY VERMONT
A2: 2023 EEC Rate Calculation
A3: Uncollectible Calculation
C5: 2021 | D5: 2021 | E5: 2021 | F5: 2022
C6: Estimated | D6: Actual | E6: Actual True-Up | F6: Estimated
B7: Prior Year Uncollectible True-up | C7: (A) | D7: (B) | E7: (C) | F7: (D)
B8: Barton Village Inc. Electric Dept | C8: 0 | D8: 0 | E8: =C8-D8 -> 0 | F8: 0
B9: Enosburg Falls Water & Light Dept | C9: -135 | D9: -88 | E9: =+D9-C9 -> 47 | F9: -286
B10: Green Mountain Power | C10: -151850.13 | D10: -70654 | E10: =+D10-C10 -> 81196.13 | F10: -58444.22
B11: Hardwick Electric Dept | C11: 0 | D11: 0 | E11: =+D11-C11 -> 0 | F11: 0
B12: Hyde Park Electric Dept | C12: 0 | D12: 0 | E12: =+D12-C12 -> 0 | F12: 0
B13: Jacksonville Electric Company | C13: 0 | D13: 0 | E13: =+D13-C13 -> 0 | F13: 0
B14: Johnson Electric Dept | C14: 0 | D14: -421 | E14: =+D14-C14 -> -421 | F14: 0
B15: Ludlow Electric Light Dept | C15: -1514.82 | D15: 0 | E15: =+D15-C15 -> 1514.82 | F15: -91.61
B16: Lyndonville Electric Dept | C16: -1345.2634 | D16: 0 | E16: =+D16-C16 -> 1345.2634 | F16: -18936.19
B17: Morrisville Water & Light Dept | C17: -509.9 | D17: 0 | E17: =+D17-C17 -> 509.9 | F17: -5255.38
B18: Northfield Electric Dept | C18: 0 | D18: 0 | E18: =+D18-C18 -> 0 | F18: 0
B19: Orleans Electric Dept | C19: 0 | D19: 0 | E19: =+D19-C19 -> 0 | F19: 0
B20: Stowe Electric Dept | C20: 0 | D20: 0 | E20: =+D20-C20 -> 0 | F20: 0
... B23: Washington Electric Co-Operative | C23: -48284 | D23: 0 | E23: =+D23-C23 -> 48284 | F23: 22603
B25: Total of all Elec. Utilities | C25: =+SUM(C8:C23) -> -206240.91 | D25: =+SUM(D8:D23) -> -75019 | E25: =+D25-C25 -> 131221.91 | F25: =+SUM(F8:F23) -> -68160.521
A29: (A) = | B29: From prior year EEC calculation as forecasted by the DUs
A30: (B) = | B30: From Utility Invoices paid in early year for prior rate year
A31: (C) = | B31: Difference between Estimated and Actual. Negative value indicates a need to increase collections, positive decreases collections.
A32: (D) = | B32: From DU forecast of current year uncollectibles submitted on Aug 1. Negative value increases collections.

Sheet Net Meter Est
A6: Estimated Impact on the EEC rates from adding Net Metered kWh sales back into EEC collections
A9: Sector | B9: 2019 kWh Sales | C9: Est Net Metered kWh | D9: Gross Sales | E9: Applied Weighting of NM capacity | F9: Forecasted Declines from 2019 Sales | G9: Adjusted Sales | H9: Adjusted Sales Allocation
A10: Residential | B10: 1967149313 | C10: =89500000*2*0.33/2 -> 29535000 | D10: =C10+B10 -> 1996684313 | E10: =C10/C$15 -> 0.94608879 | F10: ='EEC Calculation'!#REF! -> #REF! | G10: =D10+F10 -> #REF! | H10: =G10/G$15 -> #REF!
A11: Commercial Non Demand | B11: =312238037+13255455 -> 325493492 | C11: =5100000*2*0.33/2 -> 1683000 | D11: =C11+B11 -> 327176492 | E11: =C11/C$15 -> 0.053911205 | F11: ='EEC Calculation'!#REF!*'Util Rev and Load Data'!I86/'Util Rev and Load Data'!P86 -> #REF! | G11: =D11+F11 -> #REF! | H11: =G11/G$15 -> #REF!
A12: Commercial Demand | B12: =1476949060 -> 1476949060 | C12: =20500000*0 -> 0 | D12: =C12+B12 -> 1476949060 | E12: =C12/C$15 -> 0 | F12: ='EEC Calculation'!#REF!-'Net Meter Est'!F11 -> #REF! | G12: =D12+F12 -> #REF! | H12: =G12/G$15 -> #REF!
A13: Industrial Non Demand | B13: 5869669 | C13: =600000*0 -> 0 | D13: =C13+B13 -> 5869669 | E13: =C13/C$15 -> 0 | F13: 0 | G13: =D13+F13 -> 5869669 | H13: =G13/G$15 -> #REF!
A14: Industrial Demand | B14: 730271104 | C14: =5800000*0 -> 0 | D14: =C14+B14 -> 730271104 | E14: =C14/C$15 -> 0 | F14: 0 | G14: =D14+F14 -> 730271104 | H14: =G14/G$15 -> #REF!
A15: Total kWh | B15: =SUM(B10:B14) -> 4505732638 | C15: =SUM(C10:C14) -> 31218000 | D15: =SUM(D10:D14) -> 4536950638 | E15: =SUM(E10:E14) -> 1 | F15: =SUM(F10:F14) -> #REF! | G15: =SUM(G10:G14) -> #REF! | H15: =SUM(H10:H14) -> #REF!
A18: According to EAN dashboard, solar PV installed at the end of 2017 equaled:
B19: Sites | C19: 9426
B20: kW | C20: 243178
B21: Avg kW per site | C21: =C20/C19 -> 25.798642
B24: R | C24: =C10 -> 29535000 | E24: =E10 -> 0.94608879 | F24: =F10/F$15 -> #REF! | H24: =H10 -> #REF!
B25: C | C25: =C11+C12 -> 1683000 | E25: =E11+E12 -> 0.053911205 | F25: =(F11+F12)/F15 -> #REF! | H25: =H11+H12 -> #REF!
B26: I | C26: =C13+C14 -> 0 | E26: =E13+E14 -> 0 | F26: =F13+F14 -> 0 | H26: =H13+H14 -> #REF!
E36: .

Sheet 2021 EEC Collections Est.
A4: Projected 2021 EEC Collections with PUC approved Rates and Load
A5: Rate Classifications | B5: 2021 Projected Retail Sales | C5: PUC Approved 2021 Rates | D5: Projected EEC Collections with PUC Rates
A7: Customers Without Demand Charges | F7: EEC Revenue
F8: Sector | G8: kWh | H8: kW | I8: Total
A9: Residential | B9: 2.0555267e+09 | C9: 0.011881085 | D9: =C9*B9 -> 24421887 | F9: Residential | G9: =D9+D25 -> 24425376 | H9: 0 | I9: =SUM(G9:H9) -> 24425376
A10: Commercial | B10: =312108910+4044368 -> 316153278 | C10: 0.010236808 | D10: =C10*B10 -> 3236400.3 | F10: Commercial | G10: =D10+D15+D22+D26+D27 -> 13267653 | H10: =D16 -> 5506705.4 | I10: =SUM(G10:H10) -> 18774358
A11: Industrial | B11: 5578093 | C11: 0.0075702524 | D11: =C11*B11 -> 42227.572 | F11: Industrial | G11: =D11+D18+D28+D29 -> 3814262.7 | H11: =D19 -> 2103744.9 | I11: =SUM(G11:H11) -> 5918007.6
F12: Total | G12: =SUM(G9:G11) -> 41507292 | H12: =SUM(H9:H11) -> 7610450.3 | I12: =SUM(I9:I11) -> 49117742
A13: Customers With Demand Charges
A14: Commercial
A15: kWh | B15: 1494771203 | C15: 0.006619772 | D15: =C15*B15 -> 9895044.5
A16: kW | B16: 4837869.9 | C16: 1.13825 | D16: =C16*B16 -> 5506705.4
A17: Industrial
A18: kWh | B18: 723823600 | C18: 0.0052086164 | D18: =C18*B18 -> 3770119.5
A19: kW | B19: 1734103.4 | C19: 1.21316 | D19: =C19*B19 -> 2103744.9
A21: Customers with Unmetered Street and Security Lights
B22: 13126578 | C22: 0.010236808 | D22: =C22*B22 -> 134374.26
A24: Monthly Fixed Fees for Net Metered Customers without Production Meters
A25: Residential | B25: 513 | C25: 6.8 | D25: =C25*B25 -> 3488.4
A26: Commercial without demand | B26: 33 | C26: 6.33 | D26: =C26*B26 -> 208.89
A27: Commercial with demand | B27: 19 | C27: 85.53 | D27: =C27*B27 -> 1625.07
A28: Industrial without demand | B28: 0 | C28: 586.49 | D28: =C28*B28 -> 0
A29: Industrial with demand | B29: 1 | C29: 1915.71 | D29: =C29*B29 -> 1915.71

Sheet Projected 2022 EEC Collections
A4: Projected 2022 EEC Collections
A5: Rate Classifications | B5: 2022 Projected Retail Sales (from Fixed Fee worksheet) | C5: PUC Approved 2022 Rates | D5: Projected EEC Collections with PUC Rates
A7: Customers Without Demand Charges | F7: EEC Revenue
F8: Sector | G8: kWh | H8: kW | I8: Total
A9: Residential | B9: 2140668931 | C9: 0.010930598 | D9: =C9*B9 -> 23398792 | F9: Residential | G9: =D9+D25 -> 23402002 | H9: 0 | I9: =SUM(G9:H9) -> 23402002
A10: Commercial | B10: 3.9733679e+08 | C10: 0.010236808 | D10: =C10*B10 -> 4067460.4 | F10: Commercial | G10: =D10+D15+D22+D26+D27 -> 12782963 | H10: =D16 -> 4690861.1 | I10: =SUM(G10:H10) -> 17473824
A11: Industrial | B11: 5604228 | C11: 0.0075702524 | D11: =C11*B11 -> 42425.42 | F11: Industrial | G11: =D11+D18+D28+D29 -> 3656178.3 | H11: =D19 -> 1732055.2 | I11: =SUM(G11:H11) -> 5388233.5
F12: Total | G12: =SUM(G9:G11) -> 39841143 | H12: =SUM(H9:H11) -> 6422916.2 | I12: =SUM(I9:I11) -> 46264059
A13: Customers With Demand Charges
A14: Commercial
A15: kWh | B15: 1.2969123e+09 | C15: 0.006619772 | D15: =C15*B15 -> 8585263.8
A16: kW | B16: 4121116.7 | C16: 1.13825 | D16: =C16*B16 -> 4690861.1
A17: Industrial
A18: kWh | B18: 6.9343506e+08 | C18: 0.0052086164 | D18: =C18*B18 -> 3611837.2
A19: kW | B19: 1427722 | C19: 1.21316 | D19: =C19*B19 -> 1732055.2
A21: Customers with Unmetered Street and Security Lights
B22: 12543472 | C22: 0.010236808 | D22: =B22*C22 -> 128405.11
A24: Monthly Fixed Fees for Net Metered Customers without Production Meters
A25: Residential | B25: 513 | C25: 6.256 | D25: =C25*B25 -> 3209.328
A26: Commercial without demand | B26: 33 | C26: 6.33 | D26: =C26*B26 -> 208.89
A27: Commercial with demand | B27: 19 | C27: 85.53 | D27: =C27*B27 -> 1625.07
A28: Industrial without demand | B28: 0 | C28: 586.49 | D28: =C28*B28 -> 0
A29: Industrial with demand | B29: 1 | C29: 1915.71 | D29: =C29*B29 -> 1915.71

Sheet EEC Collection True-Up
A1: EFFICIENCY VERMONT
A2: EEC Collection True-Up By Rate Class
N3: Source | O3: EEU Fiscal Agent May 2022 Financial Report
O4: FY 1/22 - 12/22 | R4: These values are net of taxes at the rate of 1.025%
O5: VTEEU | Q5: Additional 2020 | R5: Actual Values | W5: Forecast (adjusted to account for the July implementation of net metering EEC) | AD5: Fiscal Year
O6: CODE | P6: NAME | Q6: True-ups | R6: JAN | S6: FEB | T6: MAR | U6: APR | V6: MAY | W6: JUN | X6: JUL | Y6: AUG | Z6: SEP | AA6: OCT | AB6: NOV | AC6: DEC | AD6: To Date
B7: 2021 | C7: Over/under-collection | O7: VTE001 | P7: Barton Village, Inc. Electric Dept. | Q7: 0 | R7: 15903.232 | S7: 12715.13 | T7: 15686.286 | U7: 12593.101 | V7: 11486.137 | W7: 13951.341 | X7: 14833.543 | Y7: 13051.016 | Z7: 12148.684 | AA7: 12570.44 | AB7: 13698.356 | AC7: 15476.358 | AD7: =SUM(Q7:AC7) -> 164113.62 | AE7: =AD7/AD$24 -> 0.003512122
O8: VTE005 | P8: Enosburg Falls Water & Light Dept. | Q8: 0 | R8: 23442.564 | S8: 24166.85 | T8: 24188.518 | U8: 26845.444 | V8: 20449.76 | W8: 24392.446 | X8: 25934.883 | Y8: 22818.324 | Z8: 21240.691 | AA8: 21978.087 | AB8: 23950.128 | AC8: 27058.777 | AD8: =SUM(Q8:AC8) -> 286466.47 | AE8: =AD8/AD$24 -> 0.0061305405
B9: Rule 5.304 (D) | C9: 2021 EEC calculation | E9: 2021 Estimated Results | I9: 2021 Estimate in | J9: 2021 | K9: 2021 Avg | O9: VTE006 | P9: Green Mountain Power Corporation | Q9: 0 | R9: 3514555.1 | S9: 3150715.2 | T9: 2934586.7 | U9: 2641149.4 | V9: 2789647.2 | W9: 3103668.4 | X9: 3299926.4 | Y9: 2903378.7 | Z9: 2702642.4 | AA9: 2796468 | AB9: 3047388.3 | AC9: 3442929.4 | AD9: =SUM(Q9:AC9) -> 36327055 | AE9: =AD9/AD$24 -> 0.77741901
B10: Prior Year 2 | C10: Projected | D10: 2021 | E10: 2021 | F10: Calculated EEC | G10: Actual | H10: Variance | I10: 2022 (adjusted) | J10: Over/(Under) | K10: EEC Rates | O10: VTE007 | P10: Hardwick Electric Dept., Town of | Q10: 0 | R10: 37363.712 | S10: 39374.759 | T10: 33047.77 | U10: 37150.389 | V10: 28624.39 | W10: 35559.794 | X10: 37808.389 | Y10: 33265.006 | Z10: 30965.102 | AA10: 32040.093 | AB10: 34914.974 | AC10: 39446.824 | AD10: =SUM(Q10:AC10) -> 419561.2 | AE10: =AD10/AD$24 -> 0.008978841
C11: Collection | D11: kWh Basis | E11: Actual kWh | F11: Collection | G11: Collection | H11: Collection | I11: EEC calculation | J11: Collection to be | K11: per kWh | O11: VTE008 | P11: Hyde Park Electric Dept., Village of | Q11: 0 | R11: 12686.879 | S11: 14093.244 | T11: 11251.383 | U11: 10078.01 | V11: 10845.929 | W11: 11760.457 | X11: 12504.12 | Y11: 11001.517 | Z11: 10240.885 | AA11: 10596.409 | AB11: 11547.2 | AC11: 13045.989 | AD11: =SUM(Q11:AC11) -> 139652.02 | AE11: =AD11/AD$24 -> 0.0029886303
B12: Sector | C12: w/o Tax | F12: w/ Tax | G12: w/o Tax | H12: w/o tax | I12: w/o tax | J12: Adjusted in | O12: VTE009 | P12: Jacksonville Electric Company, Village of | Q12: 0 | R12: 5856.6889 | S12: 6485.9292 | T12: 5789.9332 | U12: 4938.3321 | V12: 4245.949 | W12: 5268.4812 | X12: 5601.6294 | Y12: 4928.4892 | Z12: 4587.7391 | AA12: 4747.008 | AB12: 5172.9457 | AC12: 5844.3772 | AD12: =SUM(Q12:AC12) -> 63467.502 | AE12: =AD12/AD$24 -> 0.0013582395
J13: 2023 Rates | O13: VTE010 | P13: Johnson Water & Light Dept., Village of | Q13: 0 | R13: 12604.593 | S13: 11840.822 | T13: 12146.964 | U13: 10419.856 | V13: 10024.855 | W13: 11258.816 | X13: 11970.758 | Y13: 10532.248 | Z13: 9804.0605 | AA13: 10144.42 | AB13: 11054.655 | AC13: 12489.513 | AD13: =SUM(Q13:AC13) -> 134291.56 | AE13: =AD13/AD$24 -> 0.0028739134
B14: Residential EEC | C14: 20995144 | D14: 2055526658 | E14: ='Util Rev and Load Data'!C86 -> 2163164825 | F14: =+E14*K14 -> 25698398 | G14: =25005109.43 -> 25005109 | H14: =+G14-C14 -> 4009965.4 | I14: 3789044.1 | J14: =+H14-I14 -> 220921.32 | K14: ='2021 Projected Revenue'!I10 -> 0.01188 | L14: $/kWh | O14: VTE011 | P14: Ludlow Electric Light Dept., Village of | Q14: 0 | R14: 71063.42 | S14: 63010.245 | T14: 54568.087 | U14: 43337.273 | V14: 34651.948 | W14: 45243.245 | X14: 48104.166 | Y14: 42323.554 | Z14: 39397.352 | AA14: 40765.079 | AB14: 44422.831 | AC14: 50188.77 | AD14: =SUM(Q14:AC14) -> 577075.97 | AE14: =AD14/AD$24 -> 0.012349744
B15: Commercial EEC | C15: 20716371 | D15: 1824051059 | E15: ='Util Rev and Load Data'!P86 -> 1.7657202e+09 | F15: =+E15*K15 -> 18173551 | G15: 17206316 | H15: =+G15-C15 -> -3510055.3 | I15: -3589942.8 | J15: =+H15-I15 -> 79887.503 | K15: ='2021 Projected Revenue'!I11 -> 0.010292429 | L15: $/kWh | O15: VTE012 | P15: Lyndonville Electric Dept., Village of | Q15: 0 | R15: 67119.614 | S15: 62162.683 | T15: 54443.761 | U15: 48591.289 | V15: 51652.472 | W15: 56272.679 | X15: 59831.037 | Y15: 52641.223 | Z15: 49001.669 | AA15: 50702.821 | AB15: 55252.264 | AC15: 62423.828 | AD15: =SUM(Q15:AC15) -> 670095.34 | AE15: =AD15/AD$24 -> 0.01434041
B16: Industrial EEC | C16: 4968187 | D16: 729401693 | E16: ='Util Rev and Load Data'!AA86 -> 704672307 | F16: =+E16*K16 -> 5716480.9 | G16: 5459538.9 | H16: =+G16-C16 -> 491351.93 | I16: 394055.94 | J16: =+H16-I16 -> 97295.987 | K16: ='2021 Projected Revenue'!I12 -> 0.0081122543 | L16: $/kWh | O16: VTE013 | P16: Morrisville Water & Light Dept., Village of | Q16: 0 | R16: 45394.912 | S16: 41643.554 | T16: 39348.646 | U16: 34968.641 | V16: 39248.008 | W16: 42422.165 | X16: 45104.697 | Y16: 39684.527 | Z16: 36940.784 | AA16: 38223.229 | AB16: 41652.907 | AC16: 47059.319 | AD16: =SUM(Q16:AC16) -> 491691.39 | AE16: =AD16/AD$24 -> 0.010522467
B17: Total | C17: =SUM(C14:C16) -> 46679702 | D17: =SUM(D14:D16) -> 4608979410 | E17: =SUM(E14:E16) -> 4.6335574e+09 | F17: =SUM(F14:F16) -> 49588430 | G17: =SUM(G14:G16) -> 47670964 | H17: =SUM(H14:H16) -> 991262.07 | I17: =SUM(I14:I16) -> 593157.26 | J17: =SUM(J14:J16) -> 398104.81 | O17: VTE014 | P17: Northfield Electric Dept., Village of | Q17: 0 | R17: 27944.776 | S17: 23530.413 | T17: 24594.467 | U17: 21450.007 | V17: 20337.223 | W17: 23865.396 | X17: 25374.505 | Y17: 22325.286 | Z17: 20781.741 | AA17: 21503.204 | AB17: 23432.635 | AC17: 26474.115 | AD17: =SUM(Q17:AC17) -> 281613.77 | AE17: =AD17/AD$24 -> 0.00602669
G18: =G14/G$17 -> 0.52453543 | O18: VTE016 | P18: Orleans Electric Dept., Village of | Q18: 0 | R18: 12551.329 | S18: 12077.03 | T18: 12390.557 | U18: 10565.622 | V18: 9563.0982 | W18: 11205.954 | X18: 11914.553 | Y18: 10482.798 | Z18: 9758.029 | AA18: 10096.791 | AB18: 11002.752 | AC18: 12430.873 | AD18: =SUM(Q18:AC18) -> 134039.39 | AE18: =AD18/AD$24 -> 0.0028685168
B19: Note: A Negative Difference indicates a need to increase collections by that amount. | G19: =G15/G$17 -> 0.36093912 | O19: VTE019 | P19: Stowe Electric Dept., Town of | Q19: 0 | R19: 91215.719 | S19: 73796.189 | T19: 61337.085 | U19: 54169.681 | V19: 54799.772 | W19: 64368.095 | X19: 68438.36 | Y19: 60214.216 | Z19: 56051.074 | AA19: 57996.955 | AB19: 63200.883 | AC19: 71404.152 | AD19: =SUM(Q19:AC19) -> 776992.18 | AE19: =AD19/AD$24 -> 0.016628061
B20: Note: A Positive Difference indicates a need to decrease collections by that amount. | G20: =G16/G$17 -> 0.11452546 | O20: VTE020 | P20: Swanton Village Inc. Electric Dept. | Q20: 0 | R20: 48065.37 | S20: 50375.471 | T20: 45475.219 | U20: 42809.809 | V20: 46415.59 | W20: 50409.842 | X20: 53597.468 | Y20: 47156.734 | Z20: 43896.371 | AA20: 45420.287 | AB20: 49495.74 | AC20: 55920.126 | AD20: =SUM(Q20:AC20) -> 579038.03 | AE20: =AD20/AD$24 -> 0.012391733
O21: VTE021 | P21: Vermont Electric Cooperative, Inc. | Q21: 0 | R21: 469588.4 | S21: 411607.13 | T21: 419056.32 | U21: 357829.95 | V21: 356800.21 | W21: 404734.01 | X21: 430327.04 | Y21: 378615.23 | Z21: 352438.21 | AA21: 364673.53 | AB21: 397394.81 | AC21: 448975.36 | AD21: =SUM(Q21:AC21) -> 4792040.2 | AE21: =AD21/AD$24 -> 0.1025523
O22: VTE022 | P22: Washington Electric Cooperative, Inc. | Q22: 0 | R22: 86063.608 | S22: 88014.501 | T22: 71468.231 | U22: 70288.067 | V22: 62349.389 | W22: 74674.089 | X22: 79396.045 | Y22: 69855.131 | Z22: 65025.427 | AA22: 67282.864 | AB22: 73319.994 | AC22: 82836.69 | AD22: =SUM(Q22:AC22) -> 890574.03 | AE22: =AD22/AD$24 -> 0.019058775
B23: 2022 | C23: Over/under-collection estimate | P23: Fiscal Agent Accrued Interest | R23: 1594.88 | S23: 1312.37 | T23: 1710.56 | U23: 1785.8 | V23: 2164.46
O24: TOTAL CONTRIBUTIONS | Q24: =SUM(Q7:Q23) -> 0 | R24: =SUM(R7:R23) -> 4543014.8 | S24: =SUM(S7:S23) -> 4086921.6 | T24: =SUM(T7:T23) -> 3821090.5 | U24: =SUM(U7:U23) -> 3428970.7 | V24: =SUM(V7:V23) -> 3553306.3 | W24: =SUM(W7:W23) -> 3979055.2 | X24: =SUM(X7:X23) -> 4230667.6 | ... AD24: =SUM(AD7:AD23) -> 46727768 | AE24: 46679702 | AF24: Current Year Budget
B25: Rule 5.304 (D) | C25: 2022 EEC Calculation | F25: 2022 Collections Forecast (w/o Tax) | V25: Jan-Jun | W25: =SUM(R24:W24) -> 23412359 | AB25: Jul-Dec | AC25: =SUM(X24:AC24) -> 23323977 | AD25: =+AC25+W25 -> 46736336 | AE25: =AD24-AE24 -> 48065.766 | AF25: Over/(Under) Projection
B26: Current Year 1 | C26: Projected | D26: Projected | F26: Jan-Jun | G26: Actual/Estimated | H26: Estimated | I26: Estimated | J26: Over/(Under) | P26: Forecasted 2021 Collection Rates w/NM | R26: 0.090973557 | S26: 0.084226076 | T26: 0.079095851 | U26: 0.07313916 | V26: 0.074926861 | W26: 0.087097893 | X26: 0.092605458 | Y26: 0.081477187 | Z26: 0.075843947 | AA26: 0.078476962 | AB26: 0.085518512 | AC26: 0.096618536
C27: Collection | D27: kWh | F27: EEC Allocation | G27: Jan - May | H27: Jun - Dec | I27: Total | J27: Collection to be | V27: =SUM(R24:V24) -> 19433304
B28: Sector | C28: (w/o Tax) | D28: (2022 kWh) | J28: Adjusted in | N28: Source | O28: EEU Fiscal Agent 2021 Actual Collections-December Report
J29: 2022 Rates | O29: FY 1/21 - 12/21 - Collections (Net of Taxes)
B30: Residential | C30: ='Projected 2022 EEC Collections'!I9 -> 23402002 | D30: ='Projected 2022 EEC Collections'!B9 -> 2140668931 | E30: =C30/C$33 -> 0.50583546 | F30: =G30/G33 -> 0.51258922 | G30: 9955897.4 | H30: =H$33*$F30 -> 13995240 | I30: =+G30+H30 -> 23951137 | J30: =+I30-C30 -> 549135.87 | K30: =I30/G14-1 -> -0.042150263 | O30: VTEEU | Q30: Additional 2020 | AD30: Fiscal Year
B31: Commercial | C31: ='Projected 2022 EEC Collections'!I10 -> 17473824 | D31: ='Projected 2022 EEC Collections'!B10+'Projected 2022 EEC Collections'!B15+'Projected 2022 EEC Collections'!B22 -> 1.7067926e+09 | E31: =C31/C$33 -> 0.3776976 | F31: =G31/G33 -> 0.37117633 | G31: 7209268.8 | H31: =H$33*$F31 -> 10134239 | I31: =+H31+G31 -> 17343508 | J31: =+I31-C31 -> -130316.25 | K31: =I31/G15-1 -> 0.0079733722 | O31: CODE | P31: NAME | Q31: True-ups | R31: JAN | S31: FEB | T31: MAR | U31: APR | V31: MAY | W31: JUN | X31: JUL | Y31: AUG | Z31: SEP | AA31: OCT | AB31: NOV | AC31: DEC | AD31: To Date
B32: Industrial | C32: ='Projected 2022 EEC Collections'!I11 -> 5388233.5 | D32: ='Projected 2022 EEC Collections'!B11+'Projected 2022 EEC Collections'!B18 -> 6.9903928e+08 | E32: =C32/C$33 -> 0.11646694 | F32: =G32/G33 -> 0.11623444 | G32: 2257593.7 | H32: =H$33*$F32 -> 3173552.8 | I32: =+H32+G32 -> 5431146.5 | J32: =+I32-C32 -> 42912.999 | K32: =I32/G16-1 -> -0.0052005226 | O32: VTE001 | P32: Barton Village, Inc. Electric Dept. | Q32: 0 | R32: 15278.09 | S32: 14445.959 | T32: 14641.465 | U32: 13852.433 | V32: 10773.888 | W32: 13892.037 | X32: 13620.341 | Y32: 11715.001 | Z32: 18020.836 | AA32: 12302.737 | AB32: 10400.406 | AC32: 14895.165 | AD32: =SUM(R32:AC32) -> 163838.36 | AE32: =AD32/AD$48 -> 0.0034368566
B33: Total | C33: =SUM(C30:C32) -> 46264059 | D33: =SUM(D30:D32) -> 4.5465008e+09 | F33: =SUM(F30:F32) -> 1 | G33: =SUM(G30:G32) -> 19422760 | H33: =SUM(W24:AC24) -> 27303032 | I33: =SUM(I30:I32) -> 46725792 | J33: =SUM(J30:J32) -> 461732.62 | O33: VTE005 | P33: Enosburg Falls Water & Light Dept. | Q33: 0 | R33: 23041.802 | S33: 23129.404 | T33: 24071.171 | U33: 27351.072 | V33: 20647.256 | W33: 23117.169 | X33: 25253.393 | Y33: 25042.96 | Z33: 26425.152 | AA33: 20822.034 | AB33: 19992.16 | AC33: 26023.974 | AD33: =SUM(R33:AC33) -> 284917.55 | AE33: =AD33/AD$48 -> 0.005976749
I34: =I30/I$33 -> 0.51258922 | O34: VTE006 | P34: Green Mountain Power Corporation | Q34: 0 | R34: 3441491.2 | S34: 3219864.2 | T34: 2852091.5 | U34: 2655126.8 | V34: 2884814.9 | W34: 3199372 | X34: 3262890.5 | Y34: 3241961.3 | Z34: 2784115.3 | AA34: 2855828.3 | AB34: 3226144.6 | AC34: 3576832.1 | AD34: =SUM(R34:AC34) -> 37200533 | AE34: =AD34/AD$48 -> 0.78035997
B35: Note: A Negative Difference (Adjustment) indicates a need to increase collections by that amount. | I35: =I31/I$33 -> 0.37117633 | O35: VTE007 | P35: Hardwick Electric Dept., Town of | Q35: 0 | R35: 36969.206 | S35: 39424.489 | T35: 33128.998 | U35: 38491.215 | V35: 30017.313 | W35: 30499.847 | X35: 32734.096 | Y35: 34298.471 | Z35: 32955.645 | AA35: 39755.951 | AB35: 28650.898 | AC35: 36711.279 | AD35: =SUM(R35:AC35) -> 413637.41 | AE35: =AD35/AD$48 -> 0.0086769208
B36: Note: A Positive Difference (Adjustment) indicates a need to decrease collections by that amount. | I36: =I32/I$33 -> 0.11623444 | O36: VTE008 | P36: Hyde Park Electric Dept., Village of | Q36: 0 | R36: 11466.102 | S36: 14220.53 | T36: 12214.551 | U36: 9989.7352 | V36: 10947.716 | W36: 11053.838 | X36: 11249.809 | Y36: 12921.554 | Z36: 9700.2128 | AA36: 11418.728 | AB36: 11873.22 | AC36: 12622.351 | AD36: =SUM(R36:AC36) -> 139678.35 | AE36: =AD36/AD$48 -> 0.0029300492
O37: VTE009 | P37: Jacksonville Electric Company, Village of | Q37: 0 | R37: 6054.4717 | S37: 6353.9421 | T37: 5498.6488 | U37: 5299.0646 | V37: 4668.003 | W37: 4633.4472 | X37: 4504.9443 | Y37: 4877.852 | Z37: 5161.6135 | AA37: 4289.2254 | AB37: 4926.6815 | AC37: 5745.1819 | AD37: =SUM(R37:AC37) -> 62013.076 | AE37: =AD37/AD$48 -> 0.0013008556
O38: VTE010 | P38: Johnson Water & Light Dept., Village of | Q38: 0 | R38: 11880.653 | S38: 13501.312 | T38: 11113.912 | U38: 10343.747 | V38: 9865.6669 | W38: 10012.363 | X38: 10895.541 | Y38: 11147.162 | Z38: 11373.709 | AA38: 10135.6 | AB38: 10675.278 | AC38: 11835.249 | AD38: =SUM(R38:AC38) -> 132780.19 | AE38: =AD38/AD$48 -> 0.0027853458
O39: VTE011 | P39: Ludlow Electric Light Dept., Village of | Q39: 0 | R39: 67888.839 | S39: 60677.347 | T39: 52703.044 | U39: 39165.88 | V39: 36031.418 | W39: 38287.355 | X39: 39609.344 | Y39: 40557.723 | Z39: 33430.478 | AA39: 34764.237 | AB39: 48752.467 | AC39: 57465.033 | AD39: =SUM(R39:AC39) -> 549333.17 | AE39: =AD39/AD$48 -> 0.011523427
O40: VTE012 | P40: Lyndonville Electric Dept., Village of | Q40: 0 | R40: 59820.906 | S40: 61316.654 | T40: 56551.2 | U40: 46889.611 | V40: 49153.358 | W40: 57801.247 | X40: 50581.44 | Y40: 60153.467 | Z40: 51311.309 | AA40: 57559.555 | AB40: 65352.764 | AC40: 75111.418 | AD40: =SUM(R40:AC40) -> 691602.93 | AE40: =AD40/AD$48 -> 0.014507836
O41: VTE013 | P41: Morrisville Water & Light Dept., Village of | Q41: 0 | R41: 44580.104 | S41: 42202.732 | T41: 40667.696 | U41: 36078.189 | V41: 41085.801 | W41: 42271.497 | X41: 45522.514 | Y41: 45420.094 | Z41: 37966.592 | AA41: 39690.572 | AB41: 43251.888 | AC41: 46373.67 | AD41: =SUM(R41:AC41) -> 505111.35 | AE41: =AD41/AD$48 -> 0.01059578
O42: VTE014 | P42: Northfield Electric Dept., Village of | Q42: 0 | R42: 25757.327 | S42: 24168.236 | T42: 23033.249 | U42: 21476.367 | V42: 21671.566 | W42: 23729.414 | X42: 22162.702 | Y42: 24712.754 | Z42: 23068.874 | AA42: 23958.951 | AB42: 23378.5 | AC42: 25160.901 | AD42: =SUM(R42:AC42) -> 282278.84 | AE42: =AD42/AD$48 -> 0.0059213966
O43: VTE016 | P43: Orleans Electric Dept., Village of | Q43: 0 | R43: 11897.768 | S43: 12681.811 | T43: 11843.752 | U43: 11168.74 | V43: 9996.5652 | W43: 10453.066 | X43: 10331.106 | Y43: 11073.685 | Z43: 10312.101 | AA43: 9993.3383 | AB43: 11686.325 | AC43: 11786.192 | AD43: =SUM(R43:AC43) -> 133224.45 | AE43: =AD43/AD$48 -> 0.002794665
O44: VTE019 | P44: Stowe Electric Dept., Town of | Q44: 0 | R44: 91384.073 | S44: 65560.911 | T44: 59394.754 | U44: 51812.383 | V44: 53735.145 | W44: 60617.144 | X44: 66132.591 | Y44: 68076.476 | Z44: 58260.144 | AA44: 55452.225 | AB44: 81539.668 | AC44: 88752.517 | AD44: =SUM(R44:AC44) -> 800718.03 | AE44: =AD44/AD$48 -> 0.016796757
O45: VTE020 | P45: Swanton Village Inc. Electric Dept. | Q45: 0 | R45: 53034.219 | S45: 49411.304 | T45: 46822.638 | U45: 42789.537 | V45: 51440.643 | W45: 54112.814 | X45: 56512.002 | Y45: 52338.916 | Z45: 44296.867 | AA45: 42958.753 | AB45: 48068.805 | AC45: 56195.466 | AD45: =SUM(R45:AC45) -> 597981.96 | AE45: =AD45/AD$48 -> 0.012543938
O46: VTE021 | P46: Vermont Electric Cooperative, Inc. | Q46: 0 | R46: 460205.34 | S46: 407721.27 | T46: 405354.56 | U46: 345698.34 | V46: 360409.76 | W46: 401490.01 | X46: 423222.63 | Y46: 429135.79 | Z46: 360165.92 | AA46: 370591.01 | AB46: 407787.89 | AC46: 461385.95 | AD46: =SUM(R46:AC46) -> 4833168.5 | AE46: =AD46/AD$48 -> 0.10138595
O47: VTE022 | P47: Washington Electric Cooperative, Inc. | Q47: 0 | R47: 84811.443 | S47: 82342.212 | T47: 78555.694 | U47: 70993.942 | V47: 64673.833 | W47: 66622.638 | X47: 68998.575 | Y47: 72736.788 | Z47: 76650.938 | AA47: 64977.441 | AB47: 69684.751 | AC47: 79125.256 | AD47: =SUM(R47:AC47) -> 880173.51 | AE47: =AD47/AD$48 -> 0.018463504
O48: TOTAL CONTRIBUTIONS | R48: =SUM(R32:R47) -> 4445561.5 | S48: =SUM(S32:S47) -> 4137022.3 | T48: =SUM(T32:T47) -> 3727686.8 | U48: =SUM(U32:U47) -> 3426527.1 | V48: =SUM(V32:V47) -> 3659932.9 | W48: =SUM(W32:W47) -> 4047965.8 | X48: =SUM(X32:X47) -> 4144221.5 | Y48: =SUM(Y32:Y47) -> 4146170 | ... AD48: =SUM(AD32:AD47) -> 47670990 | AE48: 46446943 | AF48: Prior Year Budget
R49: =R48/$AD48 -> 0.093255069 | S49: =S48/$AD48 -> 0.086782805 | T49: =T48/$AD48 -> 0.078196126 | U49: =U48/$AD48 -> 0.071878664 | V49: =V48/$AD48 -> 0.076774844 | W49: =W48/$AD48 -> 0.084914658 | X49: =X48/$AD48 -> 0.086933824 | Y49: =Y48/$AD48 -> 0.086974698 | ... AC49: =AC48/$AD48 -> 0.09620152 | AD49: =SUM(R49:AC49) -> 1 | AE49: =AD48-AE48 -> 1224047.7 | AF49: Over/(Under) Actual
V50: =SUM(R48:V48) -> 19396731
O51: EEU Fiscal Agent 2023 Projected Collections | V51: =V27/V50-1 -> 0.0018855413
O52: FY 1/23 - 12/23 - Collections (Net of Taxes)
O53: VTEEU | Q53: Additional 2022 | AD53: Fiscal Year
O54: CODE | P54: NAME | Q54: True-ups | R54: JAN | S54: FEB | T54: MAR | U54: APR | V54: MAY | W54: JUN | X54: JUL | Y54: AUG | Z54: SEP | AA54: OCT | AB54: NOV | AC54: DEC | AD54: To Date | AE54: 2021 % by DU
O55: VTE001 | P55: Barton Village, Inc. Electric Dept. | Q55: 0 | R55: =R$75*$AE55 -> 14582.637 | S55: =S$75*$AE55 -> 13570.545 | T55: =T$75*$AE55 -> 12227.815 | U55: =U$75*$AE55 -> 11239.93 | V55: =V$75*$AE55 -> 12005.564 | W55: =W$75*$AE55 -> 13278.416 | X55: =X$75*$AE55 -> 13594.161 | Y55: =Y$75*$AE55 -> 13600.552 | ... AC55: =AC$75*$AE55 -> 15043.384 | AD55: =SUM(R55:AC55) -> 156373.66 | AE55: =AE32 -> 0.0034368566
O56: VTE005 | P56: Enosburg Falls Water & Light Dept. | Q56: 0 | R56: =R$75*$AE56 -> 25359.441 | S56: =S$75*$AE56 -> 23599.397 | T56: =T$75*$AE56 -> 21264.367 | U56: =U$75*$AE56 -> 19546.42 | V56: =V$75*$AE56 -> 20877.869 | W56: =W$75*$AE56 -> 23091.38 | X56: =X$75*$AE56 -> 23640.465 | Y56: =Y$75*$AE56 -> 23651.58 | ... AC56: =AC$75*$AE56 -> 26160.688 | AD56: =SUM(R56:AC56) -> 271936.32 | AE56: =AE33 -> 0.005976749
O57: VTE006 | P57: Green Mountain Power Corporation | Q57: 0 | R57: =R$75*$AE57 -> 3311079.7 | S57: =S$75*$AE57 -> 3081277.9 | T57: =T$75*$AE57 -> 2776402.5 | U57: =U$75*$AE57 -> 2552097.1 | V57: =V$75*$AE57 -> 2725939 | W57: =W$75*$AE57 -> 3014948.2 | X57: =X$75*$AE57 -> 3086640 | Y57: =Y$75*$AE57 -> 3088091.2 | ... AC57: =AC$75*$AE57 -> 3415695.3 | AD57: =SUM(R57:AC57) -> 35505627 | AE57: =AE34 -> 0.78035997
O58: VTE007 | P58: Hardwick Electric Dept., Town of | Q58: 0 | R58: =R$75*$AE58 -> 36816.312 | S58: =S$75*$AE58 -> 34261.117 | T58: =T$75*$AE58 -> 30871.169 | U58: =U$75*$AE58 -> 28377.088 | V58: =V$75*$AE58 -> 30310.059 | W58: =W$75*$AE58 -> 33523.588 | X58: =X$75*$AE58 -> 34320.738 | Y58: =Y$75*$AE58 -> 34336.875 | ... AC58: =AC$75*$AE58 -> 37979.546 | AD58: =SUM(R58:AC58) -> 394791.54 | AE58: =AE35 -> 0.0086769208
O59: VTE008 | P59: Hyde Park Electric Dept., Village of | Q59: 0 | R59: =R$75*$AE59 -> 12432.245 | S59: =S$75*$AE59 -> 11569.399 | T59: =T$75*$AE59 -> 10424.671 | U59: =U$75*$AE59 -> 9582.4622 | V59: =V$75*$AE59 -> 10235.194 | W59: =W$75*$AE59 -> 11320.348 | X59: =X$75*$AE59 -> 11589.532 | Y59: =Y$75*$AE59 -> 11594.981 | ... AC59: =AC$75*$AE59 -> 12825.05 | AD59: =SUM(R59:AC59) -> 133314.42 | AE59: =AE36 -> 0.0029300492
O60: VTE009 | P60: Jacksonville Electric Company, Village of | Q60: 0 | R60: =R$75*$AE60 -> 5519.551 | S60: =S$75*$AE60 -> 5136.4727 | T60: =T$75*$AE60 -> 4628.2472 | U60: =U$75*$AE60 -> 4254.3312 | V60: =V$75*$AE60 -> 4544.1248 | W60: =W$75*$AE60 -> 5025.9014 | X60: =X$75*$AE60 -> 5145.4112 | Y60: =Y$75*$AE60 -> 5147.8305 | ... AC60: =AC$75*$AE60 -> 5693.9446 | AD60: =SUM(R60:AC60) -> 59187.678 | AE60: =AE37 -> 0.0013008556
O61: VTE010 | P61: Johnson Water & Light Dept., Village of | Q61: 0 | R61: =R$75*$AE61 -> 11818.266 | S61: =S$75*$AE61 -> 10998.033 | T61: =T$75*$AE61 -> 9909.8382 | U61: =U$75*$AE61 -> 9109.2228 | V61: =V$75*$AE61 -> 9729.7184 | W61: =W$75*$AE61 -> 10761.281 | X61: =X$75*$AE61 -> 11017.172 | Y61: =Y$75*$AE61 -> 11022.352 | ... AC61: =AC$75*$AE61 -> 12191.672 | AD61: =SUM(R61:AC61) -> 126730.55 | AE61: =AE38 -> 0.0027853458
O62: VTE011 | P62: Ludlow Electric Light Dept., Village of | Q62: 0 | R62: =R$75*$AE62 -> 48894.082 | S62: =S$75*$AE62 -> 45500.643 | T62: =T$75*$AE62 -> 40998.606 | U62: =U$75*$AE62 -> 37686.33 | V62: =V$75*$AE62 -> 40253.421 | W62: =W$75*$AE62 -> 44521.164 | X62: =X$75*$AE62 -> 45579.823 | Y62: =Y$75*$AE62 -> 45601.254 | ... AC62: =AC$75*$AE62 -> 50438.921 | AD62: =SUM(R62:AC62) -> 524304.82 | AE62: =AE39 -> 0.011523427
O63: VTE012 | P63: Lyndonville Electric Dept., Village of | Q63: 0 | R63: =R$75*$AE63 -> 61556.98 | S63: =S$75*$AE63 -> 57284.686 | T63: =T$75*$AE63 -> 51616.683 | U63: =U$75*$AE63 -> 47446.573 | V63: =V$75*$AE63 -> 50678.505 | W63: =W$75*$AE63 -> 56051.536 | X63: =X$75*$AE63 -> 57384.373 | Y63: =Y$75*$AE63 -> 57411.354 | ... AC63: =AC$75*$AE63 -> 63501.91 | AD63: =SUM(R63:AC63) -> 660092.59 | AE63: =AE40 -> 0.014507836
O64: VTE013 | P64: Morrisville Water & Light Dept., Village of | Q64: 0 | R64: =R$75*$AE64 -> 44958.064 | S64: =S$75*$AE64 -> 41837.8 | T64: =T$75*$AE64 -> 37698.181 | U64: =U$75*$AE64 -> 34652.546 | V64: =V$75*$AE64 -> 37012.984 | W64: =W$75*$AE64 -> 40937.17 | X64: =X$75*$AE64 -> 41910.606 | Y64: =Y$75*$AE64 -> 41930.311 | ... AC64: =AC$75*$AE64 -> 46378.542 | AD64: =SUM(R64:AC64) -> 482097.81 | AE64: =AE41 -> 0.01059578
O65: VTE014 | P65: Northfield Electric Dept., Village of | Q65: 0 | R65: =R$75*$AE65 -> 25124.58 | S65: =S$75*$AE65 -> 23380.836 | T65: =T$75*$AE65 -> 21067.432 | U65: =U$75*$AE65 -> 19365.395 | V65: =V$75*$AE65 -> 20684.513 | W65: =W$75*$AE65 -> 22877.524 | X65: =X$75*$AE65 -> 23421.524 | Y65: =Y$75*$AE65 -> 23432.536 | ... AC65: =AC$75*$AE65 -> 25918.406 | AD65: =SUM(R65:AC65) -> 269417.84 | AE65: =AE42 -> 0.0059213966
O66: VTE016 | P66: Orleans Electric Dept., Village of | Q66: 0 | R66: =R$75*$AE66 -> 11857.808 | S66: =S$75*$AE66 -> 11034.83 | T66: =T$75*$AE66 -> 9942.9946 | U66: =U$75*$AE66 -> 9139.7004 | V66: =V$75*$AE66 -> 9762.2721 | W66: =W$75*$AE66 -> 10797.287 | X66: =X$75*$AE66 -> 11054.033 | Y66: =Y$75*$AE66 -> 11059.23 | ... AC66: =AC$75*$AE66 -> 12232.463 | AD66: =SUM(R66:AC66) -> 127154.57 | AE66: =AE43 -> 0.002794665
... O70: VTE022 | P70: Washington Electric Cooperative, Inc. | Q70: 0 | R70: =R$75*$AE70 -> 78340.939 | S70: =S$75*$AE70 -> 72903.773 | T70: =T$75*$AE70 -> 65690.348 | U70: =U$75*$AE70 -> 60383.227 | V70: =V$75*$AE70 -> 64496.369 | W70: =W$75*$AE70 -> 71334.396 | X70: =X$75*$AE70 -> 73030.64 | Y70: =Y$75*$AE70 -> 73064.978 | ... AC70: =AC$75*$AE70 -> 80816.169 | AD70: =SUM(R70:AC70) -> 840071.64 | AE70: =AE47 -> 0.018463504
O71: TOTAL CONTRIBUTIONS BUDGET (NET of TAXES) | R71: =SUM(R55:R70) -> 4243015.8 | S71: =SUM(S55:S70) -> 3948534.1 | T71: =SUM(T55:T70) -> 3557848.4 | U71: =SUM(U55:U70) -> 3270410 | V71: =SUM(V55:V70) -> 3493181.5 | W71: =SUM(W55:W70) -> 3863535.2 | X71: =SUM(X55:X70) -> 3955405.3 | Y71: =SUM(Y55:Y70) -> 3957265 | ... AD71: =SUM(AD55:AD70) -> 45499037 | AE71: ='EEC Calculation'!B48 -> 45499037 | AF71: 2023 Budget Collections
P74: 2021 Actual Collections by Month | R74: =R49 -> 0.093255069 | S74: =S49 -> 0.086782805 | T74: =T49 -> 0.078196126 | U74: =U49 -> 0.071878664 | V74: =V49 -> 0.076774844 | W74: =W49 -> 0.084914658 | X74: =X49 -> 0.086933824 | Y74: =Y49 -> 0.086974698 | ... AC74: =AC49 -> 0.09620152 | AD74: =SUM(R74:AC74) -> 1
P75: 2023 Projected Collections by Month | R75: =$AE71*R74 -> 4243015.8 | S75: =$AE71*S74 -> 3948534.1 | T75: =$AE71*T74 -> 3557848.4 | U75: =$AE71*U74 -> 3270410 | V75: =$AE71*V74 -> 3493181.5 | W75: =$AE71*W74 -> 3863535.2 | X75: =$AE71*X74 -> 3955405.3 | Y75: =$AE71*Y74 -> 3957265 | ... AC75: =$AE71*AC74 -> 4377076.5 | AD75: =SUM(AD55:AD70) -> 45499037

Sheet Change Log
A3: Alternate Methodology
A4: Sheet | B4: Cell(s) | C4: Change | D4: Reference
A5: EEC Collections True Up | B5: C14:C16 | C5: Adjusted collections forecast based on October 2020 budget adjustment | D5: See "2020 Budget Adjustment"
A6: EEC Collections True Up | B6: I14:I16 | C6: Adjusted collections forecast based on October 2020 budget adjustment | D6: See "2020 Budget Adjustment"
A7: EEC Collections True Up | B7: D30:D32 | C7: Adjusted kWh projection based on revisions in 2021 Fixed Fee EEC Charge | D7: See Fixed Fee Charge filing April 29, 2021
A8: Fixed Fee | B8: sheet | C8: Added this sheet to calculate the 2022 Net Meter monthly fixed fees | D8: See Fixed Fee Charge filing April 29, 2021
A9: EEC Calculation | B9: C61:C63 | C9: Added adjustments to lower rates collections due to NM Fixed Fee revenue | D9: See Fixed Fee Charge filing April 29, 2021
A10: EEC Collections True Up | B10: K14:K16 | C10: Calculated the average EEC rate per kWh by sector using actual rates and projected sales
A11: EEC Collections True Up | B11: E14:E16 | C11: Utility reported 2020 sales with out the utility estimated gross consumption for NM customers
A12: EEC Calculation | B12: B37 | C12: Applied DPS Act 151 EM&V and 2020 Act 62 Wx credits to residential since that was the source of the variances

Sheet Fixed Fee
A1: 2021 Customers and Consumption as Reported to Efficiency Vermont by the DUs
A3: Electric Distribution Utility | B3: Residential | C3: Commercial Non-Demand | D3: Commercial Demand | E3: Industrial Non-Demand | F3: Industrial Demand
A4: Barton | B4: ='Util Rev and Load Data'!B70 -> 1978 | C4: ='Util Rev and Load Data'!F70 -> 187 | D4: ='Util Rev and Load Data'!J70 -> 26 | E4: ='Util Rev and Load Data'!R70 -> 0 | F4: ='Util Rev and Load Data'!U70 -> 0
A5: Enosburg Falls | B5: ='Util Rev and Load Data'!B71 -> 1570 | C5: ='Util Rev and Load Data'!F71 -> 196 | D5: ='Util Rev and Load Data'!J71 -> 24 | E5: ='Util Rev and Load Data'!R71 -> 0 | F5: ='Util Rev and Load Data'!U71 -> 0
A6: Green Mountain Power | B6: ='Util Rev and Load Data'!B72 -> 224519 | C6: ='Util Rev and Load Data'!F72 -> 36295 | D6: ='Util Rev and Load Data'!J72 -> 8822 | E6: ='Util Rev and Load Data'!R72 -> 0 | F6: ='Util Rev and Load Data'!U72 -> 70
A7: Hardwick | B7: ='Util Rev and Load Data'!B73 -> 4309 | C7: ='Util Rev and Load Data'!F73 -> 436 | D7: ='Util Rev and Load Data'!J73 -> 39 | E7: ='Util Rev and Load Data'!R73 -> 0 | F7: ='Util Rev and Load Data'!U73 -> 0
A8: Hyde Park | B8: ='Util Rev and Load Data'!B74 -> 1393 | C8: ='Util Rev and Load Data'!F74 -> 162 | D8: ='Util Rev and Load Data'!J74 -> 3 | E8: ='Util Rev and Load Data'!R74 -> 0 | F8: ='Util Rev and Load Data'!U74 -> 0 | H8: ='Util Rev and Load Data'!D42 -> 4.0060067e+08 | I8: Total DU Electric Residential Revenue (2021)
A9: Jacksonville | B9: ='Util Rev and Load Data'!B75 -> 670 | C9: ='Util Rev and Load Data'!F75 -> 54 | D9: ='Util Rev and Load Data'!J75 -> 4 | E9: ='Util Rev and Load Data'!R75 -> 0 | F9: ='Util Rev and Load Data'!U75 -> 0 | H9: =B20 -> 301441 | I9: Total DU Electric Residential Customers (2021)
A10: Johnson | B10: ='Util Rev and Load Data'!B76 -> 821 | C10: ='Util Rev and Load Data'!F76 -> 157 | D10: ='Util Rev and Load Data'!J76 -> 18 | E10: ='Util Rev and Load Data'!R76 -> 0 | F10: ='Util Rev and Load Data'!U76 -> 0 | H10: =H8/H9/12 -> 110.74601 | I10: Average Monthly DU Electric Bill
A11: Ludlow | B11: ='Util Rev and Load Data'!B77 -> 2975 | C11: ='Util Rev and Load Data'!F77 -> 581 | D11: ='Util Rev and Load Data'!J77 -> 120 | E11: ='Util Rev and Load Data'!R77 -> 0 | F11: ='Util Rev and Load Data'!U77 -> 0 | H11: 23516373 | I11: 2023 Projected EEC from Residential
A12: Lyndonville | B12: ='Util Rev and Load Data'!B78 -> 4906 | C12: ='Util Rev and Load Data'!F78 -> 938 | D12: ='Util Rev and Load Data'!J78 -> 40 | E12: ='Util Rev and Load Data'!R78 -> 0 | F12: ='Util Rev and Load Data'!U78 -> 0 | H12: =H9 -> 301441 | I12: Residential Customers
A13: Morrisville | B13: ='Util Rev and Load Data'!B79 -> 3644 | C13: ='Util Rev and Load Data'!F79 -> 571 | D13: ='Util Rev and Load Data'!J79 -> 98 | E13: ='Util Rev and Load Data'!R79 -> 0 | F13: ='Util Rev and Load Data'!U79 -> 0 | H13: =H11/H12/12 -> 6.501099 | I13: 2023 Monthly EEC
A14: Northfield | B14: ='Util Rev and Load Data'!B80 -> 1622 | C14: ='Util Rev and Load Data'!F80 -> 225 | D14: ='Util Rev and Load Data'!J80 -> 17 | E14: ='Util Rev and Load Data'!R80 -> 0 | F14: ='Util Rev and Load Data'!U80 -> 1 | H14: =H13+H10 -> 117.24711 | I14: 2023 Total Residential Electric Bill
A15: Orleans | B15: ='Util Rev and Load Data'!B81 -> 580 | C15: ='Util Rev and Load Data'!F81 -> 92 | D15: ='Util Rev and Load Data'!J81 -> 0 | E15: ='Util Rev and Load Data'!R81 -> 0 | F15: ='Util Rev and Load Data'!U81 -> 1 | H15: =H13/H14 -> 0.055447839 | I15: 2023 Residential EEC % of Total Bill
A16: Stowe | B16: ='Util Rev and Load Data'!B82 -> 3537 | C16: ='Util Rev and Load Data'!F82 -> 714 | D16: ='Util Rev and Load Data'!J82 -> 98 | E16: ='Util Rev and Load Data'!R82 -> 0 | F16: ='Util Rev and Load Data'!U82 -> 1
A17: Swanton | B17: ='Util Rev and Load Data'!B83 -> 3340 | C17: ='Util Rev and Load Data'!F83 -> 340 | D17: ='Util Rev and Load Data'!J83 -> 89 | E17: ='Util Rev and Load Data'!R83 -> 0 | F17: ='Util Rev and Load Data'!U83 -> 0
A18: Vermont Electric Coop (VEC) | B18: ='Util Rev and Load Data'!B84 -> 35371 | C18: ='Util Rev and Load Data'!F84 -> 4715 | D18: ='Util Rev and Load Data'!J84 -> 152 | E18: 1 | F18: ='Util Rev and Load Data'!U84 -> 10
A19: Washington Electric Coop (WEC) | B19: ='Util Rev and Load Data'!B85 -> 10206 | C19: ='Util Rev and Load Data'!F85 -> 658 | D19: ='Util Rev and Load Data'!J85 -> 13 | E19: ='Util Rev and Load Data'!R85 -> 0 | F19: ='Util Rev and Load Data'!U85 -> 0
A20: Total Customers Subject to EEC Charge | B20: =SUM(B4:B19) -> 301441 | C20: =SUM(C4:C19) -> 46321 | D20: =SUM(D4:D19) -> 9563 | E20: =SUM(E4:E19) -> 1 | F20: =SUM(F4:F19) -> 83
A22: Consumption and Demand Values from 22-2417-PET | I22: Costs at 2021 Rates
A23: Distribution Utility Reported 2021 kWh Consumption | B23: ='Util Rev and Load Data'!C86 -> 2163164825 | C23: ='Util Rev and Load Data'!I86 -> 436959017 | D23: ='Util Rev and Load Data'!K86 -> 1.3287612e+09 | E23: ='Util Rev and Load Data'!S86 -> 5557123 | F23: ='Util Rev and Load Data'!V86 -> 699115184
A24: Average 2021 kWh Consumption per Customer | B24: =B23/B20 -> 7176.0803 | C24: =C23/C20 -> 9433.2812 | D24: =D23/D20 -> 138948.16 | E24: =E23/E20 -> 5557123 | F24: =F23/F20 -> 8423074.5 | I24: =B24 -> 7176.0803 | J24: =C24 -> 9433.2812 | K24: =D24 -> 138948.16 | L24: =E24 -> 5557123 | M24: =F24 -> 8423074.5
A26: Distribution Utility Reported 2021 kW Demand | B26: N/A | C26: N/A | D26: ='Util Rev and Load Data'!L86 -> 4003586.9 | E26: N/A | F26: ='Util Rev and Load Data'!W86 -> 1527046.5
A27: Average 2021 kW Demand per Customer | B27: N/A | C27: N/A | D27: =D26/D20 -> 418.65387 | E27: N/A | F27: =F26/F20 -> 18398.15
A29: 2023 EEC kWh Rates (including taxes) | B29: ='EEC Rates Report'!C8 -> 0.010874646 | C29: ='EEC Rates Report'!C9 -> 0.0097371259 | D29: ='EEC Rates Report'!C13 -> 0.0062050954 | E29: ='EEC Rates Report'!C10 -> 0.0072798137 | F29: ='EEC Rates Report'!C16 -> 0.0048941202 | I29: ='EEC Rates Report'!J8 -> 0.010874646 | J29: ='EEC Rates Report'!E9 -> 0.010236808 | K29: ='EEC Rates Report'!E13 -> 0.006619772 | L29: ='EEC Rates Report'!E10 -> 0.0075702524 | M29: ='EEC Rates Report'!E16 -> 0.0052086164
A30: 2023 Average kWh Charge per Customer | B30: =B29*B24 -> 78.037336 | C30: =C29*C24 -> 91.853046 | D30: =D29*D24 -> 862.18656 | E30: =E29*E24 -> 40454.82 | F30: =F29*F24 -> 41223.539 | I30: =I29*I24 -> 78.037336 | J30: =J29*J24 -> 96.566686 | K30: =K29*K24 -> 919.80511 | L30: =L29*L24 -> 42068.823 | M30: =M29*M24 -> 43872.564
A32: 2023 EEC kW Rates (including taxes) | B32: N/A | C32: N/A | D32: ='EEC Rates Report'!C14 -> 1.1722551 | E32: N/A | F32: ='EEC Rates Report'!C17 -> 1.0922225 | I32: N/A | J32: N/A | K32: ='EEC Rates Report'!J14 -> 1.1722551 | L32: N/A | M32: ='EEC Rates Report'!J17 -> 1.0922225
A33: 2023 Average EEC kW Charges per Customer | B33: N/A | C33: N/A | D33: =D32*D27 -> 490.76912 | E33: N/A | F33: =F32*F27 -> 20094.874 | I33: N/A | J33: N/A | K33: =K32*K27 -> 0 | L33: N/A | M33: =M32*M27 -> 0
A35: Total Average Annual EEC Charge per Customer (with tax) | B35: =B30 -> 78.037336 | C35: =C30 -> 91.853046 | D35: =D30 -> 862.18656 | E35: =E30 -> 40454.82 | F35: =F30 -> 41223.539 | I35: =I30 -> 78.037336 | J35: =J30 -> 96.566686 | K35: =K30 -> 919.80511 | L35: =L30 -> 42068.823 | M35: =M30 -> 43872.564
A37: 2023 Monthly Fixed Fee EEC Charge per Net Metered Customer without a Production Meter | B37: =B35/12 -> 6.5031114 | C37: =C35/12 -> 7.6544205 | D37: =D35/12 -> 71.84888 | E37: =E35/12 -> 3371.235 | F37: =F35/12 -> 3435.2949 | I37: =I35/12 -> 6.5031114 | J37: =J35/12 -> 8.0472239 | K37: =K35/12 -> 76.650426 | L37: =L35/12 -> 3505.7353 | M37: =M35/12 -> 3656.047
A40: Net Metered Customers without a Production Meter | B40: Residential | C40: Commercial Non-Demand | D40: Commercial Demand | E40: Industrial Non-Demand | F40: Industrial Demand
A41: Barton | B41: ='Util Rev and Load Data'!B107 -> 0 | C41: ='Util Rev and Load Data'!F108 -> 0 | D41: ='Util Rev and Load Data'!J108 -> 0 | E41: ='Util Rev and Load Data'!R107 -> 0 | F41: ='Util Rev and Load Data'!U107 -> 0
A42: Enosburg Falls | B42: ='Util Rev and Load Data'!B108 -> 0 | C42: ='Util Rev and Load Data'!F109 -> 0 | D42: ='Util Rev and Load Data'!J109 -> 0 | E42: ='Util Rev and Load Data'!R108 -> 0 | F42: ='Util Rev and Load Data'!U108 -> 0
A43: Green Mountain Power | B43: 310 | C43: 49 | D43: 30 | E43: ='Util Rev and Load Data'!R109 -> 0 | F43: 1
A44: Hardwick | B44: 16 | C44: ='Util Rev and Load Data'!F111 -> 0 | D44: ='Util Rev and Load Data'!J111 -> 0 | E44: ='Util Rev and Load Data'!R110 -> 0 | F44: ='Util Rev and Load Data'!U110 -> 0
A45: Hyde Park | B45: ='Util Rev and Load Data'!B111 -> 0 | C45: ='Util Rev and Load Data'!F112 -> 0 | D45: ='Util Rev and Load Data'!J112 -> 0 | E45: ='Util Rev and Load Data'!R111 -> 0 | F45: ='Util Rev and Load Data'!U111 -> 0
A46: Jacksonville | B46: 1 | C46: ='Util Rev and Load Data'!F113 -> 0 | D46: ='Util Rev and Load Data'!J113 -> 0 | E46: ='Util Rev and Load Data'!R112 -> 0 | F46: ='Util Rev and Load Data'!U112 -> 0
A47: Johnson | B47: ='Util Rev and Load Data'!B113 -> 0 | C47: ='Util Rev and Load Data'!F114 -> 0 | D47: ='Util Rev and Load Data'!J114 -> 0 | E47: ='Util Rev and Load Data'!R113 -> 0 | F47: ='Util Rev and Load Data'!U113 -> 0
A48: Ludlow | B48: ='Util Rev and Load Data'!B114 -> 0 | C48: ='Util Rev and Load Data'!F115 -> 0 | D48: ='Util Rev and Load Data'!J115 -> 0 | E48: ='Util Rev and Load Data'!R114 -> 0 | F48: ='Util Rev and Load Data'!U114 -> 0
A49: Lyndonville | B49: 6 | C49: ='Util Rev and Load Data'!F116 -> 0 | D49: ='Util Rev and Load Data'!J116 -> 0 | E49: ='Util Rev and Load Data'!R115 -> 0 | F49: ='Util Rev and Load Data'!U115 -> 0
A50: Morrisville | B50: 8 | C50: ='Util Rev and Load Data'!F117 -> 0 | D50: ='Util Rev and Load Data'!J117 -> 0 | E50: ='Util Rev and Load Data'!R116 -> 0 | F50: ='Util Rev and Load Data'!U116 -> 0
A51: Northfield | B51: ='Util Rev and Load Data'!B117 -> 0 | C51: ='Util Rev and Load Data'!F118 -> 0 | D51: ='Util Rev and Load Data'!J118 -> 0 | E51: ='Util Rev and Load Data'!R117 -> 0 | F51: ='Util Rev and Load Data'!U117 -> 0
A52: Orleans | B52: ='Util Rev and Load Data'!B118 -> 0 | C52: ='Util Rev and Load Data'!F119 -> 0 | D52: ='Util Rev and Load Data'!J119 -> 0 | E52: ='Util Rev and Load Data'!R118 -> 0 | F52: ='Util Rev and Load Data'!U118 -> 0
A53: Stowe | B53: ='Util Rev and Load Data'!B119 -> 0 | C53: ='Util Rev and Load Data'!F120 -> 0 | D53: ='Util Rev and Load Data'!J120 -> 0 | E53: ='Util Rev and Load Data'!R119 -> 0 | F53: ='Util Rev and Load Data'!U119 -> 0
A54: Swanton | B54: ='Util Rev and Load Data'!B120 -> 0 | C54: ='Util Rev and Load Data'!F121 -> 0 | D54: ='Util Rev and Load Data'!J121 -> 0 | E54: ='Util Rev and Load Data'!R120 -> 0 | F54: ='Util Rev and Load Data'!U120 -> 0
A55: Vermont Electric Coop (VEC) | B55: 55 | C55: 7 | D55: ='Util Rev and Load Data'!J122 -> 0 | E55: ='Util Rev and Load Data'!R121 -> 0 | F55: ='Util Rev and Load Data'!U121 -> 0
A56: Washington Electric Coop (WEC) | B56: 194 | C56: 6 | D56: ='Util Rev and Load Data'!J123 -> 0 | E56: ='Util Rev and Load Data'!R122 -> 0 | F56: ='Util Rev and Load Data'!U122 -> 0
A57: Total Customers Subject to EEC Charge | B57: =SUM(B41:B56) -> 590 | C57: =SUM(C41:C56) -> 62 | D57: =SUM(D41:D56) -> 30 | E57: =SUM(E41:E56) -> 0 | F57: =SUM(F41:F56) -> 1
A59: Estimated 2022 Net Metered Fixed Fee Revenues | B59: =B57*B35 -> 46042.028 | C59: =C57*C35 -> 5694.8889 | D59: =D57*D35 -> 25865.597 | E59: =E57*E35 -> 0 | F59: =F57*F35 -> 41223.539 | G59: =SUM(B59:F59) -> 118826.05 | I59: =I35*B57 -> 46042.028 | J59: =J35*C57 -> 5987.1346 | K59: =K35*D57 -> 27594.153 | L59: =L35*E57 -> 0 | M59: =M35*F57 -> 43872.564
G60: ='EEC Calculation'!C65 -> -117620.44
A61: Final NM Fixed Fee Revenue after balance | B61: 46042.028 | C61: 5694.8889 | D61: 25865.597 | E61: 0 | F61: 41223.54 | G61: =G60+G59 -> 1205.6091
D62: =SUM(C61:D61) -> 31560.486 | F62: =SUM(E61:F61) -> 41223.54
B65: Residential | C65: Commercial Non-Demand | D65: Commercial Demand | E65: Industrial Non-Demand | F65: Industrial Demand
A66: 2022 Fixed Fee EEC Rates | B66: 6.256 | C66: 6.33 | D66: 85.53 | E66: 586.49 | F66: 1915.71
A67: Alternative 2023 Fixed Fee EEC Rates | B67: =B37 -> 6.5031114 | C67: =C37 -> 7.6544205 | D67: =D37 -> 71.84888 | E67: =E37 -> 3371.235 | F67: =F37 -> 3435.2949
A68: Change | B68: =B67-B66 -> 0.24711137 | C68: =C67-C66 -> 1.3244205 | D68: =D67-D66 -> -13.68112 | E68: =E67-E66 -> 2784.745 | F68: =F67-F66 -> 1519.5849
A69: Annual Change | B69: =B68*12 -> 2.9653364 | C69: =C68*12 -> 15.893046 | D69: =D68*12 -> -164.17344 | E69: =E68*12 -> 33416.94 | F69: =F68*12 -> 18235.019
A70: % Change | B70: =B68/B66 -> 0.039499899 | C70: =C68/C66 -> 0.20922915 | D70: =D68/D66 -> -0.15995697 | E70: =E68/E66 -> 4.7481543 | F70: =F68/F66 -> 0.79322285
A71: Customers | B71: =B57 -> 590 | C71: =C57 -> 62 | D71: =D57 -> 30 | E71: =E57 -> 0 | F71: =F57 -> 1
A72: Customer Collections | B72: =B71*B69 -> 1749.5485 | C72: =C71*C69 -> 985.36888 | D72: =D71*D69 -> -4925.2031 | E72: =E71*E69 -> 0 | F72: =F71*F69 -> 18235.019 | G72: =SUM(B72:F72) -> 16044.734
G73: =G72/'EEC Rates Report'!I82 -> 0.0003490611
B76: Residential | C76: Commercial Non-Demand | D76: Commercial Demand | E76: Industrial Non-Demand | F76: Industrial Demand
A77: 2022 Fixed Fee EEC Rates | B77: 6.256 | C77: 6.33 | D77: 85.53 | E77: 586.49 | F77: 1915.71
A78: 5.300 2023 Fixed Fee EEC Rates | B78: 6.38 | C78: 7.5 | D78: 70.41 | E78: 3303.9 | F78: 3366.68
A79: Change | B79: =B78-B77 -> 0.124 | C79: =C78-C77 -> 1.17 | D79: =D78-D77 -> -15.12 | E79: =E78-E77 -> 2717.41 | F79: =F78-F77 -> 1450.97
A80: Annual Change | B80: =B79*12 -> 1.488 | C80: =C79*12 -> 14.04 | D80: =D79*12 -> -181.44 | E80: =E79*12 -> 32608.92 | F80: =F79*12 -> 17411.64
A81: % Change | B81: =B79/B77 -> 0.019820972 | C81: =C79/C77 -> 0.18483412 | D81: =D79/D77 -> -0.17678008 | E81: =E79/E77 -> 4.6333441 | F81: =F79/F77 -> 0.75740587
A82: Customers | B82: =B57 -> 590 | C82: =C57 -> 62 | D82: =D57 -> 30 | E82: =E57 -> 0 | F82: =F57 -> 1
A83: Customer Collections | B83: =B82*B80 -> 877.92 | C83: =C82*C80 -> 870.48 | D83: =D82*D80 -> -5443.2 | E83: =E82*E80 -> 0 | F83: =F82*F80 -> 17411.64 | G83: =SUM(B83:F83) -> 13716.84
G84: =G83/'EEC Rates Report'!I82 -> 0.00029841662

Sheet EEC Rates Report
A1: EFFICIENCY VERMONT
A2: Calculation of EEC Rates for 2023
I3: EEC Calculation Sheet Options Explored
C4: 2023 EVT EEC | E4: 2022 EEC | I4: 5.3 | J4: Alt 1
A5: Rate Classifications | C5: 5.300 Methodology | E5: PUC | I5: Method | J5: Adj. to 2024
C6: Rates | D6: Unit | E6: Rates | F6: % chg
A7: Customers Without Demand Charges | G7: Credit Deferral Rate | H7: 0.5
A8: Residential | B8: kWh | C8: ='EEC Calculation'!D95 -> 0.010874646 | D8: $/kWh | E8: 0.010930598 | F8: =(C8-E8)/E8 -> -0.0051188309 | I8: 0.010665359 | J8: 0.010874646
A9: Commercial | B9: kWh | C9: ='EEC Calculation'!D96 -> 0.0097371259 | D9: $/kWh | E9: 0.010236808 | F9: =(+C9-E9)/E9 -> -0.048812278 | I9: 0.0095426354 | J9: 0.0097371259
A10: Industrial | B10: kWh | C10: ='EEC Calculation'!D97 -> 0.0072798137 | D10: $/kWh | E10: 0.0075702524 | F10: =(+C10-E10)/E10 -> -0.038365777 | I10: 0.0071344059 | J10: 0.0072798137
A12: Customers With Demand Charges
A13: Commercial | B13: kWh | C13: ='EEC Calculation'!E113 -> 0.0062050954 | D13: $/kWh | E13: 0.006619772 | F13: =(+C13-E13)/E13 -> -0.062642122 | I13: 0.0060811541 | J13: 0.0062050954
B14: kW | C14: ='EEC Calculation'!E116 -> 1.1722551 | D14: $/kW | E14: 1.13825 | F14: =(+C14-E14)/E14 -> 0.029874886 | I14: 1.1488403 | J14: 1.1722551
A16: Industrial | B16: kWh | C16: ='EEC Calculation'!E130 -> 0.0048941202 | D16: $/kWh | E16: 0.0052086164 | F16: =(+C16-E16)/E16 -> -0.060379977 | I16: 0.0047963645 | J16: 0.0048941202
B17: kW | C17: ='EEC Calculation'!E133 -> 1.0922225 | D17: $/kW | E17: 1.21316 | F17: =(+C17-E17)/E17 -> -0.099687985 | I17: 1.0704063 | J17: 1.0922225
A19: Unmetered Street and Security Lights | C19: =+C9 -> 0.0097371259 | D19: $/kWh | E19: 0.010236808 | F19: =(+C19-E19)/E19 -> -0.048812278 | I19: 0.0095426354 | J19: 0.0097371259
A21: Monthly Fixed Fees for Net Metered Customers without Production Meters
A22: Residential | C22: ='Fixed Fee'!$B$37 -> 6.5031114 | D22: $/month | E22: 6.256 | F22: =(+C22-E22)/E22 -> 0.039499899 | I22: 6.3779559 | J22: 6.5031114
A23: Commercial without demand | C23: ='Fixed Fee'!$C$37 -> 7.6544205 | D23: $/month | E23: 6.33 | F23: =(+C23-E23)/E23 -> 0.20922915 | I23: 7.5015303 | J23: 7.6544205
A24: Commercial with demand | C24: ='Fixed Fee'!$D$37 -> 71.84888 | D24: $/month | E24: 85.53 | F24: =(+C24-E24)/E24 -> -0.15995697 | I24: 70.413763 | J24: 71.84888
A25: Industrial without demand | C25: ='Fixed Fee'!$E$37 -> 3371.235 | D25: $/month | E25: 586.49 | F25: =(+C25-E25)/E25 -> 4.7481543 | I25: 3303.8976 | J25: 3371.235
A26: Industrial with demand | C26: ='Fixed Fee'!$F$37 -> 3435.2949 | D26: $/month | E26: 1915.71 | F26: =(+C26-E26)/E26 -> 0.79322285 | I26: 3366.678 | J26: 3435.2949
A28: Total EEC to be Billed | C28: =+'EEC Calculation'!B50 -> 45965402 | E28: 47153132 | F28: =(+C28-E28)/E28 -> -0.02518878
A31: 2022 EEC Rate Comparison | D31: 5.300 Methodology All Credits Included
A32: Rate Classifications | B32: 2021 Actual and 2023 Projected Retail Sales | C32: 2022 per unit EEC Rates | D32: 2023 per unit EEC Rates | E32: % Change 2022 to 2023 | G32: Rate Classifications | I32: Method 5.300 | J32: Alt 1 All Adj. to 2024 | K32: Alt 2 All Adj. to 2024 and Hold Res Flat
G33: Adjustments | I33: =1-J33 -> 0.5 | J33: =H7 -> 0.5 | K33: =J33 -> 0.5
A34: Customers Without Demand Charges | G34: Customers Without Demand Charges
A36: Residential | B36: ='EEC Calculation'!C78 -> 2163164825 | C36: =E8 -> 0.010930598 | D36: =C8 -> 0.010874646 | E36: =D36/C36-1 -> -0.0051188309 | G36: Residential | I36: =$B36*I8 -> 23070929 | J36: =$B36*J8 -> 23523653 | K36: =$B36*K8 -> 0
A37: Commercial | B37: ='EEC Calculation'!C81 -> 424798161 | C37: =E9 -> 0.010236808 | D37: =C9 -> 0.0097371259 | E37: =D37/C37-1 -> -0.048812278 | G37: Commercial | I37: =$B37*I9 -> 4053694 | J37: =$B37*J9 -> 4136313.2 | K37: =$B37*K9 -> 0
A38: Industrial | B38: ='EEC Calculation'!C87 -> 5557123 | C38: =E10 -> 0.0075702524 | D38: =C10 -> 0.0072798137 | E38: =D38/C38-1 -> -0.038365777 | G38: Industrial | I38: =$B38*I10 -> 39646.771 | J38: =$B38*J10 -> 40454.82 | K38: =$B38*K10 -> 0
A40: Customers With Demand Charges | G40: Customers With Demand Charges
A41: Commercial | G41: Commercial
A42: kWh | B42: ='EEC Calculation'!C82 -> 1.3287612e+09 | C42: =E13 -> 0.006619772 | D42: =C13 -> 0.0062050954 | E42: =D42/C42-1 -> -0.062642122 | G42: kWh | I42: =$B42*I13 -> 8080401.7 | J42: =$B42*J13 -> 8245090.1 | K42: =$B42*K13 -> 0
A43: kW | B43: ='EEC Calculation'!B116 -> 4003586.9 | C43: =E14 -> 1.13825 | D43: =C14 -> 1.1722551 | E43: =D43/C43-1 -> 0.029874886 | G43: kW | I43: =$B43*I14 -> 4599482.1 | J43: =$B43*J14 -> 4693225.1 | K43: =$B43*K14 -> 0
A44: Industrial | G44: Industrial
A45: kWh | B45: ='EEC Calculation'!C88 -> 699115184 | C45: =E16 -> 0.0052086164 | D45: =C16 -> 0.0048941202 | E45: =D45/C45-1 -> -0.060379977 | G45: kWh | I45: =$B45*I16 -> 3353211.3 | J45: =$B45*J16 -> 3421553.8 | K45: =$B45*K16 -> 0
A46: kW | B46: ='EEC Calculation'!B133 -> 1527046.5 | C46: =E17 -> 1.21316 | D46: =C17 -> 1.0922225 | E46: =D46/C46-1 -> -0.099687985 | G46: kW | I46: =$B46*I17 -> 1634560.2 | J46: =$B46*J17 -> 1667874.6 | K46: =$B46*K17 -> 0
A48: Customers with Unmetered Street and Security Lights | G48: Customers with Unmetered Street and Security Lights
B49: ='EEC Calculation'!C83 -> 12160856 | C49: =E19 -> 0.010236808 | D49: =C19 -> 0.0097371259 | E49: =D49/C49-1 -> -0.048812278 | I49: =$B49*I19 -> 116046.62 | J49: =$B49*J19 -> 118411.79 | K49: =$B49*K19 -> 0
A51: Monthly Fixed Fees for Net Metered Customers without Production Meters | F51: Customers | G51: Fixed Fees for Net Metered Customers without Production Meters
A52: Residential | B52: ='Fixed Fee'!B24 -> 7176.0803 | C52: =E22 -> 6.256 | D52: =C22 -> 6.5031114 | E52: =D52/C52-1 -> 0.039499899 | F52: ='Fixed Fee'!B57 -> 590 | G52: Residential | I52: ='Fixed Fee'!$B57*'EEC Rates Report'!I22*12 -> 45155.928 | J52: ='Fixed Fee'!B57*'EEC Rates Report'!J22*12 -> 46042.028 | K52: =$F52*K22*12 -> 0
A53: Commercial without demand | B53: ='Fixed Fee'!C24 -> 9433.2812 | C53: =E23 -> 6.33 | D53: =C23 -> 7.6544205 | E53: =D53/C53-1 -> 0.20922915 | F53: ='Fixed Fee'!C57 -> 62 | G53: Commercial without demand | I53: ='Fixed Fee'!$C57*'EEC Rates Report'!I23*12 -> 5581.1385 | J53: ='Fixed Fee'!C57*'EEC Rates Report'!J23*12 -> 5694.8889 | K53: =$F53*K23*12 -> 0
A54: Commercial with demand | B54: ='Fixed Fee'!D24 -> 138948.16 | C54: =E24 -> 85.53 | D54: =C24 -> 71.84888 | E54: =D54/C54-1 -> -0.15995697 | F54: ='Fixed Fee'!D57 -> 30 | G54: Commercial with demand | I54: ='Fixed Fee'!$D57*'EEC Rates Report'!I24*12 -> 25348.955 | J54: ='Fixed Fee'!D57*'EEC Rates Report'!J24*12 -> 25865.597 | K54: =$F54*K24*12 -> 0
A55: Industrial without demand | B55: ='Fixed Fee'!E24 -> 5557123 | C55: =E25 -> 586.49 | D55: =C25 -> 3371.235 | E55: =D55/C55-1 -> 4.7481543 | F55: ='Fixed Fee'!E57 -> 0 | G55: Industrial without demand | I55: ='Fixed Fee'!$E57*'EEC Rates Report'!I25*12 -> 0 | J55: ='Fixed Fee'!E57*'EEC Rates Report'!J25*12 -> 0 | K55: =$F55*K25*12 -> 0
A56: Industrial with demand | B56: ='Fixed Fee'!F24 -> 8423074.5 | C56: =E26 -> 1915.71 | D56: =C26 -> 3435.2949 | E56: =D56/C56-1 -> 0.79322285 | F56: ='Fixed Fee'!F57 -> 1 | G56: Industrial with demand | I56: ='Fixed Fee'!$F57*'EEC Rates Report'!I26*12 -> 40400.136 | J56: ='Fixed Fee'!F57*'EEC Rates Report'!J26*12 -> 41223.539 | K56: =$F56*K26*12 -> 0
I58: =SUM(I35:I57) -> 45064458 | J58: =SUM(J35:J57) -> 45965402 | K58: =SUM(K35:K57) -> 0
B59: 2021 EEC kWh Basis | C59: 2022 v 2021
A60: Residential | B60: 2.0728363e+09 | C60: =B36/B60 -> 1.0435773 | G60: Adjusted Budget with Tax | I60: 45064458 | J60: 45965402 | K60: =J60 -> 45965402
A61: Commercial | B61: 1.6888803e+09 | C61: =SUM(B37,B42,B49)/B61 -> 1.0454976 | G61: Over/Under | I61: =I58-I60 -> -0.0010238439 | J61: =J58-J60 -> -0.00044128299 | K61: =K58-K60 -> -45965402
A62: Industrial | B62: 6.8843989e+08 | C62: =SUM(B38,B45)/B62 -> 1.0235785 | K62: =K61-J61 -> -45965402
I64: 5.300 Rates | J64: 100% Adj to 2024 | K64: 100% Adj to 2024-Res Flat
G65: Projected 2023 Revenue | I65: =I58 -> 45064458 | J65: =J58 -> 45965402 | K65: =K58 -> 0
G66: Budget (adjusted) | I66: =I60 -> 45064458 | J66: =J60 -> 45965402 | K66: =K60 -> 45965402
G67: Over / (Under) | I67: =I65-I66 -> -0.0010238439 | J67: =J65-J66 -> -0.00044128299 | K67: =K65-K66 -> -45965402
G68: % Over / (Under) | I68: =I67/I66 -> -2.2719543e-11 | J68: =J67/J66 -> -9.6003291e-12 | K68: =K67/K66 -> -1
G70: without Tax | H70: Rule 5.300 | I70: Alternative Method 50% Adj to 2024
G71: Customer Sector | H71: Revenue Target | I71: Revenue | J71: Over/ (Under) Targets
G72: Residential | H72: =(I36+I52)/1.01025 -> 22881549 | I72: =(J36+J52)/1.01025 -> 23330557 | J72: =I72-H72 -> 449007.64 | K72: =H72/H$75 -> 0.51295602 | L72: =I72/I$75 -> 0.51277034 | M72: 0.5125918
G73: Commercial | H73: =SUM(I37,I42,I43,I49,I53,I54)/1.01025 -> 16709284 | I73: =SUM(J37,J42,J43,J49,J53,J54)/1.01025 -> 17049840 | J73: =I73-H73 -> 340555.45 | K73: =H73/H$75 -> 0.37458688 | L73: =I73/I$75 -> 0.37472969 | M73: 0.374867
G74: Industrial | H74: =(I38+I45+I46+I55+I56)/1.01025 -> 5016400.3 | I74: =SUM(J38,J45,J46,J55,J56)/1.01025 -> 5118640.6 | J74: =I74-H74 -> 102240.31 | K74: =H74/H$75 -> 0.1124571 | L74: =I74/I$75 -> 0.11249998 | M74: 0.1125412
G75: Total (Net of Taxes) | H75: =SUM(H72:H74) -> 44607234 | I75: =SUM(I72:I74) -> 45499037 | J75: =SUM(J72:J74) -> 891803.4
G77: with Tax | H77: Rule 5.300 | I77: Alternative Method 50% Adj to 2024
G78: Customer Sector | H78: Revenue Target | I78: Revenue | J78: Over/ (Under) Targets
G79: Residential | H79: =I36+I52 -> 23116085 | I79: =J36+J52 -> 23569695 | J79: =I79-H79 -> 453609.96
G80: Commercial | H80: =I37+I42+I43+I49+I53+I54 -> 16880555 | I80: =SUM(J37,J42,J43,J49)+J53+J54 -> 17224601 | J80: =I80-H80 -> 344046.14
G81: Industrial | H81: =I38+I45+I46+I55+I56 -> 5067818.4 | I81: =(J38+J45+J46)+J55+J56 -> 5171106.7 | J81: =I81-H81 -> 103288.28
G82: Total (with Taxes) | H82: =SUM(H79:H81) -> 45064458 | I82: =SUM(I79:I81) -> 45965402 | J82: =SUM(J79:J81) -> 900944.38
G84: check w/Tax | H84: =H82-I65 -> 0 | I84: =I82-J65 -> 0
G85: check w/o Tax | H85: =H75-I65/1.01025 -> 0 | I85: =I75-J65/1.01025 -> 0
G87: Customer Sector | H87: 2021 DU Rev % | I87: 5.300 Calc | J87: 100% Adj. to 2024
G88: Residential | H88: ='EEC Calculation'!H61 -> 0.5125918 | I88: =H79/H$82 -> 0.51295602 | J88: =I79/I$82 -> 0.51277034
G89: Commercial | H89: ='EEC Calculation'!H62 -> 0.374867 | I89: =H80/H$82 -> 0.37458688 | J89: =I80/I$82 -> 0.37472969
G90: Industrial | H90: ='EEC Calculation'!H63 -> 0.1125412 | I90: =H81/H$82 -> 0.1124571 | J90: =I81/I$82 -> 0.11249998

Sheet EEC Calculation
A1: EFFICIENCY VERMONT
A2: EEC Rates for the Calendar Year 2023
J3: Operations Fee Rates | K3: 0.0135 | L3: 0.01 | M3: 0.0075
J4: Performance Award Rates | K4: 0.0365 | L4: 0.04 | M4: 0.0425
J5: Efficiency Vermont Electric Budgets
B6: EEC to be Collected | K6: 2021 | L6: 2022 | M6: 2023 | N6: 2021-2023
A7: Amounts To Be Billed for Efficiency Vermont | J7: Electric Resource Acquisition | K7: 38528590 | L7: 38528590 | M7: 38528590 | N7: =SUM(K7:M7) -> 115585771
B8: 2023 | J8: Energy Savings Account | K8: 2000000 | L8: 2000000 | M8: 2000000 | N8: =SUM(K8:M8) -> 6000000
A9: Commission Approved Budget | B9: =M21 -> 46453902 | J9: Development & Support Services | K9: 2979409.4 | L9: 3108703.1 | M9: 3157113.7 | N9: =SUM(K9:M9) -> 9245226.2
J10: Operations Fees | K10: =(K7+K9)*$K3 -> 560358 | L10: =(L7+L9)*$L3 -> 416372.93 | M10: =(M7+M9)*$M3 -> 312642.78 | N10: =SUM(K10:M10) -> 1289373.7
A11: Prior Period Collection Adjustments | J11: Performance Award | K11: =SUM(K7,K9)*$K4 -> 1515042 | L11: =SUM(L7,L9)*$L4 -> 1665491.7 | M11: =SUM(M7,M9)*$M4 -> 1771642.4 | N11: =SUM(K11:M11) -> 4952176.1
A12: Over collections are shown in brackets (over) and are subtracted from the amounts to be collected in rate year | J12: Total to Efficiency Vermont | K12: =SUM(K7:K11) -> 45583400 | L12: =SUM(L7:L11) -> 45719158 | M12: =SUM(M7:M11) -> 45769989 | N12: =SUM(N7:N11) -> 1.3707255e+08
A13: Under collections are shown without brackets and are added to the amounts to be collected in rate year
J14: PSD Evaluation | K14: 1103248 | L14: 1018531 | M14: 605203 | N14: =SUM(K14:M14) -> 2726982
A15: (1) Uncollectibles and Budget Credits | J15: EEU Advertising | K15: 6000 | L15: 6120 | M15: 6242.4 | N15: =SUM(K15:M15) -> 18362.4
A16: Prior Rate Year True-up Actuals | B16: =-'EEC Uncollectibles'!E25 -> -131221.91 | J16: Fiscal Agent Cost | K16: 21500 | L16: 21930 | M16: 22368.6 | N16: =SUM(K16:M16) -> 65798.6
A17: Current Rate Year True-up Estimate | B17: =-'EEC Uncollectibles'!F25 -> 68160.521 | F17: Use Budget Credits=1, not=0 | J17: EEU Fund Audit | K17: 22638.908 | L17: 23091.686 | M17: 23553.52 | N17: =SUM(K17:M17) -> 69284.115
A18: Other | B18: =IF(F18=1,'2023 Rate Factors'!B18+'2023 Rate Factors'!B19+'2023 Rate Factors'!B21+'2023 Rate Factors'!B22,0) -> 0 | F18: 0 | J18: Triennial Audit | K18: 25514.28 | L18: 26024.566 | M18: 26545.057 | N18: =SUM(K18:M18) -> 78083.903
A19: Sub Total-Amount To Be Allocated to Rate Class | B19: =B9+SUM(B16:B18) -> 46390840 | J19: Total Other | K19: =SUM(K14:K18) -> 1178901.2 | L19: =SUM(L14:L18) -> 1095697.3 | M19: =SUM(M14:M18) -> 683912.58 | N19: =SUM(N14:N18) -> 2958511
A21: (2) Prior Year Collections True Up (Over) Under Collections Actuals (from Column J of "EEC Collection True-Up") | J21: Total Budget for EEC Calculation | K21: =K19+K12 -> 46762301 | L21: =L19+L12 -> 46814855 | M21: =M19+M12 -> 46453902 | N21: =N19+N12 -> 1.4003106e+08
A22: Prior Year True-up | B22: =-'EEC Collection True-Up'!J17*F23 -> -199052.4 | F22: % of Prior Year Collections to Apply
A23: Residential | B23: =B$22*H61 -> -102032.63 | D23: =B23+B30 -> -220372.81 | F23: =1-'EEC Rates Report'!J$33 -> 0.5
A24: Commercial | B24: =B$22*H62 -> -74618.178 | D24: =B24+B31 -> -161162.34
A25: Industrial | B25: =B$22*H63 -> -22401.597 | D25: =B25+B32 -> -48383.569
A26: Total Prior Year Collections True-Up | B26: =SUM(B23:B25) -> -199052.4 | D26: =D25+D23 -> -268756.37
A28: (3) Current Year Collections True-Up (Over) Under Collections Estimate (from Column J of "EEC Collection True-Up")
A29: Current Year True-up Estimate | B29: =-'EEC Collection True-Up'!J33*F30 -> -230866.31 | F29: % of Current Year Collections to Apply
A30: Residential | B30: =B$29*H61 -> -118340.18 | D30: =B23+B30+B37+B43 -> -449007.63 | E30: =-D30 -> 449007.63 | F30: =1-'EEC Rates Report'!J$33 -> 0.5
A31: Commercial | B31: =B$29*H62 -> -86544.161 | D31: =B24+B31+B38+B44 -> -340555.45 | E31: =-D31 -> 340555.45
A32: Industrial | B32: =B$29*H63 -> -25981.972 | D32: =B25+B32+B39+B45 -> -102240.31 | E32: =-D32 -> 102240.31
A33: Total Current Year Collections True-Up | B33: =SUM(B30:B32) -> -230866.31 | D33: =SUM(D30:D32) -> -891803.4 | E33: to 2023
D34: =D33*1.01025 -> -900944.38
A35: (4) Budget Credit (Uncommitted Funds and Accrued Interest)
A36: Other Adjustments (see 2023 rate Factors cell B23) | B36: =('2023 Rate Factors'!B23-'2023 Rate Factors'!B20)*F37 -> -478551.35 | F36: % of Budget Adjustments to Apply
A37: Residential | B37: =B$36*H61 -> -245301.5 | D37: -1783606.8 | F37: =1-'EEC Rates Report'!J$33 -> 0.5
A38: Commercial | B38: =B$36*H62 -> -179393.11 | D38: =D37-D33 -> -891803.4 | E38: to 2024
A39: Industrial | B39: =B$36*H63 -> -53856.744
A40: Total Other Adjustments | B40: =SUM(B37:B39) -> -478551.35
A42: (4) Other: Adjustments Act 151 EM&V | B42: ='2023 Rate Factors'!B20*F43 -> 16666.667 | F42: % of Other Adjustments to Apply
A43: Residential | B43: =B42*1 -> 16666.667 | F43: =1-'EEC Rates Report'!J$33 -> 0.5
A44: Commercial | B44: =B42*0 -> 0
A45: Industrial | B45: =B42*0 -> 0
A46: Total Other Adjustments | B46: =SUM(B43:B45) -> 16666.667
A48: Initial EEC to be Billed to Rate Class | B48: =+B33+B26+B19+B40+B46 -> 45499037
A49: Gross Revenue & Weather Tax | B49: =B48*0.01025 -> 466365.13
A50: Total 2019 EEC to be Billed By Utilities in Efficiency Vermont | B50: =SUM(B48:B49) -> 45965402
B52: =B50-B46 -> 45948735
A53: NM % | B53: ='Projected NM Rev '!D10/'EEC Calculation'!B52 -> 0.026046012
I55: Excludes Non EEU Sales:
I56: Non EEU Sales are Exclusions
B57: Efficiency Vermont Amount To Be Billed To Each Rate Class without Tax | I57: permitted by statute or PUC Order.
A58: Revenue Based EEC Allocation | B58: EEC To Be | C58: 2023 | D58: 2021 | E58: 2022 | F58: Other | G58: EEC To Be | H58: Adjusted
B59: Billed | C59: Fixed NM | D59: Over/Under | E59: Over/Under | F59: Uncommitted | G59: Billed | H59: % of | J59: Alternative Sector Split Option | K59: Alternative 1: Method 5.300
A60: Percent of EEC Related Rate Revenues | B60: By Rate Class | C60: Monthly Fees | D60: Collection | E60: Collection | F60: & Credits | G60: By Rate Class | H60: Total | J60: 1 | K60: 2021 Retail $ | L60: %
A61: Residential | B61: =SUM(C61:G61) -> 23284982 | C61: =-'Fixed Fee'!B61/1.01025 -> -45574.886 | D61: =B23 -> -102032.63 | E61: =B30 -> -118340.18 | F61: =B37+B43 -> -228634.83 | G61: =$B$19*H61 -> 23779564 | H61: =IF(J$60=1,L61,IF(J$60=2,N61,IF(J$60=3,P61,IF(J$60=4,R61,)))) -> 0.5125918 | J61: Residential | K61: ='Util Rev and Load Data'!D42 -> 4.0060067e+08 | L61: =K61/SUM(K$61:K$63) -> 0.5125918
A62: Commercial (includes Pub Street and Other) | B62: =SUM(C62:G62) -> 17018600 | C62: =-'Fixed Fee'!D62/1.01025 -> -31240.273 | D62: =B24 -> -74618.178 | E62: =B31 -> -86544.161 | F62: =B38+B44 -> -179393.11 | G62: =$B$19*H62 -> 17390395 | H62: =IF(J$60=1,L62,IF(J$60=2,N62,IF(J$60=3,P62,IF(J$60=4,R62,)))) -> 0.374867 | J62: Commercial | K62: ='Util Rev and Load Data'!P42 -> 2.9296601e+08 | L62: =K62/SUM(K$61:K$63) -> 0.374867
A63: Industrial | B63: =SUM(C63:G63) -> 5077835.3 | C63: =-'Fixed Fee'!F62/1.01025 -> -40805.286 | D63: =B25 -> -22401.597 | E63: =B32 -> -25981.972 | F63: =B39+B45 -> -53856.744 | G63: =$B$19*H63 -> 5220880.9 | H63: =IF(J$60=1,L63,IF(J$60=2,N63,IF(J$60=3,P63,IF(J$60=4,R63,)))) -> 0.1125412 | J63: Industrial | K63: =+'Util Rev and Load Data'!AA42 -> 87953184 | L63: =K63/SUM(K$61:K$63) -> 0.1125412
A64: Sub Total Com and Industrial | B64: =SUM(D64:G64) -> 22168480 | C64: =SUM(C61:C63) -> -117620.44 | D64: =+D63+D62 -> -97019.775 | E64: =+E63+E62 -> -112526.13 | F64: =+F63+F62 -> -233249.85 | G64: =+G63+G62 -> 22611276 | H64: =SUM(H62:H63) -> 0.4874082 | K64: =SUM(K61:K63) -> 7.8151986e+08
A65: EEU Charge To Be Billed w/o Tax | B65: =SUM(D65:G65) -> 45499037 | C65: =C64 -> -117620.44 | D65: =SUM(D61:D63) -> -199052.4 | E65: =SUM(E61:E63) -> -230866.31 | F65: =SUM(F61:F63) -> -461884.68 | G65: =SUM(G61:G63) -> 46390840 | H65: =SUM(H61:H63) -> 1
A66: EEU Charge To Be Billed w/o Tax w/o NM Fixed Fee | B66: =SUM(B61:B63) -> 45381417 | C66: Source: EEC Summary Template
C67: (see Util Rev and Load Data worksheet)
A71: Volumetric Rate Development for energy (kWh) and demand/capacity (kW)
A73: Rate (Customer) Class kWh Sales | C73: 2023 | D73: EEC To Be | E73: RATE
A74: Source: EEC Template submitted by each utility | C74: kWh | D74: Billed | E74: per kWh
B75: % of Total kWh | C75: Basis | D75: By Rate Class | E75: w/o Tax
A76: Residential
A77: Residential | C77: ='Util Rev and Load Data'!C86 -> 2163164825
A78: Total Residential | B78: =C78/C91 -> 0.46684753 | C78: =SUM(C77:C77) -> 2163164825 | D78: =B61 -> 23284982 | E78: =D78/C78 -> 0.010764312
A80: Commercial
A81: Commercial Non-Demand | C81: ='Util Rev and Load Data'!G86 -> 424798161
A82: Commercial Demand | C82: ='Util Rev and Load Data'!K86 -> 1.3287612e+09
A83: Street and Security Lights | C83: ='Util Rev and Load Data'!H86 -> 12160856
A84: Total Commercial | B84: =C84/C91 -> 0.38107227 | C84: =SUM(C81:C83) -> 1.7657202e+09 | D84: =B62 -> 17018600 | E84: =D84/C84 -> 0.009638333
A86: Industrial
